Workbook
Name Afectación_Económica: #REF!
Name Afectación_Económica: #REF!
Name Definicion_tratamiento: #REF!
Name Definicion_tratamiento: #REF!
Name Ejecución_administración_de_procesos: #REF!
Name Fiscal_A: #REF!
Name Fiscal_A: #REF!
Name Fiscal_B: #REF!
Name Fiscal_B: #REF!
Name Gestiòn: #REF!
Name Gestiòn: #REF!
Name Gestión_A: #REF!
Name Gestión_A: #REF!
Name Gestión_B: #REF!
Name Gestión_B: #REF!
Name IMPACTO_PROCESOS: #REF!
Name IMPACTO_PROCESOS: #REF!
Name IMPACTO_PROCESOS: #REF!
Name IMPACTO_PROCESOS: #REF!
Name IntegridadPública_Corrupción: #REF!
Name IntegridadPública_Corrupción: #REF!
Name IntegridadPública_LA_FT_FP: #REF!
Name IntegridadPública_LA_FT_FP: #REF!
Name opciones: #REF!
Name opciones: #REF!
Name opciones: #REF!
Name opciones: #REF!
Name opciones2: #REF!
Name opciones2: #REF!
Name opciones2: #REF!
Name opciones2: #REF!
Name Plan_accion: #REF!
Name Plan_accion: #REF!
Name Plan_acción: #REF!
Name Plan_acción: #REF!
Name Plan_de_acción: #REF!
Name Plan_de_acción: #REF!
Name Posibilidad__de_efecto_dañoso_sobre_el_interes_patrimonial: #REF!
Name Posibilidad__de_efecto_dañoso_sobre_el_interes_patrimonial: #REF!
Name Posibilidad_de_pérdida_Económica: #REF!
Name Posibilidad_de_pérdida_Económica: #REF!
Name Proceso: #REF!
Name Quince_Cero: #REF!
Name Quince_Cero: #REF!
Name Quince_Cero: #REF!
Name Quince_Cero: #REF!
Name Rango_Calificacion_Ejecucion: #REF!
Name Rango_Calificacion_Ejecucion: #REF!
Name Rango_Calificacion_Ejecucion: #REF!
Name Rango_Calificacion_Ejecucion: #REF!
Name Reducir_mitigar_Transferir_Evitar: #REF!
Name Reducir_mitigar_Transferir_Evitar: #REF!
Name Reputacional: #REF!
Name Reputacional: #REF!
Name Requiere_Plan_de_Acción: #REF!
Name Requiere_Plan_de_Acción: #REF!
Name Seg.Información: #REF!
Name Seg.Información: #REF!
Name TIPO: #REF!
Name TIPO: #REF!

Sheet 4. PEFIL RIESGO DEL PROCESO
A2: PERFIL DE RIESGO DEL PROCESO
A4: PROCESO: | B4: ='2. MATRIZ DE RIESGOS'!D6 -> Gestión Social
A5: RIESGO INHERENTE Y RESIDUAL DEL PROCESO
A7: Explicaciones Para realizar la ponderación de Riesgos. 1. Si en la sumatoria de los riesgos los Extremos representan mas o igual al 20% de los Riesgos, la calificación del Proceso será EXTREMO.
A8: 2. Si en la sumatoria de los riesgos Extermos y altos representan mas o igual al 30% de los Riesgos Calificados, y menos del 20% de los Riesgos Extremos la calificación del Proceso será ALTO.
A9: 3. Si en la sumatoria de los riesgos Extremos, altos y moderados representan mas o igual al 40% de los Riesgos Calificados, y menos del 30% de los Riesgos Extremos y Altos, y Menos del 20% de los Riesgos Extremos, la calificación del Proceso será MODERADO.
A10: 4. Si en la sumatoria de los riesgos Extremos, altos, moderados y bajos representan mas o igual al 50% de los Riesgos Calificados, y menos del 40% de los riesgos Extremos, altos y moderados, y menos del 30% de los riesgos calificados en Extremos y Altos, y menos del 20% de los riesgos Extremos, la calificación del proceso sera BAJO. Nota: Adapatado de Instituto de Auditores Internos COSO ERM Agosto 2014
B12: RIESGO INHERENTE DEL PROCESO | D12: RIESGO RESIDUAL DEL PROCESO | G12: NIVELES DE RIESGO
A13: Sumatoria de riesgos Extremos | B13: =+COUNTIF('MAPA CALOR INHERENTE'!$E$6:$E$26,'4. PEFIL RIESGO DEL PROCESO'!G13) -> 1 | C13: =+B13/$B$17 -> 0.066666667 | D13: =+COUNTIF('MAPA CALOR RESIDUAL'!$G$7:$G$26,'4. PEFIL RIESGO DEL PROCESO'!G13) -> 0 | E13: =+D13/$D$17 -> 0 | G13: Extremo
A14: Sumatoria de riesgos altos | B14: =+COUNTIF('MAPA CALOR INHERENTE'!$E$6:$E$26,'4. PEFIL RIESGO DEL PROCESO'!G14) -> 7 | C14: =+B14/$B$17 -> 0.46666667 | D14: =+COUNTIF('MAPA CALOR RESIDUAL'!$G$7:$G$26,'4. PEFIL RIESGO DEL PROCESO'!G14) -> 0 | E14: =+D14/$D$17 -> 0 | G14: Alto
A15: Sumatoria de riesgos moderados | B15: =+COUNTIF('MAPA CALOR INHERENTE'!$E$6:$E$26,'4. PEFIL RIESGO DEL PROCESO'!G15) -> 7 | C15: =+B15/$B$17 -> 0.46666667 | D15: =+COUNTIF('MAPA CALOR RESIDUAL'!$G$7:$G$26,'4. PEFIL RIESGO DEL PROCESO'!G15) -> 14 | E15: =+D15/$D$17 -> 1 | G15: Moderado
A16: Sumatoria de Riesgos bajos | B16: =+COUNTIF('MAPA CALOR INHERENTE'!$E$6:$E$26,'4. PEFIL RIESGO DEL PROCESO'!G16) -> 0 | C16: =+B16/$B$17 -> 0 | D16: =+COUNTIF('MAPA CALOR RESIDUAL'!$G$7:$G$26,'4. PEFIL RIESGO DEL PROCESO'!G16) -> 0 | E16: =+D16/$D$17 -> 0 | G16: Bajo
A17: Total | B17: =+SUM(B13:B16) -> 15 | C17: =+B17/$B$17 -> 1 | D17: =+SUM(D13:D16) -> 14 | E17: =+D17/$D$17 -> 1
B19: RIESGO INHERENTE DEL PROCESO | D19: RIESGO RESIDUAL DEL PROCESO
B20: =+IF((B13/B17)>=0.2,G13,+IF(((B13/B17)+(B14/B17))>=0.3,G14,+IF(((B13/B17)+(B14/B17)+(B15/B17))>=0.4,G15,+IF((B13/B17)+(B14/B17)+(B15/B17)+(B16/B17)>=0.5,G16,"")))) -> Alto | D20: =+IF((D13/D17)>=0.2,G13,+IF(((D13/D17)+(D14/D17))>=0.3,G14,+IF(((D13/D17)+(D14/D17)+(D15/D17))>=0.4,G15,+IF((D13/D17)+(D14/D17)+(D15/D17)+(D16/D17)>=0.5,G16,"")))) -> Moderado
D22: Total Riesgos Críticos | E22: =SUM(D13:D14) -> 0

Sheet 1. ESTABLECIMIENTO CONTEXTO 
B1: MAPA DE RIESGOS DE PROCESO | L1: CÓDIGO: F-GM-29
L2: VERSIÓN: 05
L3: FECHA: 30/03/2022
L4: PÁGINA: 1 de 3
A6: 4.2.1. ESTABLECIMIENTO DEL CONTEXTO
A9: PROCESO: | D9: Gestión Social
A10: FECHA DE ELABORACIÓN O ACTUALIZACIÓN: | E10: Marzo de 2022
A11: RESPONSABLE (s) DE ELABORACIÓN O ACTUALIZACIÓN | F11: Subdirector Poblacional
A14: Factor: Externo/Interno/Proceso | D14: Variable | G14: ¿Cómo me puede afectar?
G15: CARÁCTER: Positivo/negativo | I15: Breve análisis
A16: Factor Externo | C16: Factor Externo | D16: Cambio normativo a nivel nacional, departamental y municipal relacionado con el objeto misional del Instituto | G16: POSITIVO | H16: POSITIVO | I16: Amplia posibilidades de atención a los hogares Permite la articulación con la norma nacional Garantías para la atención a los hogares
A17: Factor Externo | C17: Factor Interno | D17: Cambio normativo a nivel nacional, departamental y municipal relacionado con el objeto misional del Instituto | G17: NEGATIVO | H17: NEGATIVO | I17: Este factor no está bajo el control del proceso El cambio no es para toda la población Afectación en la consecución de metas y objetivos debido a las actualizaciones normativas
A18: Factor Externo | C18: Factor de proceso | D18: Insuficiente oferta de vivienda de interés prioritario -VIP- | G18: NEGATIVO | I18: Especulación en el mercado inmobiliario Poca accesibilidad de las familias al subsidio municipal de vivienda No tener proyectos desde el Isvimed para la población
A19: Factor Externo | D19: Dificultad para el acceso a la vivienda por parte de los hogares por no capacidad de cierres financieros | G19: NEGATIVO | I19: Incumplimiento de metas
A20: Factor Externo | D20: Transferencia presupuestal de la Alcaldía | G20: NEGATIVO | I20: Insuficiente presupuesto limitando la atención a la demanda de la población
A21: Factor Externo | D21: Transferencia presupuestal de la Alcaldía | G21: POSITIVO | I21: Permite funcionamiento y acompañamiento social de la población Entrega de soluciones habitacionales con valor agregado con el acompañamiento social
A22: Factor Externo | D22: Retraso del gobierno nacional en el proceso de reasignación del subsidio familiar de vivienda a los hogares beneficiarios | G22: NEGATIVO | H22: Se desvirtúa el cumplimiento de obligaciones de los hogares Desvirtúa intencionalidad del objeto del subsidio Dificultad para coordinar los tiempos del ente territorial (Isvimed) y el gobierno nacional
A23: Factor Interno | D23: Falta de idoneidad, destrezas y habilidades en la selección de los proveedores para el apoyo a la gestión | G23: NEGATIVO | I23: Incumplimiento del objeto misional de la entidad Afectación de las actividades realizadas desde el proceso desde todos los componentes Incidencia en el cumplimiento de los objetivos de desempeño y funciones del personal vinculado Incremento en el número de evaluaciones de proveedores por debajo del rango esperado
A24: Factor Externo | D24: Dificultad en el acceso y acompañamiento a las comunidades por pendientes históricos sin subsanar (jurídicos y técnicos) | G24: NEGATIVO | I24: Desconfianza en las intervenciones Mala reputación Desligimitidad en las comunidades como Isvimed
A25: Factor Externo | D25: Debilidad en la caracterización de la población a acompañar | G25: NEGATIVO | I25: Falencias en las bases de datos y la interpretación de las mismas
A26: Factor Externo | D26: Gestión de relaciones | G26: POSITIVO | I26: Actualmente se cuenta con articulaciones interinstitucionales e intersectoriales fuertes para el desarrollo del acompañamiento social a la población Reconocimiento de las comunidades del quehacer institucional
A27: Factor Interno | D27: Trabajo en equipo | G27: POSITIVO | I27: Articulación en las acciones que desarrolla el equipo
A28: Factor Externo | D28: Dinámicas cambiantes del territorio y la población | G28: POSITIVO | I28: Ser dinámicos, adaptarnos al cambio, obliga actualización permanente en metodologías de intervención Valorar, reconocer nuestro aporte a la construcción de ciudad
A29: Factor Interno | D29: Cambios en la estructura organizacional | G29: NEGATIVO | I29: Afectación en las dinámicas de los procesos por los cambios en la estructura del equipo
A30: Factor Interno | D30: Cambios en la estructura organizacional | G30: POSITIVO | I30: Ubicación del personal de acuerdo con su idoneidad y necesidades del proceso
A31: Factor Externo | D31: Fallos judiciales contradictorios de la norma vigente | G31: NEGATIVO | I31: Cumplimiento del fallo judicial contradictorios con el procedimiento y procesos definidos, retrasando entrega a otras familias, reasignación. Criterios subjetivos de los jueces y desapropiación normativa municipal
A32: Factor Externo | D32: Afectación zonas de riesgo por cambios climáticos | G32: NEGATIVO | I32: Incrementa demanda de atención de familias
A33: Factor Externo | D33: Mentalidad de la población y condiciones socioculturales de vulnerabilidad | G33: NEGATIVO | I33: Afecta acceso de la población a los subsidios, asumir corresponsabilidad y sostenibilidad de los procesos
A34: Factor Interno | D34: Equipo empoderado y apropiado del quehacer | G34: POSITIVO | I34: Con sentido de pertenencia Propósito común, claridad de los objetivos Proactivo Con disposición para aprender
... A43: Factor Externo | D43: Inducción, re-inducción y entrenamiento | G43: NEGATIVO | I43: Falta de conocimiento del personal de la plataforma institucional Desconocimiento de la efectividad del programa de inducción establecido por la entidad

Sheet 2. MATRIZ DE RIESGOS
D1: MAPA DE RIESGOS DE PROCESO | AG1: CÓDIGO: F-GM-29
AG2: VERSIÓN: 05
AG3: FECHA: 30/03/2022
AG4: PÁGINA: 3 de 3
A6: PROCESO: | D6: Gestión Social | F6: FECHA DE ELABORACIÓN O ACTUALIZACIÓN: | H6: marzo de 2025
F7: RESPONSABLE (s) DE ELABORACIÓN O ACTUALIZACIÓN | H7: Subdirector Poblacional
A8: OBJETIVO: | D8: Realizar acompañamiento social a la población según las particularidades de cada una de las líneas de acción establecidas al interior de la Subdirección Poblacional. Estas son: - Modelo de intervención social - Postulaciones y entregas - Acompañamiento social a vivienda nueva - Acompañamiento social a población sujeto de reasentamiento por obra pública - Acompañamiento social a población sujeto de reasentamiento por riesgo, desastre y/o calamidad - Acompañamiento social a copropiedades y verificación de habitabilidad
A9: ALCANCE: | D9: Desde la caracterización social de la población hasta el acompañamiento social posterior a la materialización del Subsidio Distrital de Vivienda, cuando aplique.
A11: 4.2. IDENTIFICACION DEL RIESGO | J11: 4.3. EVALUACIÓN DEL RIESGO | AI11: 4.4. TRATAMIENTO DEL RIESGO | AK11: SEGUIMIENTO TRIMESTRE 1 DE 2026 | AL11: RELACIÓN DE EVIDENCIAS IMPORTANTE:- RELACIONAR LOS ENLACES SOBRE MATERIALIZACION DE RIESGOS Y SOBRE APLICACIÓN DE CONTROLES -LAS EVIDENCIAS SOBRE APLICACIÓN DE CONTROLES SON LAS QUE SE ENCUENTRAN EN LA COLUMNA X - RELACIONARLAS UNA A UNA CON EL ENLACE CORRESPONDIENTE. | AM11: SEGUIMIENTO TRIMESTRE 2 DE 2026 | AN11: RELACIÓN DE EVIDENCIAS IMPORTANTE:- RELACIONAR LOS ENLACES SOBRE MATERIALIZACION DE RIESGOS Y SOBRE APLICACIÓN DE CONTROLES -LAS EVIDENCIAS SOBRE APLICACIÓN DE CONTROLES SON LAS QUE SE ENCUENTRAN EN LA COLUMNA X - RELACIONARLAS UNA A UNA CON EL ENLACE CORRESPONDIENTE. | AO11: SEGUIMIENTO TRIMESTRE 3 DE 2026 | AP11: RELACIÓN DE EVIDENCIAS IMPORTANTE:- RELACIONAR LOS ENLACES SOBRE MATERIALIZACION DE RIESGOS Y SOBRE APLICACIÓN DE CONTROLES -LAS EVIDENCIAS SOBRE APLICACIÓN DE CONTROLES SON LAS QUE SE ENCUENTRAN EN LA COLUMNA X - RELACIONARLAS UNA A UNA CON EL ENLACE CORRESPONDIENTE. | AQ11: SEGUIMIENTO TRIMESTRE 4 DE 2026 | AR11: RELACIÓN DE EVIDENCIAS IMPORTANTE:- RELACIONAR LOS ENLACES SOBRE MATERIALIZACION DE RIESGOS Y SOBRE APLICACIÓN DE CONTROLES -LAS EVIDENCIAS SOBRE APLICACIÓN DE CONTROLES SON LAS QUE SE ENCUENTRAN EN LA COLUMNA X - RELACIONARLAS UNA A UNA CON EL ENLACE CORRESPONDIENTE.
A12: Referencia | B12: Objetivo / Requisto de referencia | C12: Temática / Linea de Acción | D12: 1. QUE? | E12: 2. COMO SE REFLEJA? | F12: 3. POR QUE? (Evento Potencial Principal) | G12: Descripción del Riesgo (1+2+3) | H12: Causa (Evento Potencial Intermedio) | I12: Clasificación del Riesgo | J12: EVALUACION DE RIESGO INHERENTE | O12: VALORACION DE CONTROLES | AD12: EVALUACION DEL RIESGO RESIDUAL | AI12: Tratamiento | AJ12: FORMULAR ACCIONES ESPECIFICAS
J13: Probabilidad Inherente | K13: % | L13: Impacto Inherente | M13: % | N13: Zona de Riesgo Inherente | O13: No. Control | P13: Descripción del Control (Medidas Actuales) | Q13: Afectación | R13: Atributos | Y13: Probabilidad Residual | Z13: Probabilidad Residual | AA13: % | AB13: Impacto Residual | AC13: % | AD13: Probabilidad Residual Final | AE13: % | AF13: Impacto Residual Final | AG13: % | AH13: Zona de Riesgo Residual Final | AJ13: VER ACCION #
R14: Tipo | S14: Implementación | T14: Calificación | U14: Documentación | V14: Frecuencia | W14: Evidencia | X14: Nombre de la evidencia
A15: GS6 | B15: Lograr un 80% de cumplimiento del cronograma de asistencias técnicas de acompañamiento social a copropiedades. | C15: Acompañamiento social a copropiedades | D15: Afectación reputacional del Insituto | E15: Por insatisfacción de la comunidad respecto a la falta de acompañamiento para lograr una mejor convivencia en los proyectos habitacionales que desarrolla el Instituto de acuerdo a la ley de propiedad horizontal. | F15: Debido a que no se cumple con las actividades de acompañamiento social a copropiedades programadas para la vigencia. Debido a que las actividades de acompañamiento no se relizan de acuerdo con los protocolos y guías metodológicas | G15: Posibilidad de afectación reputacional del Insituto reflejada en la insatisfacción de la comunidad respecto a la falta de acompañamiento para favorecer la adaptación al nuevo hábitat y lograr una mejor convivencia en los proyectos habitacionales que desarrolla el Instituto de acuerdo a la ley de propiedad horizontal. Lo anterior, debido a que no se cumple con las actividades de acompañamiento social a copropiedades programadas para la vigencia, y a que las actividades de acompañamiento no se relizan de acuerdo con los protocolos y guías metodológicas. | H15: 1. Programación inadecuada de actividades. | I15: Gestión | J15: Alta | K15: =IF(J15="","",IF(J15="Muy Baja",0.2,IF(J15="Baja",0.4,IF(J15="Media",0.6,IF(J15="Alta",0.8,IF(J15="Muy Alta",1,)))))) -> 0.8 | L15: Moderado | M15: =IF(L15="","",IF(L15="Leve",0.2,IF(L15="Menor",0.4,IF(L15="Moderado",0.6,IF(L15="Mayor",0.8,IF(L15="Catastrófico",1,)))))) -> 0.6 | N15: =IF(OR(AND(J15="Muy Baja",L15="Leve"),AND(J15="Muy Baja",L15="Menor"),AND(J15="Baja",L15="Leve")),"Bajo",IF(OR(AND(J15="Muy Baja",L15="Moderado"),AND(J15="Baja",L15="Menor"),AND(J15="Baja",L15="Moderado"),AND(J15="Media",L15="Leve"),AND(J15="Media",L15="Menor"),AND(J15="Media",L15="Moderado"),AND(J15="Alta",L15="Leve"),AND(J15="Alta",L15="Menor")),"Moderado",IF(OR(AND(J15="Muy Baja",L15="Mayor"),AND(J15="Baja",L15="Mayor"),AND(J15="Media",L15="Mayor"),AND(J15="Alta",L15="Moderado"),AND(J15="Alta",L15="Mayor"),AND(J15="Muy Alta",L15="Leve"),AND(J15="Muy Alta",L15="Menor"),AND(J15="Muy Alta",L15="Moderado"),AND(J15="Muy Alta",L15="Mayor")),"Alto",IF(OR(AND(J15="Muy Baja",L15="Catastrófico"),AND(J15="Baja",L15="Catastrófico"),AND(J15="Media",L15="Catastrófico"),AND(J15="Alta",L15="Catastrófico"),AND(J15="Muy Alta",L15="Catastrófico")),"Extremo","")))) -> Alto | O15: 1 | P15: El profesional líder de copropiedades define anualmente las metas de la línea de acción de acuerdo con las necesidades de cada copropiedad, las directrices institucionales y el desempeño de los indicadores. Con base en lo anterior, elabora una programación mensual de actividades, a la cual se realiza seguimiento de manera continua. El seguimiento queda consignado en el plan táctico de la línea de acción. | Q15: =IF(OR(R15="Preventivo",R15="Detectivo"),"Probabilidad",IF(R15="Correctivo","Impacto","")) -> Probabilidad | R15: Preventivo | S15: Manual | T15: =IF(AND(R15="Preventivo",S15="Automático"),"50%",IF(AND(R15="Preventivo",S15="Manual"),"40%",IF(AND(R15="Detectivo",S15="Automático"),"40%",IF(AND(R15="Detectivo",S15="Manual"),"30%",IF(AND(R15="Correctivo",S15="Automático"),"35%",IF(AND(R15="Correctivo",S15="Manual"),"25%","")))))) -> 40% | U15: Sin Documentar | V15: Aleatoria | W15: Con Registro | X15: Plan táctico de la línea de acción Programación mensual de actividades | Y15: =IFERROR(IF(Q15="Probabilidad",(K15-(+K15*T15)),IF(Q15="Impacto",K15,"")),"") -> 0.48 | Z15: =IFERROR(IF(Y15="","",IF(Y15<=0.2,"Muy Baja",IF(Y15<=0.4,"Baja",IF(Y15<=0.6,"Media",IF(Y15<=0.8,"Alta","Muy Alta"))))),"") -> Media | AA15: =+Y15 -> 0.48 | AB15: =IFERROR(IF(AC15="","",IF(AC15<=0.2,"Leve",IF(AC15<=0.4,"Menor",IF(AC15<=0.6,"Moderado",IF(AC15<=0.8,"Mayor","Catastrófico"))))),"") -> Moderado | AC15: =IFERROR(IF(Q15="Impacto",(M15-(+M15*T15)),IF(Q15="Probabilidad",M15,"")),"") -> 0.6 | AD15: =IFERROR(IF(AE15=0,"",IF(AND(AE15>0,AE15<=0.2),"Muy Baja",IF(AE15<=0.4,"Baja",IF(AE15<=0.6,"Media",IF(AE15<=0.8,"Alta","Muy Alta"))))),"") -> Muy Baja | AE15: =MIN(Y15:Y22) -> 0.015676416 | AF15: =IFERROR(IF(AG15=0,"",IF(AND(AG15>0,AG15<=0.2),"Leve",IF(AG15<=0.4,"Menor",IF(AG15<=0.6,"Moderado",IF(AG15<=0.8,"Mayor","Catastrófico"))))),"") -> Moderado | AG15: =MIN(AC15:AC22) -> 0.6 | AH15: =IFERROR(IF(OR(AND(AD15="Muy Baja",AF15="Leve"),AND(AD15="Muy Baja",AF15="Menor"),AND(AD15="Baja",AF15="Leve")),"Bajo",IF(OR(AND(AD15="Muy Baja",AF15="Moderado"),AND(AD15="Baja",AF15="Menor"),AND(AD15="Baja",AF15="Moderado"),AND(AD15="Media",AF15="Leve"),AND(AD15="Media",AF15="Menor"),AND(AD15="Media",AF15="Moderado"),AND(AD15="Alta",AF15="Leve"),AND(AD15="Alta",AF15="Menor")),"Moderado",IF(OR(AND(AD15="Muy Baja",AF15="Mayor"),AND(AD15="Baja",AF15="Mayor"),AND(AD15="Media",AF15="Mayor"),AND(AD15="Alta",AF15="Moderado"),AND(AD15="Alta",AF15="Mayor"),AND(AD15="Muy Alta",AF15="Leve"),AND(AD15="Muy Alta",AF15="Menor"),AND(AD15="Muy Alta",AF15="Moderado"),AND(AD15="Muy Alta",AF15="Mayor")),"Alto",IF(OR(AND(AD15="Muy Baja",AF15="Catastrófico"),AND(AD15="Baja",AF15="Catastrófico"),AND(AD15="Media",AF15="Catastrófico"),AND(AD15="Alta",AF15="Catastrófico"),AND(AD15="Muy Alta",AF15="Catastrófico")),"Extremo","")))),"") -> Moderado | AI15: Reducir (mitigar) | AK15: ¿El riesgo y sus causas continúan vigentes de acuerdo al contexto? El riesgo y sus causas siguen vigentes, ya que en este primer trimestre la línea de Acompañamiento Social a Copropiedades y Verificación de Habitabilidad, desarrollo 91 asistencias técnicas, que vinculan aproximadamente a 1885 personas, con el acompañamiento social antes durante y después por parte del equipo de profesionales en los proyectos habitacionales entregados recientemente, por entregar, y a demanda en otras copropiedades con más tiempo de entrega especialmente para asesoría y/o participación en asambleas ordinarias. Se materializó el Riesgo? (Evento Potencial Principal. Columna F): No se materializa el Evento Potencial Principal, ya que se cumple con las actividades definidas en el plan táctico y acorde al manual de acompañamiento social a copropiedades. Se materializaron las causas? (Eventos Potenciales Intermedios. Columna H): No se materializan los Eventos Potenciales Intermedios, ya que el plan táctico define adecuadamente las acciones y actividades de la línea, el personal contratado es idóneo y con conocimiento de los protocolos y guías metodológicas, y se cuenta con los recursos básicos a nivel institucional para desarrollar las actividades de la línea en mención. Los Controles están bien diseñados, se aplican conforme al diseño y son efectivos? Los controles están adecuadamente diseñados y se aplican correctamente, ya que la profesional responsable de la Línea definió metas plasmadas en el plan táctico y se le hace seguimiento mensual, también cuentan con los recursos logísticos, de trasporte y talento humano requerido desde dicha línea. A su vez, la profesional responsable realiza los estudios previos y garantiza la idoneidad del personal en el proceso de contratación de los contratos vigentes. Se contrato al mismo equipo, por lo tanto, no fue necesario realizar la inducción, porque este equipo maneja las acciones de la línea y actúa en el marco de los protocolos definidos, además, utilizando los servicios de seguridad cuando lo considera pertinente. Que acciones propones o se están llevando a cabo para gestionar los riesgos y las causas que se materializaron? (Si no aplica colocar NA) N.A. Que acciones propones o se están llevando a cabo para fortalecer los controles? (Revisa también si se establecieron acciones en la columna AJ) Continuar cualificando la implementación del acompañamiento social en las copropiedades gerenciadas por la administración distrital. | AL15: "Plan Táctico de Copropiedades: https://isvimedgovco.sharepoint.com/:x:/s/8Poblacional/IQD4AJJSr3W0S4UQjPS0cKTRATmB8eoUgoXj7n6Vi2srR6s?e=MMKzCA Actividades Externas Enero https://isvimedgovco.sharepoint.com/:x:/s/8Poblacional/IQAv-t7kxF64TbTAykUEYDv5ASD_8yC6zgHhZ3GhEYFnHQg?e=gqJxWt Actividades Externas Febrero https://isvimedgovco.sharepoint.com/:x:/s/8Poblacional/IQDrjuQXWo49S7KrXYSKtVjsAeuQ5Qpmjq88jfI97KqudeQ?e=QhHVLK Actividades Externas Marzo https://isvimedgovco.sharepoint.com/:x:/s/8Poblacional/IQAlKYdALz_OTqPEqeG57anmAVqC6QAthsSPQU3SDYdiVJ0?e=S3pylA Contratacion equipo: https://isvimedgovco.sharepoint.com/:f:/s/8Poblacional/IgDetUP4nnreS7cOkh-2a_TMAZ96PrGfBqTF65DqmkgWVhU?e=j37byW | AM15: Se materializó el Riesgo? (Ver evento potencial principal en Columna F. Relacionar detalles de la materialización - que, como, cuando, donde): No se materializó el riesgo, ya que se cumplió con las actividades de acompañamiento social programadas para el segundo trimestre de 2026, además las actividades se realizaron en el marco del cumplimiento de los protocolos y guías metodológicas definidas en esta línea. Los Controles están bien diseñados, se aplican de acuerdo al diseño y son efectivos? (Ver controles en la columna P / Concluir frente a cada control) Los controles sí se encuentran debidamente diseñados y fueron efectivos, así: 1. La profesional líder de copropiedades dinamizó el cumplimiento de las actividades del plan táctico de la linea de acción y del cronograma de actividades mensuales, actualizando los diferentes seguimientos. 2. El funcionamiento de la línea está acorde al Plan Anual de Adquisisiones, de acuerdo a los seguimientos realizados. 4. El equipo de profesionales de copropiedades realiza las actividades en el marco del cumplimiento del P-GS-09 PROCEDIMIENTO PARA EL ACOMPANAMIENTO SOCIAL A COPROPIEDADES Y VERIFICACION DE HABITABILIDAD, para abril ingresa una nueva profesional contratista y recibe la inducción general. 5.1. El equipo de profesionsales conocen y aplican acciones de prevención del riesgo público en sus actividades en campo. 5.2. Para este trimestre no se requirio acompañamiento de los motorizados, sin embargo en los proyectos habitacionales en los que se realizaron actividades de acompañamiento social, hubo presencia de los vigilantes, cuando estos estaban en el proyecto. 6.1. Desde la subdirectora Poblacional se verificaron los estudios previos y los certificados de idoneidad del personal contratado en dicha subdirección. 6.2. Se hace la evaluación de proveedores del equipo de profesionales de la línea de acompañamiento social a copropiedades del primer semestre de 2026. 7. El profesional líder de la línea de copropiedades verificó que el proceso precontractual y contractual para la contratación de personal se realizó de acuerdo a los tiempos establecidos en el Plan Anual de Adquisiciones. Qué acciones propones o se están llevando a cabo para gestionar el riesgo que se materializó? (Si no aplica colocar N/A) N/A. Qué acciones propones o se están llevando a cabo para fortalecer los controles? (En el caso de que tener Acciones de mejora / Acciones correctivas en proceso, relacionar el avance. Si tienes acciones específicas a desarrollar en la columna AJ, también relacionar el avance) Se esta realizando lo descrito en el control 4, de acuerdo a la ejecución de actividades del plan táctico y el cronograma de actividades. | AN15: "Plan Táctico de Copropiedades: https://isvimedgovco.sharepoint.com/:x:/s/8Poblacional/IQD4AJJSr3W0S4UQjPS0cKTRATmB8eoUgoXj7n6Vi2srR6s?e=MMKzCA Cronograma de actividades: https://isvimedgovco.sharepoint.com/:x:/r/sites/8Poblacional-05.Copropiedades/Documentos%20compartidos/05.Copropiedades/00.%202026%20ACOMPA%C3%91AMIENTO%20SOCIAL%20A%20COPROPIEDADES%20Y%20VERIFICACI%C3%93N%20DE%20HABITABILIDAD/CRONOGRAMA%20DE%20ACTIVIDADES/CRONOGRAMA%20DE%20ACTIVIDADES%20COPROPIEDADES%202026.xlsx?d=w7a17553e4c0444059280837c2e18c432&csf=1&web=1&e=UbG1EQ Acompañamiento social abril https://isvimedgovco.sharepoint.com/:x:/s/8Poblacional/IQAKHiGR9jIQRZCqPtsJIVFSAU1Z7ZY-M_vLQJJWvY0RiKo?e=jwhOYb Acompañamiento social mayo https://isvimedgovco.sharepoint.com/:x:/s/8Poblacional/IQDZ9r2kWT1BT5Sm2EAXFoW6AdpzqRPqQLEYrH1pWErTNd8?e=Jd81mR Acompañamiento social junio https://isvimedgovco.sharepoint.com/:x:/s/8Poblacional/IQBvcsPiIuVUT6CfHfxjOolwAbLTyHgPejZ3ffcNRERF5G0?e=zIjeIA Evaluación de Proveedores 2026-I https://isvimedgovco.sharepoint.com/:f:/r/sites/8Poblacional-05.Copropiedades/Documentos%20compartidos/05.Copropiedades/00.%202026%20ACOMPA%C3%91AMIENTO%20SOCIAL%20A%20COPROPIEDADES%20Y%20VERIFICACI%C3%93N%20DE%20HABITABILIDAD/EVALUACI%C3%93N%20DE%20PROVEEDORES%202026-I?csf=1&web=1&e=bam4VT | AO15: Se materializó el Riesgo? (Ver evento potencial principal en Columna F. Relacionar detalles de la materialización - que, como, cuando, donde): Los Controles están bien diseñados, se aplican de acuerdo al diseño y son efectivos? (Ver controles en la columna P / Concluir frente a cada control) Que acciones propones o se están llevando a cabo para gestionar el riesgo que se materializó? (Si no aplica colocar N/A) Que acciones propones o se están llevando a cabo para fortalecer los controles? (En el caso de que tener Acciones de mejora / Acciones correctivas en proceso, relacionar el avance. Si tienes acciones específicas a desarrollar en la columna AJ, también relacionar el avance) | AQ15: Se materializó el Riesgo? (Ver evento potencial principal en Columna F. Relacionar detalles de la materialización - que, como, cuando, donde): Los Controles están bien diseñados, se aplican de acuerdo al diseño y son efectivos? (Ver controles en la columna P / Concluir frente a cada control) Que acciones propones o se están llevando a cabo para gestionar el riesgo que se materializó? (Si no aplica colocar N/A) Que acciones propones o se están llevando a cabo para fortalecer los controles? (En el caso de que tener Acciones de mejora / Acciones correctivas en proceso, relacionar el avance. Si tienes acciones específicas a desarrollar en la columna AJ, también relacionar el avance)
H16: 2. Ausencia de presupuesto para actividades logísticas y transporte. | O16: 2 | P16: El profesional líder de la línea de copropiedades identifica las necesidades de recursos para cada vigencia y las somete a aprobación por parte de la Subdirección Poblacional, para su posterior inclusión en el plan anual de adquisiciones. Así mismo, revisa periódicamente el cumplimiento de los términos establecidos en el mismo | Q16: =IF(OR(R16="Preventivo",R16="Detectivo"),"Probabilidad",IF(R16="Correctivo","Impacto","")) -> Probabilidad | R16: Preventivo | S16: Manual | T16: =IF(AND(R16="Preventivo",S16="Automático"),"50%",IF(AND(R16="Preventivo",S16="Manual"),"40%",IF(AND(R16="Detectivo",S16="Automático"),"40%",IF(AND(R16="Detectivo",S16="Manual"),"30%",IF(AND(R16="Correctivo",S16="Automático"),"35%",IF(AND(R16="Correctivo",S16="Manual"),"25%","")))))) -> 40% | U16: Sin Documentar | V16: Aleatoria | W16: Con Registro | X16: Formato de solicitud de necesidades Plan de Anual de Adquisiciones y evidencias de ejecución | Y16: =IFERROR(IF(AND(Q15="Probabilidad",Q16="Probabilidad"),(AA15-(+AA15*T16)),IF(Q16="Probabilidad",(K15-(+K15*T16)),IF(Q16="Impacto",AA15,""))),"") -> 0.288 | Z16: =IFERROR(IF(Y16="","",IF(Y16<=0.2,"Muy Baja",IF(Y16<=0.4,"Baja",IF(Y16<=0.6,"Media",IF(Y16<=0.8,"Alta","Muy Alta"))))),"") -> Baja | AA16: =+Y16 -> 0.288 | AB16: =IFERROR(IF(AC16="","",IF(AC16<=0.2,"Leve",IF(AC16<=0.4,"Menor",IF(AC16<=0.6,"Moderado",IF(AC16<=0.8,"Mayor","Catastrófico"))))),"") -> Moderado | AC16: =IFERROR(IF(AND(Q15="Impacto",Q16="Impacto"),(AC15-(+AC15*T16)),IF(Q16="Impacto",($M$15-(+$M$15*T16)),IF(Q16="Probabilidad",AC15,""))),"") -> 0.6
H17: 4. Desconocimiento de protocolos y guías metodológicas. | O17: 4 | P17: El profesional líder de copropiedades realiza inducción general de la línea de acción a los profesionales que hacen parte del equipo. Adicionalmente, realiza capacitación específica sobre las actividades a desarrollar y las metodologías utilizadas. Para ello, diligencia formato de registro de asistencia como evidencia. Documento a socializar: MANUAL DE ACOMPAÑAMIENTO SOCIAL A COPROPIEDADES | Q17: =IF(OR(R17="Preventivo",R17="Detectivo"),"Probabilidad",IF(R17="Correctivo","Impacto","")) -> Probabilidad | R17: Preventivo | S17: Manual | T17: =IF(AND(R17="Preventivo",S17="Automático"),"50%",IF(AND(R17="Preventivo",S17="Manual"),"40%",IF(AND(R17="Detectivo",S17="Automático"),"40%",IF(AND(R17="Detectivo",S17="Manual"),"30%",IF(AND(R17="Correctivo",S17="Automático"),"35%",IF(AND(R17="Correctivo",S17="Manual"),"25%","")))))) -> 40% | U17: Sin Documentar | V17: Aleatoria | W17: Con Registro | X17: Registro de asistencia | Y17: =IFERROR(IF(AND(Q16="Probabilidad",Q17="Probabilidad"),(AA16-(+AA16*T17)),IF(Q17="Probabilidad",(K16-(+K16*T17)),IF(Q17="Impacto",AA16,""))),"") -> 0.1728 | Z17: =IFERROR(IF(Y17="","",IF(Y17<=0.2,"Muy Baja",IF(Y17<=0.4,"Baja",IF(Y17<=0.6,"Media",IF(Y17<=0.8,"Alta","Muy Alta"))))),"") -> Muy Baja | AA17: =+Y17 -> 0.1728 | AB17: =IFERROR(IF(AC17="","",IF(AC17<=0.2,"Leve",IF(AC17<=0.4,"Menor",IF(AC17<=0.6,"Moderado",IF(AC17<=0.8,"Mayor","Catastrófico"))))),"") -> Moderado | AC17: =IFERROR(IF(AND(Q16="Impacto",Q17="Impacto"),(AC16-(+AC16*T17)),IF(Q17="Impacto",($M$15-(+$M$15*T17)),IF(Q17="Probabilidad",AC16,""))),"") -> 0.6
H18: 5. Problemas de seguridad para ingresar a campo (orden público, riesgo de salud, desastres naturales, etc.) | O18: 5.1. | P18: El profesional líder de la línea de copropiedades verifica que los profesionales que asistan a actividades de campo conozcan el programa de prevención de riesgo público, lo cual se realiza en los distintos espacios de capacitación y reunión de la línea de acción. Documento a socializar: PROGRAMA DE PREVENCIÓN DE RIESGO PÚBLICO | Q18: =IF(OR(R18="Preventivo",R18="Detectivo"),"Probabilidad",IF(R18="Correctivo","Impacto","")) -> Probabilidad | R18: Preventivo | S18: Manual | T18: =IF(AND(R18="Preventivo",S18="Automático"),"50%",IF(AND(R18="Preventivo",S18="Manual"),"40%",IF(AND(R18="Detectivo",S18="Automático"),"40%",IF(AND(R18="Detectivo",S18="Manual"),"30%",IF(AND(R18="Correctivo",S18="Automático"),"35%",IF(AND(R18="Correctivo",S18="Manual"),"25%","")))))) -> 40% | U18: Sin Documentar | V18: Aleatoria | W18: Con Registro | X18: Actas de equipo primario. Registros de asistencia | Y18: =IFERROR(IF(AND(Q17="Probabilidad",Q18="Probabilidad"),(AA17-(+AA17*T18)),IF(AND(Q17="Impacto",Q18="Probabilidad"),(#REF!-(+#REF!*T18)),IF(Q18="Impacto",AA17,""))),"") -> 0.10368 | Z18: =IFERROR(IF(Y18="","",IF(Y18<=0.2,"Muy Baja",IF(Y18<=0.4,"Baja",IF(Y18<=0.6,"Media",IF(Y18<=0.8,"Alta","Muy Alta"))))),"") -> Muy Baja | AA18: =+Y18 -> 0.10368 | AB18: =IFERROR(IF(AC18="","",IF(AC18<=0.2,"Leve",IF(AC18<=0.4,"Menor",IF(AC18<=0.6,"Moderado",IF(AC18<=0.8,"Mayor","Catastrófico"))))),"") -> Moderado | AC18: =IFERROR(IF(AND(Q17="Impacto",Q18="Impacto"),(AC17-(+AC17*T18)),IF(AND(Q17="Probabilidad",Q18="Impacto"),(#REF!-(+#REF!*T18)),IF(Q18="Probabilidad",AC17,""))),"") -> 0.6
O19: 5.2. | P19: El profesional líder de la línea de copropiedades informa mediante correo electrónico al asesor de seguridad sobre las actividades a desarrollar en campo y el personal que asistirá, con el fin de coordinar la seguridad de las actividades a desarrollar. El consultor de seguridad realiza requerimiento a la empresa de seguridad solicitando acompañamiento mediante vigilancia (motorizado - vigilante) al personal que ejecuta las actividades de copropiedades. | Q19: =IF(OR(R19="Preventivo",R19="Detectivo"),"Probabilidad",IF(R19="Correctivo","Impacto","")) -> Probabilidad | R19: Preventivo | S19: Manual | T19: =IF(AND(R19="Preventivo",S19="Automático"),"50%",IF(AND(R19="Preventivo",S19="Manual"),"40%",IF(AND(R19="Detectivo",S19="Automático"),"40%",IF(AND(R19="Detectivo",S19="Manual"),"30%",IF(AND(R19="Correctivo",S19="Automático"),"35%",IF(AND(R19="Correctivo",S19="Manual"),"25%","")))))) -> 40% | U19: Sin Documentar | V19: Aleatoria | W19: Con Registro | X19: Correo electrónico con el requerimiento a la empresa de seguridad. Registro fotográfico del acompañamiento de la empresa de seguridad al evento. | Y19: =IFERROR(IF(AND(Q18="Probabilidad",Q19="Probabilidad"),(AA18-(+AA18*T19)),IF(AND(Q18="Impacto",Q19="Probabilidad"),(AA17-(+AA17*T19)),IF(Q19="Impacto",AA18,""))),"") -> 0.062208 | Z19: =IFERROR(IF(Y19="","",IF(Y19<=0.2,"Muy Baja",IF(Y19<=0.4,"Baja",IF(Y19<=0.6,"Media",IF(Y19<=0.8,"Alta","Muy Alta"))))),"") -> Muy Baja | AA19: =+Y19 -> 0.062208 | AB19: =IFERROR(IF(AC19="","",IF(AC19<=0.2,"Leve",IF(AC19<=0.4,"Menor",IF(AC19<=0.6,"Moderado",IF(AC19<=0.8,"Mayor","Catastrófico"))))),"") -> Moderado | AC19: =IFERROR(IF(AND(Q18="Impacto",Q19="Impacto"),(AC18-(+AC18*T19)),IF(AND(Q18="Probabilidad",Q19="Impacto"),(AC17-(+AC17*T19)),IF(Q19="Probabilidad",AC18,""))),"") -> 0.6
H20: 6. Falta de competencia e idoneidad del personal contratado. | O20: 6.1. | P20: El Director, Subdirector o Jefe de Oficina, en relación con cada contratación de personal que se requiera para la prestación de servicios profesionales y de apoyo a la gestión, verifica en el Estudio Previo respectivo, que la idoneidad y experiencia requerida sea coherente con las obligaciones contractuales a desarrollar, y procede a firmarlo en consecuencia. Documentado en: MANUAL DE CONTRATACIÓN | Q20: =IF(OR(R20="Preventivo",R20="Detectivo"),"Probabilidad",IF(R20="Correctivo","Impacto","")) -> Probabilidad | R20: Preventivo | S20: Manual | T20: =IF(AND(R20="Preventivo",S20="Automático"),"50%",IF(AND(R20="Preventivo",S20="Manual"),"40%",IF(AND(R20="Detectivo",S20="Automático"),"40%",IF(AND(R20="Detectivo",S20="Manual"),"30%",IF(AND(R20="Correctivo",S20="Automático"),"35%",IF(AND(R20="Correctivo",S20="Manual"),"25%","")))))) -> 40% | U20: Documentado | V20: Aleatoria | W20: Con Registro | X20: Estudio previo de contratos de prestación servicios profesionales y de apoyo a la gestión persona natural | Y20: =IFERROR(IF(AND(Q19="Probabilidad",Q20="Probabilidad"),(AA19-(+AA19*T20)),IF(AND(Q19="Impacto",Q20="Probabilidad"),(AA18-(+AA18*T20)),IF(Q20="Impacto",AA19,""))),"") -> 0.0373248 | Z20: =IFERROR(IF(Y20="","",IF(Y20<=0.2,"Muy Baja",IF(Y20<=0.4,"Baja",IF(Y20<=0.6,"Media",IF(Y20<=0.8,"Alta","Muy Alta"))))),"") -> Muy Baja | AA20: =+Y20 -> 0.0373248 | AB20: =IFERROR(IF(AC20="","",IF(AC20<=0.2,"Leve",IF(AC20<=0.4,"Menor",IF(AC20<=0.6,"Moderado",IF(AC20<=0.8,"Mayor","Catastrófico"))))),"") -> Moderado | AC20: =IFERROR(IF(AND(Q19="Impacto",Q20="Impacto"),(AC19-(+AC19*T20)),IF(AND(Q19="Probabilidad",Q20="Impacto"),(AC18-(+AC18*T20)),IF(Q20="Probabilidad",AC19,""))),"") -> 0.6
O21: 6.2. | P21: Los supervisores realizan de manera semestral la evaluación de proveedores, en donde se contrasta el cumplimiento de las obligaciones contractuales con el desempeño de las mismas. En el caso de una mala calificación, el contratista debe ser reevaluado y el supervisor debe generar compromisos y aspectos a mejorar. Documentado en: FGI-12 Y FGI-13. FORMATOS DE EVALUACIÓN DE PROVEEDORES | Q21: =IF(OR(R21="Preventivo",R21="Detectivo"),"Probabilidad",IF(R21="Correctivo","Impacto","")) -> Probabilidad | R21: Detectivo | S21: Manual | T21: =IF(AND(R21="Preventivo",S21="Automático"),"50%",IF(AND(R21="Preventivo",S21="Manual"),"40%",IF(AND(R21="Detectivo",S21="Automático"),"40%",IF(AND(R21="Detectivo",S21="Manual"),"30%",IF(AND(R21="Correctivo",S21="Automático"),"35%",IF(AND(R21="Correctivo",S21="Manual"),"25%","")))))) -> 30% | U21: Documentado | V21: Aleatoria | W21: Con Registro | X21: Registros de evaluación de proveedores | Y21: =IFERROR(IF(AND(Q20="Probabilidad",Q21="Probabilidad"),(AA20-(+AA20*T21)),IF(AND(Q20="Impacto",Q21="Probabilidad"),(AA19-(+AA19*T21)),IF(Q21="Impacto",AA20,""))),"") -> 0.02612736 | Z21: =IFERROR(IF(Y21="","",IF(Y21<=0.2,"Muy Baja",IF(Y21<=0.4,"Baja",IF(Y21<=0.6,"Media",IF(Y21<=0.8,"Alta","Muy Alta"))))),"") -> Muy Baja | AA21: =+Y21 -> 0.02612736 | AB21: =IFERROR(IF(AC21="","",IF(AC21<=0.2,"Leve",IF(AC21<=0.4,"Menor",IF(AC21<=0.6,"Moderado",IF(AC21<=0.8,"Mayor","Catastrófico"))))),"") -> Moderado | AC21: =IFERROR(IF(AND(Q20="Impacto",Q21="Impacto"),(AC20-(+AC20*T21)),IF(AND(Q20="Probabilidad",Q21="Impacto"),(AC19-(+AC19*T21)),IF(Q21="Probabilidad",AC20,""))),"") -> 0.6
H22: 7. Demoras en la contratación de personal para la gestión social a copropiedades. | O22: 7 | P22: El profesional líder de la línea de copropiedades verifica que el proceso precontractual y contractual para la contratación de personal (contratos de prestación de servicios profesionales y de apoyo a la gestión), se realice de acuerdo a los tiempos establecidos en el Plan Anual de Adquisiciones. | Q22: =IF(OR(R22="Preventivo",R22="Detectivo"),"Probabilidad",IF(R22="Correctivo","Impacto","")) -> Probabilidad | R22: Preventivo | S22: Manual | T22: =IF(AND(R22="Preventivo",S22="Automático"),"50%",IF(AND(R22="Preventivo",S22="Manual"),"40%",IF(AND(R22="Detectivo",S22="Automático"),"40%",IF(AND(R22="Detectivo",S22="Manual"),"30%",IF(AND(R22="Correctivo",S22="Automático"),"35%",IF(AND(R22="Correctivo",S22="Manual"),"25%","")))))) -> 40% | U22: Sin Documentar | V22: Aleatoria | W22: Con Registro | X22: Estudios previos y anexos Minuta de contratos | Y22: =IFERROR(IF(AND(Q21="Probabilidad",Q22="Probabilidad"),(AA21-(+AA21*T22)),IF(AND(Q21="Impacto",Q22="Probabilidad"),(AA20-(+AA20*T22)),IF(Q22="Impacto",AA21,""))),"") -> 0.015676416 | Z22: =IFERROR(IF(Y22="","",IF(Y22<=0.2,"Muy Baja",IF(Y22<=0.4,"Baja",IF(Y22<=0.6,"Media",IF(Y22<=0.8,"Alta","Muy Alta"))))),"") -> Muy Baja | AA22: =+Y22 -> 0.015676416 | AB22: =IFERROR(IF(AC22="","",IF(AC22<=0.2,"Leve",IF(AC22<=0.4,"Menor",IF(AC22<=0.6,"Moderado",IF(AC22<=0.8,"Mayor","Catastrófico"))))),"") -> Moderado | AC22: =IFERROR(IF(AND(Q21="Impacto",Q22="Impacto"),(AC21-(+AC21*T22)),IF(AND(Q21="Probabilidad",Q22="Impacto"),(AC20-(+AC20*T22)),IF(Q22="Probabilidad",AC21,""))),"") -> 0.6
A23: GS8 | B23: Lograr un 95% de asignación del subsidio distrital de arrendamiento temporal con respecto a los hogares viabilizados. | C23: Acompañamiento social a población sujeto de reasentamiento por riesgo, desastre y/o calamidad (Arrendamiento temporal) | D23: Afectación económica y reputacional | E23: Indebida asignación del Subsidio Distrital de Arrendamiento Temporal (detrimento patrimonial) - Hallazgos disciplinarios y penales por parte de los entes de control. - El costo social (perdida del derecho) asociado a la perdida de la oportunidad para la asignación del Subsidio Distrital de Arrendamiento Temporal - SDAT a hogares que cumplen con los requisitos legales. | F23: Debido a la asignación / destinación del Subsidio Distrital de Arrendamiento Temporal - SDAT sin el cumplimiento de los requisitos legales | G23: Posibilidad de afectación económica y reputacional del Instituto reflejada en la indebida asignación del Subsidio Distrital de Arrendamiento Temporal (detrimento patrimonial), en hallazgos disciplinarios y penales por parte de los entes de control, así como en el costo social (perdida del derecho) asociado a la perdida de la oportunidad para la asignación del Subsidio Distrital de Arrendamiento Temporal - SDAT a hogares que cumplen con los requisitos legales. Lo anterior, debido a la asignación / destinación del Subsidio Distrital de Arrendamiento Temporal - SDAT sin el cumplimiento de los requisitos legales. | H23: 1. Indebida verificación de los requisitos establecidos en la norma vigente con respecto al subsidio en mención. | I23: Fiscal | J23: Alta | K23: =IF(J23="","",IF(J23="Muy Baja",0.2,IF(J23="Baja",0.4,IF(J23="Media",0.6,IF(J23="Alta",0.8,IF(J23="Muy Alta",1,)))))) -> 0.8 | L23: Moderado | M23: =IF(L23="","",IF(L23="Leve",0.2,IF(L23="Menor",0.4,IF(L23="Moderado",0.6,IF(L23="Mayor",0.8,IF(L23="Catastrófico",1,)))))) -> 0.6 | N23: =IF(OR(AND(J23="Muy Baja",L23="Leve"),AND(J23="Muy Baja",L23="Menor"),AND(J23="Baja",L23="Leve")),"Bajo",IF(OR(AND(J23="Muy baja",L23="Moderado"),AND(J23="Baja",L23="Menor"),AND(J23="Baja",L23="Moderado"),AND(J23="Media",L23="Leve"),AND(J23="Media",L23="Menor"),AND(J23="Media",L23="Moderado"),AND(J23="Alta",L23="Leve"),AND(J23="Alta",L23="Menor")),"Moderado",IF(OR(AND(J23="Muy Baja",L23="Mayor"),AND(J23="Baja",L23="Mayor"),AND(J23="Media",L23="Mayor"),AND(J23="Alta",L23="Moderado"),AND(J23="Alta",L23="Mayor"),AND(J23="Muy Alta",L23="Leve"),AND(J23="Muy Alta",L23="Menor"),AND(J23="Muy Alta",L23="Moderado"),AND(J23="Muy Alta",L23="Mayor")),"Alto",IF(OR(AND(J23="Muy Baja",L23="Catastrófico"),AND(J23="Baja",L23="Catastrófico"),AND(J23="Media",L23="Catastrófico"),AND(J23="Alta",L23="Catastrófico"),AND(J23="Muy Alta",L23="Catastrófico")),"Extremo","")))) -> Alto | O23: 1 | P23: Los responsables de la verificación de requisitos para el otorgamiento del subsidio,verifican a los hogares postulados al subsidio, y validan el tipo de afiliación a la seguridad social de los integrantes mayores de edad de cada hogar. Esta validación se realiza a través del Sistema de Consulta de la Base de Datos Única de Afiliados del Sistema General de Seguridad Social en Salud (BDUA). Se verifica además, que el hogar no haya recibido un subsidio para vivienda de las cajas de compensación y se revisa en catastro a nivel nacional para verificar que las familias no posean otras viviendas distintas de la que fueron evacuadas. En caso que se identifiquen personas afiliadas al régimen contributivo como cotizantes, esto significa que dichas personas perciben ingresos ya sea a través de un contrato laboral o como independientes. Esta metodología de verificación facilita la identificación de aquellos integrantes del hogar que perciben ingresos para poder establecer el valor total de los mismos. Aquellos hogares con ingresos que superan los 2 SMMLV o que poseen vivienda, son los que no pueden acceder al Subsidio Distrital de Arrendamiento Temporal - SDAT. Hasta dos meses posterior a la notificación de los incumplimientos, el hogar puede aclarar la situación para obtener el subsidio. Documentado en: M-GS-05 - MANUAL PARA APLICACION DEL SUBSIDIO DE ARRENDAMIENTO TEMPORAL | Q23: =IF(OR(R23="Preventivo",R23="Detectivo"),"Probabilidad",IF(R23="Correctivo","Impacto","")) -> Probabilidad | R23: Preventivo | S23: Manual | T23: =IF(AND(R23="Preventivo",S23="Automático"),"50%",IF(AND(R23="Preventivo",S23="Manual"),"40%",IF(AND(R23="Detectivo",S23="Automático"),"40%",IF(AND(R23="Detectivo",S23="Manual"),"30%",IF(AND(R23="Correctivo",S23="Automático"),"35%",IF(AND(R23="Correctivo",S23="Manual"),"25%","")))))) -> 40% | U23: Documentado | V23: Continua | W23: Con Registro | X23: Base de datos inicial con potenciales beneficiarios del subsidio enviado por el operador. Base de datos definitiva con verificaciones adicionales del BDUA, catastro nacional, cajas de compensación. | Y23: =IFERROR(IF(Q23="Probabilidad",(K23-(+K23*T23)),IF(Q23="Impacto",K23,"")),"") -> 0.48 | Z23: =IFERROR(IF(Y23="","",IF(Y23<=0.2,"Muy Baja",IF(Y23<=0.4,"Baja",IF(Y23<=0.6,"Media",IF(Y23<=0.8,"Alta","Muy Alta"))))),"") -> Media | AA23: =+Y23 -> 0.48 | AB23: =IFERROR(IF(AC23="","",IF(AC23<=0.2,"Leve",IF(AC23<=0.4,"Menor",IF(AC23<=0.6,"Moderado",IF(AC23<=0.8,"Mayor","Catastrófico"))))),"") -> Moderado | AC23: =IFERROR(IF(Q23="Impacto",(M23-(+M23*T23)),IF(Q23="Probabilidad",M23,"")),"") -> 0.6 | AD23: =IFERROR(IF(AE23=0,"",IF(AND(AE23>0,AE23<=0.2),"Muy Baja",IF(AE23<=0.4,"Baja",IF(AE23<=0.6,"Media",IF(AE23<=0.8,"Alta","Muy Alta"))))),"") -> Muy Baja | AE23: =MIN(Y23:Y26) -> 0.10368 | AF23: =IFERROR(IF(AG23=0,"",IF(AND(AG23>0,AG23<=0.2),"Leve",IF(AG23<=0.4,"Menor",IF(AG23<=0.6,"Moderado",IF(AG23<=0.8,"Mayor","Catastrófico"))))),"") -> Moderado | AG23: =MIN(AC23:AC26) -> 0.6 | AH23: =IFERROR(IF(OR(AND(AD23="Muy Baja",AF23="Leve"),AND(AD23="Muy Baja",AF23="Menor"),AND(AD23="Baja",AF23="Leve")),"Bajo",IF(OR(AND(AD23="Muy Baja",AF23="Moderado"),AND(AD23="Baja",AF23="Menor"),AND(AD23="Baja",AF23="Moderado"),AND(AD23="Media",AF23="Leve"),AND(AD23="Media",AF23="Menor"),AND(AD23="Media",AF23="Moderado"),AND(AD23="Alta",AF23="Leve"),AND(AD23="Alta",AF23="Menor")),"Moderado",IF(OR(AND(AD23="Muy Baja",AF23="Mayor"),AND(AD23="Baja",AF23="Mayor"),AND(AD23="Media",AF23="Mayor"),AND(AD23="Alta",AF23="Moderado"),AND(AD23="Alta",AF23="Mayor"),AND(AD23="Muy Alta",AF23="Leve"),AND(AD23="Muy Alta",AF23="Menor"),AND(AD23="Muy Alta",AF23="Moderado"),AND(AD23="Muy Alta",AF23="Mayor")),"Alto",IF(OR(AND(AD23="Muy Baja",AF23="Catastrófico"),AND(AD23="Baja",AF23="Catastrófico"),AND(AD23="Media",AF23="Catastrófico"),AND(AD23="Alta",AF23="Catastrófico"),AND(AD23="Muy Alta",AF23="Catastrófico")),"Extremo","")))),"") -> Moderado | AI23: Reducir (mitigar) | AK23: El riesgo y sus causas continúan vigentes de acuerdo al contexto? (Ver Columnas F y H): El riesgo y sus causas continúan siendo vigentes, ya que actualmente se cuenta con el ITM como operador del SDAT (CONVENIO INTERADMINISTRATIVO 619 de 2025), para este trimestre se cuenta con un total de 2,248 hogares beneficiarios del SDAT, realizando los desembolsos de manera permanente y en el marco del cumplimiento de requisitos. Resolución de asignación del SDAT vigencia 2026 N° 123 de 2026. Se materializó el Riesgo? (Evento Potencial Principal. Columna F): No se ha materializado el riesgol, ya que, en este periodo de tiempo, no hemos tenido hallazgos en el proceso de asignación de los subsidios realizados en este trimestre, y estas asignaciones se han realizado en el marco de los procedimientos establecidos, sin superar el valor máximo del SDAT establecido en la resolución N°122 de 2026 Se materializaron las causas? (Eventos Potenciales Intermedios. Columna H): No se han materializado los Eventos Potenciales Intermedios, ya que, en este período de tiempo, no hemos recibido por parte del operador ningún informe que dé cuenta de la materialización de dichos eventos. Los Controles están bien diseñados, se aplican conforme al diseño y son efectivos? (Ver controles en la columna P / Concluir frente a cada control) Los controles están adecuadamente diseñados y se aplican correctamente, ya que el operador verifica periódicamente el cumplimiento de requisitos, solicita a las familias el certificado de ingresos o certificados laborales, realiza el análisis de cumplimiento y de acuerdo a los resultados, en caso de incumplimiento remite la resolución de terminación al Isvimed, donde se verifican que las resoluciones correspondan al impedimento que le hacen al grupo familiar y que la cancelación concuerde con el informe de notificación, se hacen los trámites respectivos para aprobar las resoluciones y notificar a las familias. La profesional responsable realizó los estudios previos correspondiente a la contratación del operador del SDAT donde se debe garantizar la idoneidad del personal contratado para la ejecución de las actividades que permiten el correcto pago del SDAT y desde la supervisión se generan periódicamente reuniones con los equipos. Que acciones propones o se están llevando a cabo para gestionar los riesgos y las causas que se materializaron? (Si no aplica colocar NA) N.A. Que acciones propones o se están llevando a cabo para fortalecer los controles? (Revisa también si se establecieron acciones en la columna AJ) Desde el proceso de supervisión del contrato con el ITM, se realiza un seguimiento y se implementan las mejoras correspondientes. | AL23: Convenio Operacion SDAT: https://isvimedgovco.sharepoint.com/:b:/s/8Poblacional/IQC9cTEFXpe2TZfQZQP4oXM2AdV2DfKWB60nKd9nltOjtgc?e=glo5dU Resolucion Valor del SDAT: https://isvimedgovco.sharepoint.com/:b:/s/8Poblacional/IQC9cTEFXpe2TZfQZQP4oXM2AdV2DfKWB60nKd9nltOjtgc?e=glo5dU Resolución asignación SDAT: https://isvimedgovco.sharepoint.com/:b:/s/8Poblacional/IQC9cTEFXpe2TZfQZQP4oXM2AdV2DfKWB60nKd9nltOjtgc?e=glo5dU | AM23: Se materializó el Riesgo? (Ver evento potencial principal en Columna F. Relacionar detalles de la materialización - que, como, cuando, donde): No se ha materializado el riesgo ya que, no hemos tenido hallazgos en el proceso de asignación de los subsidios de arrendamiento temporal realizados en este trimestre. Actualmente se cuenta con el ITM como operador del SDAT (CONVENIO INTERADMINISTRATIVO 619 de 2025), para este trimestre se cuenta con un total de 2.215 hogares beneficiarios del SDAT, a los cuales se les están realizando los desembolsos de manera permanente y en el marco del cumplimiento de requisitos. Resolución de asignación del SDAT vigencia 2026 N° 123 de 2026. Los Controles están bien diseñados, se aplican de acuerdo al diseño y son efectivos? (Ver controles en la columna P / Concluir frente a cada control) 1. Las asignaciones se han realizado en el marco de los procedimientos establecidos, y realizando la verificación del cumplimiento de requisitos de los hogares en el marco del decreto vigente, la Resolución de asignación del SDAT vigencia 2026 N° 123 de 2026 y el M-GS-05 - MANUAL PARA APLICACION DEL SUBSIDIO DE ARRENDAMIENTO TEMPORAL. 2. Se ha realizado la revisión de los los perfiles, las hojas de vida en los estudios previos y de la idoneidad en el proceso de contratación. 3. La supervisión del contrato del operador del proyecto de arrendamiento temporal, realizó las capacitaciones (jurídica, social, pagos, vinculaciones, cambio de vivienda, impedimentos) del semestre en enero de 2026. 4. El equipo de profesionales encargado del proceso verificó que el jefe de hogar haya firmado el acta de compromiso y la declaración juramentada donde asegura que la información y documentos suministrados son verídicos. Qué acciones propones o se están llevando a cabo para gestionar el riesgo que se materializó? (Si no aplica colocar N/A) N/A. Qué acciones propones o se están llevando a cabo para fortalecer los controles? (En el caso de que tener Acciones de mejora / Acciones correctivas en proceso, relacionar el avance. Si tienes acciones específicas a desarrollar en la columna AJ, también relacionar el avance) Continuar haciendo lo informado en el control 1. | AN23: Convenio Operacion SDAT: https://isvimedgovco.sharepoint.com/:b:/s/8Poblacional/IQC9cTEFXpe2TZfQZQP4oXM2AdV2DfKWB60nKd9nltOjtgc?e=glo5dU Resolución asignación SDAT: https://isvimedgovco.sharepoint.com/:b:/s/8Poblacional/IQAj0vEvwgV6RoZiHFVmW_tKAZt0tJQZU8LNp_js6kOaXQc?e=PSd8Yd https://isvimedgovco.sharepoint.com/:b:/s/8Poblacional/IQCyIEGY8OqaRp4YGbcjJWNpARWEuASfNKDTfi6P432Sfcc?e=lutEBc base de datos de familias beneficiadas de SDATa junio: https://isvimedgovco.sharepoint.com/:x:/s/8Poblacional/IQBXnX9t53WDQar_vvWqf474AUutwOGLPTDpdY1euS3-ooI?e=3P5Vhu Capacitaciones del semestre I-2026: https://isvimedgovco.sharepoint.com/:f:/s/8Poblacional/IgDvT3TVpd-HR6F_UWRCPZ7kAYprVcG11i-r-_Vr3VJNsUg?e=hzdyBl | AO23: Se materializó el Riesgo? (Ver evento potencial principal en Columna F. Relacionar detalles de la materialización - que, como, cuando, donde): Los Controles están bien diseñados, se aplican de acuerdo al diseño y son efectivos? (Ver controles en la columna P / Concluir frente a cada control) Que acciones propones o se están llevando a cabo para gestionar el riesgo que se materializó? (Si no aplica colocar N/A) Que acciones propones o se están llevando a cabo para fortalecer los controles? (En el caso de que tener Acciones de mejora / Acciones correctivas en proceso, relacionar el avance. Si tienes acciones específicas a desarrollar en la columna AJ, también relacionar el avance) | AQ23: Se materializó el Riesgo? (Ver evento potencial principal en Columna F. Relacionar detalles de la materialización - que, como, cuando, donde): Los Controles están bien diseñados, se aplican de acuerdo al diseño y son efectivos? (Ver controles en la columna P / Concluir frente a cada control) Que acciones propones o se están llevando a cabo para gestionar el riesgo que se materializó? (Si no aplica colocar N/A) Que acciones propones o se están llevando a cabo para fortalecer los controles? (En el caso de que tener Acciones de mejora / Acciones correctivas en proceso, relacionar el avance. Si tienes acciones específicas a desarrollar en la columna AJ, también relacionar el avance)
H24: 1.1. Falta de competencia e idoneidad del personal contratado. | O24: 1.1. | P24: El contratista jurídico de la Subdirección Poblacional revisa que los perfiles del cargo solicitado se incluyan en los estudios previos, así como de la revisión de las hojas de vida en concordancia con dichos perfiles. Para la verificación de idoneidad se utiliza el formato de verificación de idoneidad | Q24: =IF(OR(R24="Preventivo",R24="Detectivo"),"Probabilidad",IF(R24="Correctivo","Impacto","")) -> Probabilidad | R24: Preventivo | S24: Manual | T24: =IF(AND(R24="Preventivo",S24="Automático"),"50%",IF(AND(R24="Preventivo",S24="Manual"),"40%",IF(AND(R24="Detectivo",S24="Automático"),"40%",IF(AND(R24="Detectivo",S24="Manual"),"30%",IF(AND(R24="Correctivo",S24="Automático"),"35%",IF(AND(R24="Correctivo",S24="Manual"),"25%","")))))) -> 40% | U24: Sin Documentar | V24: Aleatoria | W24: Con Registro | X24: Estudio previo de cada contrato. Formato de verificación de idoneidad en el expediente de cada contrato | Y24: =IFERROR(IF(AND(Q23="Probabilidad",Q24="Probabilidad"),(AA23-(+AA23*T24)),IF(Q24="Probabilidad",(K23-(+K23*T24)),IF(Q24="Impacto",AA23,""))),"") -> 0.288 | Z24: =IFERROR(IF(Y24="","",IF(Y24<=0.2,"Muy Baja",IF(Y24<=0.4,"Baja",IF(Y24<=0.6,"Media",IF(Y24<=0.8,"Alta","Muy Alta"))))),"") -> Baja | AA24: =+Y24 -> 0.288 | AB24: =IFERROR(IF(AC24="","",IF(AC24<=0.2,"Leve",IF(AC24<=0.4,"Menor",IF(AC24<=0.6,"Moderado",IF(AC24<=0.8,"Mayor","Catastrófico"))))),"") -> Moderado | AC24: =IFERROR(IF(AND(Q23="Impacto",Q24="Impacto"),(AC23-(+AC23*T24)),IF(Q24="Impacto",($M$15-(+$M$15*T24)),IF(Q24="Probabilidad",AC23,""))),"") -> 0.6
H25: 1.2. Falta de conocimiento y aplicación de la normatividad aplicable y de los procedimientos internos relacionados con el Subsidio Distrital de Arrendamiento Temporal. | O25: 1.2. | P25: La supervisión colegiada del contrato del operador del proyecto de arrendamiento temporal, realiza capacitación al inicio del contrato y mínimo una semestral sobre la normatividad aplicable y los procedimientos internos relacionados con el Subsidio Distrital de Arrendamiento Temporal. | Q25: =IF(OR(R25="Preventivo",R25="Detectivo"),"Probabilidad",IF(R25="Correctivo","Impacto","")) -> Probabilidad | R25: Preventivo | S25: Manual | T25: =IF(AND(R25="Preventivo",S25="Automático"),"50%",IF(AND(R25="Preventivo",S25="Manual"),"40%",IF(AND(R25="Detectivo",S25="Automático"),"40%",IF(AND(R25="Detectivo",S25="Manual"),"30%",IF(AND(R25="Correctivo",S25="Automático"),"35%",IF(AND(R25="Correctivo",S25="Manual"),"25%","")))))) -> 40% | U25: Sin Documentar | V25: Continua | W25: Con Registro | X25: Registro de asistencia a la capacitación. Memoria audiovisual de la capacitación. | Y25: =IFERROR(IF(AND(Q24="Probabilidad",Q25="Probabilidad"),(AA24-(+AA24*T25)),IF(AND(Q24="Impacto",Q25="Probabilidad"),(AA23-(+AA23*T25)),IF(Q25="Impacto",AA24,""))),"") -> 0.1728 | Z25: =IFERROR(IF(Y25="","",IF(Y25<=0.2,"Muy Baja",IF(Y25<=0.4,"Baja",IF(Y25<=0.6,"Media",IF(Y25<=0.8,"Alta","Muy Alta"))))),"") -> Muy Baja | AA25: =+Y25 -> 0.1728 | AB25: =IFERROR(IF(AC25="","",IF(AC25<=0.2,"Leve",IF(AC25<=0.4,"Menor",IF(AC25<=0.6,"Moderado",IF(AC25<=0.8,"Mayor","Catastrófico"))))),"") -> Moderado | AC25: =IFERROR(IF(AND(Q24="Impacto",Q25="Impacto"),(AC24-(+AC24*T25)),IF(AND(Q24="Probabilidad",Q25="Impacto"),(AC23-(+AC23*T25)),IF(Q25="Probabilidad",AC24,""))),"") -> 0.6
H26: 2. Aporte de documentación falsa por parte de los hogares. | O26: 2 | P26: El profesional encargado del proceso verifica que el jefe de hogar haya firmado el acta de compromiso y la declaración juramentada donde asegura que la información y documentos suministrados son verídicos. | Q26: =IF(OR(R26="Preventivo",R26="Detectivo"),"Probabilidad",IF(R26="Correctivo","Impacto","")) -> Probabilidad | R26: Preventivo | S26: Manual | T26: =IF(AND(R26="Preventivo",S26="Automático"),"50%",IF(AND(R26="Preventivo",S26="Manual"),"40%",IF(AND(R26="Detectivo",S26="Automático"),"40%",IF(AND(R26="Detectivo",S26="Manual"),"30%",IF(AND(R26="Correctivo",S26="Automático"),"35%",IF(AND(R26="Correctivo",S26="Manual"),"25%","")))))) -> 40% | U26: Sin Documentar | V26: Continua | W26: Con Registro | X26: Documento de declaración juramentada y documento de acta de compromiso en carpeta de cada beneficiario | Y26: =IFERROR(IF(AND(Q25="Probabilidad",Q26="Probabilidad"),(AA25-(+AA25*T26)),IF(AND(Q25="Impacto",Q26="Probabilidad"),(AA24-(+AA24*T26)),IF(Q26="Impacto",AA25,""))),"") -> 0.10368 | Z26: =IFERROR(IF(Y26="","",IF(Y26<=0.2,"Muy Baja",IF(Y26<=0.4,"Baja",IF(Y26<=0.6,"Media",IF(Y26<=0.8,"Alta","Muy Alta"))))),"") -> Muy Baja | AA26: =+Y26 -> 0.10368 | AB26: =IFERROR(IF(AC26="","",IF(AC26<=0.2,"Leve",IF(AC26<=0.4,"Menor",IF(AC26<=0.6,"Moderado",IF(AC26<=0.8,"Mayor","Catastrófico"))))),"") -> Moderado | AC26: =IFERROR(IF(AND(Q25="Impacto",Q26="Impacto"),(AC25-(+AC25*T26)),IF(AND(Q25="Probabilidad",Q26="Impacto"),(AC24-(+AC24*T26)),IF(Q26="Probabilidad",AC25,""))),"") -> 0.6
A27: GS9 | B27: Lograr un 95% de asignación del subsidio distrital de arrendamiento temporal con respecto a los hogares viabilizados. | C27: Acompañamiento social a población sujeto de reasentamiento por riesgo, desastre y/o calamidad (Arrendamiento temporal) | D27: Posibilidad de afectación económica y reputacional | E27: Por pago indebido del Subsidio Distrital de Arrendamiento Temporal. Por perdida de oportunidad para disfrutar del Subsidio Distrital de Arrendamiento Temporal a otros hogares que cumplen con los requistos. Por hallazgos de los entes de control. | F27: Debido al desembolso del recurso sin el cumplimiento de requisitos, durante el tiempo en que este tiene la asignación del subsidio. Debido a errores en los pagos por parte del operador de arrendamiento temporal (pagos dobles, pagos por valores distintos a los obligados, realización de pagos sin disponibilidad de recursos, etc.) | G27: Posibilidad de afectación económica y reputacional reflejada en el pago indebido del Subsidio Distrital de Arrendamiento Temporal, en la pérdida de oportunidad para disfrutar dicho subsidio a otros hogares que cumplen con los requistos y por hallazgos de los entes de control. Lo anterior, debido al desembolso del recurso sin el cumplimiento de requisitos, durante el tiempo en que el beneficiario tiene la asignación del subsidio, asi como por errores en los pagos por parte del operador de arrendamiento temporal (pagos dobles, pagos por valores distintos a los obligados, realización de pagos sin disponibilidad de recursos, etc.). | H27: 1. Incumplimiento por parte del beneficiario de actualizar la información que inicialmente proporcionó para otorgar el subsidio. | I27: Fiscal | J27: Alta | K27: =IF(J27="","",IF(J27="Muy Baja",0.2,IF(J27="Baja",0.4,IF(J27="Media",0.6,IF(J27="Alta",0.8,IF(J27="Muy Alta",1,)))))) -> 0.8 | L27: Moderado | M27: =IF(L27="","",IF(L27="Leve",0.2,IF(L27="Menor",0.4,IF(L27="Moderado",0.6,IF(L27="Mayor",0.8,IF(L27="Catastrófico",1,)))))) -> 0.6 | N27: =IF(OR(AND(J27="Muy Baja",L27="Leve"),AND(J27="Muy Baja",L27="Menor"),AND(J27="Baja",L27="Leve")),"Bajo",IF(OR(AND(J27="Muy baja",L27="Moderado"),AND(J27="Baja",L27="Menor"),AND(J27="Baja",L27="Moderado"),AND(J27="Media",L27="Leve"),AND(J27="Media",L27="Menor"),AND(J27="Media",L27="Moderado"),AND(J27="Alta",L27="Leve"),AND(J27="Alta",L27="Menor")),"Moderado",IF(OR(AND(J27="Muy Baja",L27="Mayor"),AND(J27="Baja",L27="Mayor"),AND(J27="Media",L27="Mayor"),AND(J27="Alta",L27="Moderado"),AND(J27="Alta",L27="Mayor"),AND(J27="Muy Alta",L27="Leve"),AND(J27="Muy Alta",L27="Menor"),AND(J27="Muy Alta",L27="Moderado"),AND(J27="Muy Alta",L27="Mayor")),"Alto",IF(OR(AND(J27="Muy Baja",L27="Catastrófico"),AND(J27="Baja",L27="Catastrófico"),AND(J27="Media",L27="Catastrófico"),AND(J27="Alta",L27="Catastrófico"),AND(J27="Muy Alta",L27="Catastrófico")),"Extremo","")))) -> Alto | O27: 1 | P27: El acta de compromiso incluye la obligación por parte del beneficiario de informar sobre cualquier cambio en la información que le permitió acceder al subisido. El Isvimed, cuando se identifican cambios no informados por parte de los beneficiarios sobre las condiciones que le permitieron acceder al subisdio, procede a la terminación del mismo y eventualmente a la solicitud de la devolución del recurso indebidamente pagado. | Q27: =IF(OR(R27="Preventivo",R27="Detectivo"),"Probabilidad",IF(R27="Correctivo","Impacto","")) -> Impacto | R27: Correctivo | S27: Manual | T27: =IF(AND(R27="Preventivo",S27="Automático"),"50%",IF(AND(R27="Preventivo",S27="Manual"),"40%",IF(AND(R27="Detectivo",S27="Automático"),"40%",IF(AND(R27="Detectivo",S27="Manual"),"30%",IF(AND(R27="Correctivo",S27="Automático"),"35%",IF(AND(R27="Correctivo",S27="Manual"),"25%","")))))) -> 25% | U27: Sin Documentar | V27: Aleatoria | W27: Con Registro | X27: Acta de compromiso en carpeta de cada beneficiario del subsidio. Resolución de terminación del subsidio. | Y27: =IFERROR(IF(Q27="Probabilidad",(K27-(+K27*T27)),IF(Q27="Impacto",K27,"")),"") -> 0.8 | Z27: =IFERROR(IF(Y27="","",IF(Y27<=0.2,"Muy Baja",IF(Y27<=0.4,"Baja",IF(Y27<=0.6,"Media",IF(Y27<=0.8,"Alta","Muy Alta"))))),"") -> Alta | AA27: =+Y27 -> 0.8 | AB27: =IFERROR(IF(AC27="","",IF(AC27<=0.2,"Leve",IF(AC27<=0.4,"Menor",IF(AC27<=0.6,"Moderado",IF(AC27<=0.8,"Mayor","Catastrófico"))))),"") -> Moderado | AC27: =IFERROR(IF(Q27="Impacto",(M27-(+M27*T27)),IF(Q27="Probabilidad",M27,"")),"") -> 0.45 | AD27: =IFERROR(IF(AE27=0,"",IF(AND(AE27>0,AE27<=0.2),"Muy Baja",IF(AE27<=0.4,"Baja",IF(AE27<=0.6,"Media",IF(AE27<=0.8,"Alta","Muy Alta"))))),"") -> Muy Baja | AE27: =MIN(Y27:Y32) -> 0.084672 | AF27: =IFERROR(IF(AG27=0,"",IF(AND(AG27>0,AG27<=0.2),"Leve",IF(AG27<=0.4,"Menor",IF(AG27<=0.6,"Moderado",IF(AG27<=0.8,"Mayor","Catastrófico"))))),"") -> Moderado | AG27: =MIN(AC27:AC32) -> 0.45 | AH27: =IFERROR(IF(OR(AND(AD27="Muy Baja",AF27="Leve"),AND(AD27="Muy Baja",AF27="Menor"),AND(AD27="Baja",AF27="Leve")),"Bajo",IF(OR(AND(AD27="Muy Baja",AF27="Moderado"),AND(AD27="Baja",AF27="Menor"),AND(AD27="Baja",AF27="Moderado"),AND(AD27="Media",AF27="Leve"),AND(AD27="Media",AF27="Menor"),AND(AD27="Media",AF27="Moderado"),AND(AD27="Alta",AF27="Leve"),AND(AD27="Alta",AF27="Menor")),"Moderado",IF(OR(AND(AD27="Muy Baja",AF27="Mayor"),AND(AD27="Baja",AF27="Mayor"),AND(AD27="Media",AF27="Mayor"),AND(AD27="Alta",AF27="Moderado"),AND(AD27="Alta",AF27="Mayor"),AND(AD27="Muy Alta",AF27="Leve"),AND(AD27="Muy Alta",AF27="Menor"),AND(AD27="Muy Alta",AF27="Moderado"),AND(AD27="Muy Alta",AF27="Mayor")),"Alto",IF(OR(AND(AD27="Muy Baja",AF27="Catastrófico"),AND(AD27="Baja",AF27="Catastrófico"),AND(AD27="Media",AF27="Catastrófico"),AND(AD27="Alta",AF27="Catastrófico"),AND(AD27="Muy Alta",AF27="Catastrófico")),"Extremo","")))),"") -> Moderado | AK27: El riesgo y sus causas continúan vigentes de acuerdo al contexto? (Ver Columnas F y H):AQ27 El riesgo y sus causas continúan siendo vigentes, ya que actualmente se cuenta con el ITM como operador del SDAT (CONVENIO INTERADMINISTRATIVO 619 de 2025), para este trimestre se cuenta con un total de 2,248 hogares beneficiarios del SDAT, realizando los desembolsos de manera permanente y en el marco del cumplimiento de requisitos. Resolución de asignación del SDAT vigencia 2026 N° 123 de 2026. Se materializó el Riesgo? (Evento Potencial Principal. Columna F): No se ha materializado el Evento Potencial Principal, ya que en este periodo de tiempo, no hemos tenido hallazgos de entes de control y los pagos de este trimestre, se han realizado en el marco del cumplimiento de requisitos. Se materializaron las causas? (Eventos Potenciales Intermedios. Columna H): Se ha materializado parcialmente el Evento Potencial Intermedio N° 1, ya que en el operador reportó los hogares que incumplen con requisitos, y pasó las resoluciones de terminación del SDAT para este trimestre de 8 hogares, actualmente, se está haciendo por parte del equipo del Isvimed el trámite definido para la revisión de las resoluciones y las notificaciones a las familias de las mismas. Los Controles están bien diseñados, se aplican conforme al diseño y son efectivos? (Ver controles en la columna P / Concluir frente a cada control) Los controles están adecuadamente diseñados y se aplican correctamente y su concreción esta descrita en los puntos anteriores. El proceso que debe surtir cuando llega al ISVIMED la resolución por parte del ITM, implica verificar que la resolución este acorde a la notificación de impedimento que le hacen al grupo familiar y que la cancelación concuerde con el informe de notificación, revisión de la calidad y coherencia del escrito, recolección de firmas directivos, solicitud de numeración, citación a notificación, notificación de la familia, realizar la notificación por aviso. Que acciones propones o se están llevando a cabo para gestionar los riesgos y las causas que se materializaron? (Si no aplica colocar NA) N.A. Que acciones propones o se están llevando a cabo para fortalecer los controles? (Revisa también si se establecieron acciones en la columna AJ) Acciones derivadas de materialización de eventos / fortalecimiento de controles: Ya se cuenta con el procedimiento para abordar estas situaciones dado en el Manual de aplicación del SDAT se hace por parte del equipo del Isvimed el trámite definido para la revisión de las resoluciones de terminación del SDV y la notificación a las familias de las mismas. | AL27: Reporte de terminaciones del SDAT https://isvimedgovco.sharepoint.com/:x:/s/8Poblacional/IQA2vamscRZSSKtKojPUn0e1ATTBH_NChYxNehyBbVf1x8A?e=r43Qfe | AM27: Se materializó el Riesgo? (Ver evento potencial principal en Columna F. Relacionar detalles de la materialización - que, como, cuando, donde): No se ha materializado el riesgo ya que se esta implementando el M-GS-09 MANUAL PARA EL ACOMPAÑAMIENTO SOCIAL A LA POBLACIÓN SUJETO DE REASENTAMIENTO POR RIESGO DESASTRE Y EMERGENCIA, ya que actualmente se cuenta con el ITM como operador del SDAT (CONVENIO INTERADMINISTRATIVO 619 de 2025), para este trimestre se cuenta con un total de 2,215 hogares beneficiarios del SDAT, realizando los desembolsos de manera permanente y en el marco del cumplimiento de requisitos. Resolución de asignación del SDAT vigencia 2026 N° 123 de 2026. Los Controles están bien diseñados, se aplican de acuerdo al diseño y son efectivos? (Ver controles en la columna P / Concluir frente a cada control) 1. El procedimiento definido para tal efecto se cumple para las familias que incumplen requisitos, para este período el operador reportó 13 hogares, y pasó las resoluciones de terminación del SDAT, actualmente, el equipo del Isvimed realiza o realizó el trámite definido para la revisión de las resoluciones y las notificaciones a las familias de las mismas. 2. Se cumple con los parámetros de contratación establecidos y los procedimientos para la verificación de obligaciones y compromiso del beneficiario, las socializaciones realizadas con el equipo de trabajo, y la aplicación para el seguimiento a cumplimiento de requisitos para la asignación del subsidio y la misma asignación como tal. 3. Se cuenta con la Resolución de asignación del SDAT vigencia 2026 N° 123 de 2026. Qué acciones propones o se están llevando a cabo para gestionar el riesgo que se materializó? (Si no aplica colocar N/A) Se continua con la implmentación del procedimiento definido para agilizar las notificaciones de las resoluciones a las familias. Qué acciones propones o se están llevando a cabo para fortalecer los controles? (En el caso de que tener Acciones de mejora / Acciones correctivas en proceso, relacionar el avance. Si tienes acciones específicas a desarrollar en la columna AJ, también relacionar el avance). Continuar con el proceso definido para el trámite como ISVIMED de las resoluciones de terminación del SDAT. | AN27: Base de datos de resoluciones de terminación: https://isvimedgovco.sharepoint.com/:x:/r/sites/8Poblacional-02.Arrendamientotemporal/Documentos%20compartidos/02.Arrendamiento%20temporal/Terminaciones/BASE%20DE%20DATOS%20TERMINACIONES%20CONSOLIDADO%20ABRIL.xlsx?d=w62082ebf6ea84cc28769fef93f85b30a&csf=1&web=1&e=CHXpTK Indicador de Hogares beneficiados con Arrendamiento Temporal https://sifi.isvimed.gov.co/indicadores/visualizar?id=962 | AO27: Se materializó el Riesgo? (Ver evento potencial principal en Columna F. Relacionar detalles de la materialización - que, como, cuando, donde): Los Controles están bien diseñados, se aplican de acuerdo al diseño y son efectivos? (Ver controles en la columna P / Concluir frente a cada control) Que acciones propones o se están llevando a cabo para gestionar el riesgo que se materializó? (Si no aplica colocar N/A) Que acciones propones o se están llevando a cabo para fortalecer los controles? (En el caso de que tener Acciones de mejora / Acciones correctivas en proceso, relacionar el avance. Si tienes acciones específicas a desarrollar en la columna AJ, también relacionar el avance) | AQ27: Se materializó el Riesgo? (Ver evento potencial principal en Columna F. Relacionar detalles de la materialización - que, como, cuando, donde): Los Controles están bien diseñados, se aplican de acuerdo al diseño y son efectivos? (Ver controles en la columna P / Concluir frente a cada control) Que acciones propones o se están llevando a cabo para gestionar el riesgo que se materializó? (Si no aplica colocar N/A) Que acciones propones o se están llevando a cabo para fortalecer los controles? (En el caso de que tener Acciones de mejora / Acciones correctivas en proceso, relacionar el avance. Si tienes acciones específicas a desarrollar en la columna AJ, también relacionar el avance)
H28: 2. Falta de verificación de requsitos establecidos en la normatividad vigente con respecto al Subsidio Distrital de Arrendamiento Temporal previo a cada pago. | O28: 2.1. | P28: El supervisor del contrato del operador verifica que este haya hecho firmar por parte del beneficiario la carta de compromiso, a través de la cual el hogar se compromete a notificar al Isvimed sobre cualquier cambio en las condiciones iniciales que le permitieron acceder al subsidio. | Q28: =IF(OR(R28="Preventivo",R28="Detectivo"),"Probabilidad",IF(R28="Correctivo","Impacto","")) -> Probabilidad | R28: Preventivo | S28: Manual | T28: =IF(AND(R28="Preventivo",S28="Automático"),"50%",IF(AND(R28="Preventivo",S28="Manual"),"40%",IF(AND(R28="Detectivo",S28="Automático"),"40%",IF(AND(R28="Detectivo",S28="Manual"),"30%",IF(AND(R28="Correctivo",S28="Automático"),"35%",IF(AND(R28="Correctivo",S28="Manual"),"25%","")))))) -> 40% | U28: Sin Documentar | V28: Continua | W28: Con Registro | X28: Carta de compromiso firmada por cada beneficiario del subsidio. Informes de ejecución por parte del operador del proyecto de arrendamiento temporal aprobados por la supervisión colegiada del Isvimed. | Y28: =IFERROR(IF(AND(Q27="Probabilidad",Q28="Probabilidad"),(AA27-(+AA27*T28)),IF(Q28="Probabilidad",(K27-(+K27*T28)),IF(Q28="Impacto",AA27,""))),"") -> 0.48 | Z28: =IFERROR(IF(Y28="","",IF(Y28<=0.2,"Muy Baja",IF(Y28<=0.4,"Baja",IF(Y28<=0.6,"Media",IF(Y28<=0.8,"Alta","Muy Alta"))))),"") -> Media | AA28: =+Y28 -> 0.48 | AB28: =IFERROR(IF(AC28="","",IF(AC28<=0.2,"Leve",IF(AC28<=0.4,"Menor",IF(AC28<=0.6,"Moderado",IF(AC28<=0.8,"Mayor","Catastrófico"))))),"") -> Moderado | AC28: =IFERROR(IF(AND(Q27="Impacto",Q28="Impacto"),(AC27-(+AC27*T28)),IF(Q28="Impacto",($M$15-(+$M$15*T28)),IF(Q28="Probabilidad",AC27,""))),"") -> 0.45
O29: 2.2. | P29: El supervisor del contrato del operador verifica que se hayan realizado por parte del mismo, la socialización inicial y socializaciones periódicas de las condiciones para continuar disfrutando del subsidio a los hogares. | Q29: =IF(OR(R29="Preventivo",R29="Detectivo"),"Probabilidad",IF(R29="Correctivo","Impacto","")) -> Probabilidad | R29: Preventivo | S29: Manual | T29: =IF(AND(R29="Preventivo",S29="Automático"),"50%",IF(AND(R29="Preventivo",S29="Manual"),"40%",IF(AND(R29="Detectivo",S29="Automático"),"40%",IF(AND(R29="Detectivo",S29="Manual"),"30%",IF(AND(R29="Correctivo",S29="Automático"),"35%",IF(AND(R29="Correctivo",S29="Manual"),"25%","")))))) -> 40% | U29: Sin Documentar | V29: Continua | W29: Con Registro | X29: Informes de ejecución por parte del operador del proyecto de arrendamiento temporal aprobados por la supervisión colegiada del Isvimed. | Y29: =IFERROR(IF(AND(Q28="Probabilidad",Q29="Probabilidad"),(AA28-(+AA28*T29)),IF(AND(Q28="Impacto",Q29="Probabilidad"),(AA27-(+AA27*T29)),IF(Q29="Impacto",AA28,""))),"") -> 0.288 | Z29: =IFERROR(IF(Y29="","",IF(Y29<=0.2,"Muy Baja",IF(Y29<=0.4,"Baja",IF(Y29<=0.6,"Media",IF(Y29<=0.8,"Alta","Muy Alta"))))),"") -> Baja | AA29: =+Y29 -> 0.288 | AB29: =IFERROR(IF(AC29="","",IF(AC29<=0.2,"Leve",IF(AC29<=0.4,"Menor",IF(AC29<=0.6,"Moderado",IF(AC29<=0.8,"Mayor","Catastrófico"))))),"") -> Moderado | AC29: =IFERROR(IF(AND(Q28="Impacto",Q29="Impacto"),(AC28-(+AC28*T29)),IF(AND(Q28="Probabilidad",Q29="Impacto"),(AC27-(+AC27*T29)),IF(Q29="Probabilidad",AC28,""))),"") -> 0.45
O30: 2.3. | P30: Los responsables de la verificación de requisitos para el otorgamiento del subsidio, escogen cada mes de manera aleatoria un numero de hogares beneficiados con el subsidio (se revisa la totalidad de la base de datos de beneficiarios durante la vigencia de los subsidios) , y validan el tipo de afiliación a la seguridad social de los integrantes mayores de edad de cada hogar. Esta validación se realiza a través del Sistema de Consulta de la Base de Datos Única de Afiliados del Sistema General de Seguridad Social en Salud (BDUA). En caso que se identifiquen personas afiliadas al régimen contributivo como cotizantes, esto significa que dichas personas perciben ingresos ya sea a través de un contrato laboral o como independientes. Esta metodología de verificación facilita la identificación de aquellos integrantes del hogar que perciben ingresos para poder establecer el valor total de los mismos. Aquellos hogares con ingresos que no superan los 2 SMMLV, son los que pueden continuar recibiendo del Subsidio Distrital de Arrendamiento Temporal - SDAT. El profesional responsable asignado por la Subdirección Poblacional verifica la asignación de subsidios de vivienda por parte de entidades gubernamentales y verifica en catastro los bienes inmuebles a nombre de los beneficiarios con el objetivo de identificar aquellos integrantes del hogar que tienen cruce y no pueden ser beneficiarios del Subsidio Distrital de Arrendamiento Temporal. | Q30: =IF(OR(R30="Preventivo",R30="Detectivo"),"Probabilidad",IF(R30="Correctivo","Impacto","")) -> Probabilidad | R30: Detectivo | S30: Manual | T30: =IF(AND(R30="Preventivo",S30="Automático"),"50%",IF(AND(R30="Preventivo",S30="Manual"),"40%",IF(AND(R30="Detectivo",S30="Automático"),"40%",IF(AND(R30="Detectivo",S30="Manual"),"30%",IF(AND(R30="Correctivo",S30="Automático"),"35%",IF(AND(R30="Correctivo",S30="Manual"),"25%","")))))) -> 30% | U30: Sin Documentar | V30: Aleatoria | W30: Con Registro | X30: Informes de ejecución por parte del operador del proyecto de arrendamiento temporal, aprobados por la supervisión colegiada por parte del Isvimed. | Y30: =IFERROR(IF(AND(Q29="Probabilidad",Q30="Probabilidad"),(AA29-(+AA29*T30)),IF(AND(Q29="Impacto",Q30="Probabilidad"),(AA28-(+AA28*T30)),IF(Q30="Impacto",AA29,""))),"") -> 0.2016 | Z30: =IFERROR(IF(Y30="","",IF(Y30<=0.2,"Muy Baja",IF(Y30<=0.4,"Baja",IF(Y30<=0.6,"Media",IF(Y30<=0.8,"Alta","Muy Alta"))))),"") -> Baja | AA30: =+Y30 -> 0.2016 | AB30: =IFERROR(IF(AC30="","",IF(AC30<=0.2,"Leve",IF(AC30<=0.4,"Menor",IF(AC30<=0.6,"Moderado",IF(AC30<=0.8,"Mayor","Catastrófico"))))),"") -> Moderado | AC30: =IFERROR(IF(AND(Q29="Impacto",Q30="Impacto"),(AC29-(+AC29*T30)),IF(AND(Q29="Probabilidad",Q30="Impacto"),(AC28-(+AC28*T30)),IF(Q30="Probabilidad",AC29,""))),"") -> 0.45
O31: 2.4. | P31: La supervisión colegiada del Isvimed verifica que los profesionales sociales y jurídicos del operador realicen de manera aleatoria visitas a los hogares beneficiarios del Subsidio Municipal de Arrendamiento Temporal para identificar que el grupo familiar informado efectivamente habita la vivienda | Q31: =IF(OR(R31="Preventivo",R31="Detectivo"),"Probabilidad",IF(R31="Correctivo","Impacto","")) -> Probabilidad | R31: Detectivo | S31: Manual | T31: =IF(AND(R31="Preventivo",S31="Automático"),"50%",IF(AND(R31="Preventivo",S31="Manual"),"40%",IF(AND(R31="Detectivo",S31="Automático"),"40%",IF(AND(R31="Detectivo",S31="Manual"),"30%",IF(AND(R31="Correctivo",S31="Automático"),"35%",IF(AND(R31="Correctivo",S31="Manual"),"25%","")))))) -> 30% | U31: Sin Documentar | V31: Aleatoria | W31: Con Registro | X31: Informes de ejecución por parte del operador del proyecto de arrendamiento temporal, aprobados por la supervisión colegiada por parte del Isvimed. | Y31: =IFERROR(IF(AND(Q30="Probabilidad",Q31="Probabilidad"),(AA30-(+AA30*T31)),IF(AND(Q30="Impacto",Q31="Probabilidad"),(AA29-(+AA29*T31)),IF(Q31="Impacto",AA30,""))),"") -> 0.14112 | Z31: =IFERROR(IF(Y31="","",IF(Y31<=0.2,"Muy Baja",IF(Y31<=0.4,"Baja",IF(Y31<=0.6,"Media",IF(Y31<=0.8,"Alta","Muy Alta"))))),"") -> Muy Baja | AA31: =+Y31 -> 0.14112 | AB31: =IFERROR(IF(AC31="","",IF(AC31<=0.2,"Leve",IF(AC31<=0.4,"Menor",IF(AC31<=0.6,"Moderado",IF(AC31<=0.8,"Mayor","Catastrófico"))))),"") -> Moderado | AC31: =IFERROR(IF(AND(Q30="Impacto",Q31="Impacto"),(AC30-(+AC30*T31)),IF(AND(Q30="Probabilidad",Q31="Impacto"),(AC29-(+AC29*T31)),IF(Q31="Probabilidad",AC30,""))),"") -> 0.45
H32: 3. Fallas en la revisión de las jornadas de pagos presentadas por el operador. | O32: 3 | P32: La supervisión financiera verifica que los pagos se encuentren amparados por una resolución de asignación, verifica el valor a pagar, el mes, la cuenta bancaria, la disponibilidad de recursos, la fechas de las prórrogas del contrato, los documentos del Jefe de Hogar y la carpeta. | Q32: =IF(OR(R32="Preventivo",R32="Detectivo"),"Probabilidad",IF(R32="Correctivo","Impacto","")) -> Probabilidad | R32: Preventivo | S32: Manual | T32: =IF(AND(R32="Preventivo",S32="Automático"),"50%",IF(AND(R32="Preventivo",S32="Manual"),"40%",IF(AND(R32="Detectivo",S32="Automático"),"40%",IF(AND(R32="Detectivo",S32="Manual"),"30%",IF(AND(R32="Correctivo",S32="Automático"),"35%",IF(AND(R32="Correctivo",S32="Manual"),"25%","")))))) -> 40% | U32: Sin Documentar | V32: Continua | W32: Con Registro | X32: Corrreos de aprobación de la jormada de pagos por parte de la supervisión financiera del contrato con el operador de arrendamiento de temporal | Y32: =IFERROR(IF(AND(Q31="Probabilidad",Q32="Probabilidad"),(AA31-(+AA31*T32)),IF(AND(Q31="Impacto",Q32="Probabilidad"),(AA30-(+AA30*T32)),IF(Q32="Impacto",AA31,""))),"") -> 0.084672 | Z32: =IFERROR(IF(Y32="","",IF(Y32<=0.2,"Muy Baja",IF(Y32<=0.4,"Baja",IF(Y32<=0.6,"Media",IF(Y32<=0.8,"Alta","Muy Alta"))))),"") -> Muy Baja | AA32: =+Y32 -> 0.084672 | AB32: =IFERROR(IF(AC32="","",IF(AC32<=0.2,"Leve",IF(AC32<=0.4,"Menor",IF(AC32<=0.6,"Moderado",IF(AC32<=0.8,"Mayor","Catastrófico"))))),"") -> Moderado | AC32: =IFERROR(IF(AND(Q31="Impacto",Q32="Impacto"),(AC31-(+AC31*T32)),IF(AND(Q31="Probabilidad",Q32="Impacto"),(AC30-(+AC30*T32)),IF(Q32="Probabilidad",AC31,""))),"") -> 0.45
A33: GS10 | B33: Acompañar el 100% de hogares priorizados con solución de vivienda definitiva de la población de riesgo, desastre y/o calamidad para la concurrencia de subsidios y recursos, en el cuatrienio 2024-2027 | C33: Acompañamiento social a población sujeto de reasentamiento por riesgo, desastre y/o calamidad | D33: Posibilidad de afectación reputacional del Instituto | E33: reflejada en la existencia de las PQRSD y tutelas por parte de la población afectada derivadas de la falta de atención y acompañamiento para lograr una solución de vivienda definitiva. | F33: debido a deficiencias en el acompañamiento social a los hogares priorizados con solución de vivienda definitiva de la población de riesgo, desastre y/o calamidad para la concurrencia de subsidios y recursos. | G33: Posibilidad de afectación reputacional del Instituto reflejada en la existencia de las PQRSD y tutelas por parte de la población afectada derivadas de la falta de atención y acompañamiento para lograr una solución de vivienda definitiva. Lo anterior, debido a deficiencias en el acompañamiento social a los hogares priorizados con solución de vivienda definitiva de la población de riesgo, desastre y/o calamidad para la concurrencia de subsidios y recursos. | H33: No se cuenta con personal suficiente e idoneo para el acompañamiento social | I33: Gestión | J33: Media | K33: =IF(J33="","",IF(J33="Muy Baja",0.2,IF(J33="Baja",0.4,IF(J33="Media",0.6,IF(J33="Alta",0.8,IF(J33="Muy Alta",1,)))))) -> 0.6 | L33: Moderado | M33: =IF(L33="","",IF(L33="Leve",0.2,IF(L33="Menor",0.4,IF(L33="Moderado",0.6,IF(L33="Mayor",0.8,IF(L33="Catastrófico",1,)))))) -> 0.6 | N33: =IF(OR(AND(J33="Muy Baja",L33="Leve"),AND(J33="Muy Baja",L33="Menor"),AND(J33="Baja",L33="Leve")),"Bajo",IF(OR(AND(J33="Muy baja",L33="Moderado"),AND(J33="Baja",L33="Menor"),AND(J33="Baja",L33="Moderado"),AND(J33="Media",L33="Leve"),AND(J33="Media",L33="Menor"),AND(J33="Media",L33="Moderado"),AND(J33="Alta",L33="Leve"),AND(J33="Alta",L33="Menor")),"Moderado",IF(OR(AND(J33="Muy Baja",L33="Mayor"),AND(J33="Baja",L33="Mayor"),AND(J33="Media",L33="Mayor"),AND(J33="Alta",L33="Moderado"),AND(J33="Alta",L33="Mayor"),AND(J33="Muy Alta",L33="Leve"),AND(J33="Muy Alta",L33="Menor"),AND(J33="Muy Alta",L33="Moderado"),AND(J33="Muy Alta",L33="Mayor")),"Alto",IF(OR(AND(J33="Muy Baja",L33="Catastrófico"),AND(J33="Baja",L33="Catastrófico"),AND(J33="Media",L33="Catastrófico"),AND(J33="Alta",L33="Catastrófico"),AND(J33="Muy Alta",L33="Catastrófico")),"Extremo","")))) -> Moderado | O33: 1 | P33: El profesional líder de la línea de acción identifica las necesidades de recursos para cada vigencia y las somete a aprobación por parte de la Subdirección Poblacional, para su posterior inclusión en el presupuesto institucional y en el plan anual de adquisiciones. El profesional líder de la línea de acción, realiza seguimiento al cumplimiento de la contratación de personal de acuerdo al Plan Anual de Adquisiciones. Con relación a la idoneidad del personal, el Subdirector Poblacional en relación con la contratación de personal de prestación de servicios profesionales, verifica en el Estudio Previo respectivo, que la idoneidad y experiencia requerida sea coherente con las obligaciones contractuales a desarrollar, y procede a firmarlo en consecuencia. El líder de la línea de acción, para efectos de la suscripción del contrato, verifica la idoneidad del personal a contratar y la certifica a través del certificado de estudio de idoneidad y experiencia para contratos de prestación de servicios personales. Documentado en: MANUAL DE CONTRATACIÓN | Q33: =IF(OR(R33="Preventivo",R33="Detectivo"),"Probabilidad",IF(R33="Correctivo","Impacto","")) -> Probabilidad | R33: Preventivo | S33: Manual | T33: =IF(AND(R33="Preventivo",S33="Automático"),"50%",IF(AND(R33="Preventivo",S33="Manual"),"40%",IF(AND(R33="Detectivo",S33="Automático"),"40%",IF(AND(R33="Detectivo",S33="Manual"),"30%",IF(AND(R33="Correctivo",S33="Automático"),"35%",IF(AND(R33="Correctivo",S33="Manual"),"25%","")))))) -> 40% | U33: Sin Documentar | V33: Aleatoria | W33: Con Registro | X33: Formato de solicitud de necesidades Plan de Anual de Adquisiciones y evidencias de ejecución Estudios previos de contratos de prestación de servicios profesionales. certificado de estudio de idoneidad y experiencia para contratos de prestación de servicios personales. | Y33: =IFERROR(IF(Q33="Probabilidad",(K33-(+K33*T33)),IF(Q33="Impacto",K33,"")),"") -> 0.36 | Z33: =IFERROR(IF(Y33="","",IF(Y33<=0.2,"Muy Baja",IF(Y33<=0.4,"Baja",IF(Y33<=0.6,"Media",IF(Y33<=0.8,"Alta","Muy Alta"))))),"") -> Baja | AA33: =+Y33 -> 0.36 | AB33: =IFERROR(IF(AC33="","",IF(AC33<=0.2,"Leve",IF(AC33<=0.4,"Menor",IF(AC33<=0.6,"Moderado",IF(AC33<=0.8,"Mayor","Catastrófico"))))),"") -> Moderado | AC33: =IFERROR(IF(Q33="Impacto",(M33-(+M33*T33)),IF(Q33="Probabilidad",M33,"")),"") -> 0.6 | AD33: =IFERROR(IF(AE33=0,"",IF(AND(AE33>0,AE33<=0.2),"Muy Baja",IF(AE33<=0.4,"Baja",IF(AE33<=0.6,"Media",IF(AE33<=0.8,"Alta","Muy Alta"))))),"") -> Baja | AE33: =MIN(Y33:Y34) -> 0.216 | AF33: =IFERROR(IF(AG33=0,"",IF(AND(AG33>0,AG33<=0.2),"Leve",IF(AG33<=0.4,"Menor",IF(AG33<=0.6,"Moderado",IF(AG33<=0.8,"Mayor","Catastrófico"))))),"") -> Moderado | AG33: =MIN(AC33:AC34) -> 0.6 | AH33: =IFERROR(IF(OR(AND(AD33="Muy Baja",AF33="Leve"),AND(AD33="Muy Baja",AF33="Menor"),AND(AD33="Baja",AF33="Leve")),"Bajo",IF(OR(AND(AD33="Muy Baja",AF33="Moderado"),AND(AD33="Baja",AF33="Menor"),AND(AD33="Baja",AF33="Moderado"),AND(AD33="Media",AF33="Leve"),AND(AD33="Media",AF33="Menor"),AND(AD33="Media",AF33="Moderado"),AND(AD33="Alta",AF33="Leve"),AND(AD33="Alta",AF33="Menor")),"Moderado",IF(OR(AND(AD33="Muy Baja",AF33="Mayor"),AND(AD33="Baja",AF33="Mayor"),AND(AD33="Media",AF33="Mayor"),AND(AD33="Alta",AF33="Moderado"),AND(AD33="Alta",AF33="Mayor"),AND(AD33="Muy Alta",AF33="Leve"),AND(AD33="Muy Alta",AF33="Menor"),AND(AD33="Muy Alta",AF33="Moderado"),AND(AD33="Muy Alta",AF33="Mayor")),"Alto",IF(OR(AND(AD33="Muy Baja",AF33="Catastrófico"),AND(AD33="Baja",AF33="Catastrófico"),AND(AD33="Media",AF33="Catastrófico"),AND(AD33="Alta",AF33="Catastrófico"),AND(AD33="Muy Alta",AF33="Catastrófico")),"Extremo","")))),"") -> Moderado | AI33: Reducir (mitigar) | AK33: El riesgo y sus causas continúan vigentes de acuerdo al contexto? (Ver Columnas F y H): Siguen estando vigentes el riesgo y sus causas, ya que se sigue realizando el acompañamiento social a los hogares que se priorizaron como potenciales beneficiarios del SDV realizando cierre financiero, lo que requiere de un muy buen acompañamiento social. Se materializó el Riesgo? (Evento Potencial Principal. Columna F): No se materializa el Evento Potencial Principal porque no se recibe ninguna PQRSD cuyo asunto sea la falta de atención y la deficiencia de acompañamiento social a las familias en el proceso de adjudicación definitiva de vivienda. Es de anotar que en este periodo se hace entrega a dos hogares de Arrendamiento Temporal de la solución definitiva de vivienda nueva. También se recibieron algunas tutelas y PQRSD de hogares solicitando la solución definitiva de vivienda, pero no manifestaron un mal acompañamiento social. Se materializaron las causas? (Eventos Potenciales Intermedios. Columna H): No hubo para este periodo materialización de los Eventos Potenciales Intermedios, porque se contó con el personal idóneo de la línea de acompañamiento social a la población de riesgo, desastre o calamidad, que realizó el acompañamiento social a los hogares potenciales los cuales fueron remitidos para la asignación de listas de elegibles un total de 234 hogares y mediante la resolución N° 886 de 2026 se establecieron 102 hogares para el proyecto Verde Agua. Los Controles están bien diseñados, se aplican conforme al diseño y son efectivos? (Ver controles en la columna P / Concluir frente a cada control) Los controles están adecuadamente diseñados y se aplican correctamente y su concreción esta descrita en los puntos anteriores. Que acciones propones o se están llevando a cabo para gestionar los riesgos y las causas que se materializaron? (Si no aplica colocar NA) N.A. Que acciones propones o se están llevando a cabo para fortalecer los controles? (Revisa también si se establecieron acciones en la columna AJ) Las descritas en eventos potenciales intermedios. | AL33: Relación de PQRSD: https://isvimedgovco.sharepoint.com/:x:/s/8Poblacional/IQDMv60ZLsU5QLRUWrusXDWdAePHydZRgxMg9JtCgfucwYU?e=ANAHW6 Res. lista elegibles Verde Agua: https://isvimedgovco.sharepoint.com/:b:/s/8Poblacional/IQCRUHI-V8vlR6VYp8VQZwzGAdGWgWTWgIn0yMlYCdzedaw?e=7cZzgM | AM33: Se materializó el Riesgo? (Ver evento potencial principal en Columna F. Relacionar detalles de la materialización - que, como, cuando, donde): No se materializó el riesgo, porque no se recibe ninguna PQRSD cuyo asunto sea la falta de atención y la deficiencia de acompañamiento social a las familias en el proceso de adjudicación definitiva de vivienda. Es de anotar que en este periodo se hace entrega a tres hogares de Arrendamiento Temporal de la solución definitiva de vivienda nueva. Además, se esta haciendo el acompañamiento social a las 309 familias que participaron en la feria de vivienda soocial 2025, y en estas se resaltan las 234 familias que estan vinculadas desde la listados de elegibles, Colinas de Occidente 132 y Verde Agua: 102, el acompañamiento en este proceso de acceder a la soculucion de vivienda definitivase hace desde la implementacion de diferentes estrategicas. Los Controles están bien diseñados, se aplican de acuerdo al diseño y son efectivos? (Ver controles en la columna P / Concluir frente a cada control) 1. Se cumplió con las parametros para la contratacion de personal en la línea. 2. El profesional lider de la linea de acción, verificó que los hogares priorizados participen en la estrategia de acompañamiento social, de acuerdo a sus condiciones socioeconomicas y disponibilidades de participación. 3. El profesional lider de la linea de acción verificó y hizo seguimiento a la participacion de los hogares priorizados en las diferentes actividades programadas Qué acciones propones o se están llevando a cabo para gestionar el riesgo que se materializó? (Si no aplica colocar N/A) N/A. Qué acciones propones o se están llevando a cabo para fortalecer los controles? (En el caso de que tener Acciones de mejora / Acciones correctivas en proceso, relacionar el avance. Si tienes acciones específicas a desarrollar en la columna AJ, también relacionar el avance) Continaur con la implementación del Semillero de Vivienda un Proyecto Familiar, las asesorias personalizadas, el relacionamiento con entidades para el gestionar con las familias condiciones para realizar cierre financiero, y la vinculación al proyecto para las familias de Verde Agua. | AN33: Cuadro de seguimiento a familias priorizadas para solucion definitiva de viivenda de arrendamiento temporal. https://isvimedgovco.sharepoint.com/:x:/s/8Poblacional/IQBq4xNMOudHT4qvfY0-VGEZAYmoCo4R2-VC6DN8rO5nBPI?e=1XlBOU Algunas evidencias de las asesorias realizadas en este trimestre a las personas priorizadas para solucion definitiva de vivienda. Abril https://isvimedgovco.sharepoint.com/:x:/s/8Poblacional-10.Riesgosydesastres/IQDP-IlGZAv2RrzgyWlny81yAbqkXDnVNsmsxPp57-w-UxQ?e=ldST52 Mayo https://isvimedgovco.sharepoint.com/:x:/s/8Poblacional-10.Riesgosydesastres/IQDIAQPZUH7_TamzcIcxoP_pAWl8TL-MdT-H2P3yaoAS3ZU?e=mip5B1 Junio https://isvimedgovco.sharepoint.com/:x:/s/8Poblacional-10.Riesgosydesastres/IQCcSTiuZ-tyR4vhPdhQihO_ATU8GE6a6GBNtTvqswsGOaA?e=fz9Tjz | AO33: Se materializó el Riesgo? (Ver evento potencial principal en Columna F. Relacionar detalles de la materialización - que, como, cuando, donde): Los Controles están bien diseñados, se aplican de acuerdo al diseño y son efectivos? (Ver controles en la columna P / Concluir frente a cada control) Que acciones propones o se están llevando a cabo para gestionar el riesgo que se materializó? (Si no aplica colocar N/A) Que acciones propones o se están llevando a cabo para fortalecer los controles? (En el caso de que tener Acciones de mejora / Acciones correctivas en proceso, relacionar el avance. Si tienes acciones específicas a desarrollar en la columna AJ, también relacionar el avance) | AQ33: Se materializó el Riesgo? (Ver evento potencial principal en Columna F. Relacionar detalles de la materialización - que, como, cuando, donde): Los Controles están bien diseñados, se aplican de acuerdo al diseño y son efectivos? (Ver controles en la columna P / Concluir frente a cada control) Que acciones propones o se están llevando a cabo para gestionar el riesgo que se materializó? (Si no aplica colocar N/A) Que acciones propones o se están llevando a cabo para fortalecer los controles? (En el caso de que tener Acciones de mejora / Acciones correctivas en proceso, relacionar el avance. Si tienes acciones específicas a desarrollar en la columna AJ, también relacionar el avance)
H34: Los hogares priorizados no hacen parte de una estrategia para el acompañamiento social a este tipo de población y con orientación a que las familias logren el cierre financiero para la solución definitiva de vivienda. | O34: 2 | P34: El profesional lider de la linea de acción, verifica que los hogares priorizados participen en la estrategia de acompañamiento social. | Q34: =IF(OR(R34="Preventivo",R34="Detectivo"),"Probabilidad",IF(R34="Correctivo","Impacto","")) -> Probabilidad | R34: Preventivo | S34: Manual | T34: =IF(AND(R34="Preventivo",S34="Automático"),"50%",IF(AND(R34="Preventivo",S34="Manual"),"40%",IF(AND(R34="Detectivo",S34="Automático"),"40%",IF(AND(R34="Detectivo",S34="Manual"),"30%",IF(AND(R34="Correctivo",S34="Automático"),"35%",IF(AND(R34="Correctivo",S34="Manual"),"25%","")))))) -> 40% | U34: Sin Documentar | V34: Aleatoria | W34: Con Registro | X34: Listados de asistencia de las actividades propuestas en la estrategia de acompañamiento social. Registro Fotográfico. | Y34: =IFERROR(IF(AND(Q33="Probabilidad",Q34="Probabilidad"),(AA33-(+AA33*T34)),IF(Q34="Probabilidad",(K33-(+K33*T34)),IF(Q34="Impacto",AA33,""))),"") -> 0.216 | Z34: =IFERROR(IF(Y34="","",IF(Y34<=0.2,"Muy Baja",IF(Y34<=0.4,"Baja",IF(Y34<=0.6,"Media",IF(Y34<=0.8,"Alta","Muy Alta"))))),"") -> Baja | AA34: =+Y34 -> 0.216 | AB34: =IFERROR(IF(AC34="","",IF(AC34<=0.2,"Leve",IF(AC34<=0.4,"Menor",IF(AC34<=0.6,"Moderado",IF(AC34<=0.8,"Mayor","Catastrófico"))))),"") -> Moderado | AC34: =IFERROR(IF(AND(Q33="Impacto",Q34="Impacto"),(AC33-(+AC33*T34)),IF(Q34="Impacto",($M$15-(+$M$15*T34)),IF(Q34="Probabilidad",AC33,""))),"") -> 0.6
H35: No existe un adecuado control sobre las actividades de acompañamiento social en los hogares priorizados (puede abarcar las actividades de la estrategia y otras actividades propias del acompañamiento social a esta población). | O35: 3 | P35: El profesional lider de la linea de acción verifica el nivel de paticipación de los hogares priorizados en las diferentes actividades progrmadas (tanto a nivel de estrategia como propias de acompañamiento social de la linea de acción), para lo cual se utiliza el cuadro de seguimiento de actividades de acompañamiento social. | Q35: =IF(OR(R35="Preventivo",R35="Detectivo"),"Probabilidad",IF(R35="Correctivo","Impacto","")) -> Probabilidad | R35: Preventivo | S35: Manual | T35: =IF(AND(R35="Preventivo",S35="Automático"),"50%",IF(AND(R35="Preventivo",S35="Manual"),"40%",IF(AND(R35="Detectivo",S35="Automático"),"40%",IF(AND(R35="Detectivo",S35="Manual"),"30%",IF(AND(R35="Correctivo",S35="Automático"),"35%",IF(AND(R35="Correctivo",S35="Manual"),"25%","")))))) -> 40% | U35: Sin Documentar | V35: Aleatoria | W35: Con Registro | X35: cuadro de seguimiento de actividades de acompañamiento social a hogares priorizados para solución definitiva de vivienda de la población sujeto de reasentamiento por riesgo, desastre y/o calamidad | Y35: =IFERROR(IF(AND(Q34="Probabilidad",Q35="Probabilidad"),(AA34-(+AA34*T35)),IF(AND(Q34="Impacto",Q35="Probabilidad"),(AC33-(+AC33*T35)),IF(Q35="Impacto",AA34,""))),"") -> 0.1296 | Z35: =IFERROR(IF(Y35="","",IF(Y35<=0.2,"Muy Baja",IF(Y35<=0.4,"Baja",IF(Y35<=0.6,"Media",IF(Y35<=0.8,"Alta","Muy Alta"))))),"") -> Muy Baja | AA35: =+Y35 -> 0.1296 | AB35: =IFERROR(IF(AC35="","",IF(AC35<=0.2,"Leve",IF(AC35<=0.4,"Menor",IF(AC35<=0.6,"Moderado",IF(AC35<=0.8,"Mayor","Catastrófico"))))),"") -> Moderado | AC35: =IFERROR(IF(AND(Q34="Impacto",Q35="Impacto"),(AC34-(+AC34*T35)),IF(AND(Q34="Probabilidad",Q35="Impacto"),(AC33-(+AC33*T35)),IF(Q35="Probabilidad",AC34,""))),"") -> 0.6
A36: GS14 | B36: Lograr un 95% de asignación del subsidio distrital de arrendamiento temporal con respecto a los hogares viabilizados. | C36: Acompañamiento social a población sujeto de reasentamiento por riesgo, desastre y/o calamidad. (Arrendamiento temporal) | D36: Posiblidad de afectación reputacional del Instituto | E36: por no garantizar una vivienda digna y segura a los hogares con contrato de arrendamiento temporal. Eventos catastróficos relacionados con la ubicación del predio en zonas no aptas. PQRSD con relación al mal estado de inmuebles viabilizados para la aplicación de subsidios | F36: debido a que no se realice una adecuada revisión técnica y jurídica del inmueble donde se aplicará el SDAT de acuerdo a lo establecido en la normatividad aplicable y el manual para la aplicación del SDAT. | G36: Posiblidad de afectación reputacional del Instituto por: * no garantizar una vivienda digna y segura a los hogares con contrato de arrendamiento temporal. * Eventos catastróficos relacionados con la ubicación del predio en zonas no aptas. * PQRSD con relación al mal estado de inmuebles viabilizados para la aplicación de subsidios. Lo anterior, debido a que no se realice una adecuada revisión técnica y jurídica del inmueble donde se aplicará el SDAT de acuerdo a lo establecido en la normatividad aplicable y el manual para la aplicación del SDAT. | H36: Falta de idoneidad del personal que realiza la revisión técnica y jurídica de los inmuebles en donde se aplicará el subsidio. | I36: Gestión | J36: Alta | K36: =IF(J36="","",IF(J36="Muy Baja",0.2,IF(J36="Baja",0.4,IF(J36="Media",0.6,IF(J36="Alta",0.8,IF(J36="Muy Alta",1,)))))) -> 0.8 | L36: Mayor | M36: =IF(L36="","",IF(L36="Leve",0.2,IF(L36="Menor",0.4,IF(L36="Moderado",0.6,IF(L36="Mayor",0.8,IF(L36="Catastrófico",1,)))))) -> 0.8 | N36: =IF(OR(AND(J36="Muy Baja",L36="Leve"),AND(J36="Muy Baja",L36="Menor"),AND(J36="Baja",L36="Leve")),"Bajo",IF(OR(AND(J36="Muy baja",L36="Moderado"),AND(J36="Baja",L36="Menor"),AND(J36="Baja",L36="Moderado"),AND(J36="Media",L36="Leve"),AND(J36="Media",L36="Menor"),AND(J36="Media",L36="Moderado"),AND(J36="Alta",L36="Leve"),AND(J36="Alta",L36="Menor")),"Moderado",IF(OR(AND(J36="Muy Baja",L36="Mayor"),AND(J36="Baja",L36="Mayor"),AND(J36="Media",L36="Mayor"),AND(J36="Alta",L36="Moderado"),AND(J36="Alta",L36="Mayor"),AND(J36="Muy Alta",L36="Leve"),AND(J36="Muy Alta",L36="Menor"),AND(J36="Muy Alta",L36="Moderado"),AND(J36="Muy Alta",L36="Mayor")),"Alto",IF(OR(AND(J36="Muy Baja",L36="Catastrófico"),AND(J36="Baja",L36="Catastrófico"),AND(J36="Media",L36="Catastrófico"),AND(J36="Alta",L36="Catastrófico"),AND(J36="Muy Alta",L36="Catastrófico")),"Extremo","")))) -> Alto | O36: 1 | P36: El operador de arrendamiento temporal, debe garantizar la selección de perfiles requeridos para la realización de la revisión técnica y jurídica de los inmuebles. El supervisor del contrato del operador verifica el cumplimiento de los perfiles contratados para el desarrollo de estas actividades. | Q36: =IF(OR(R36="Preventivo",R36="Detectivo"),"Probabilidad",IF(R36="Correctivo","Impacto","")) -> Probabilidad | R36: Preventivo | S36: manual | T36: =IF(AND(R36="Preventivo",S36="Automático"),"50%",IF(AND(R36="Preventivo",S36="Manual"),"40%",IF(AND(R36="Detectivo",S36="Automático"),"40%",IF(AND(R36="Detectivo",S36="Manual"),"30%",IF(AND(R36="Correctivo",S36="Automático"),"35%",IF(AND(R36="Correctivo",S36="Manual"),"25%","")))))) -> 40% | U36: Sin Documentar | V36: Aleatoria | W36: Con Registro | X36: Minuta de los contratos de prestación de servicios que desarrollan estas actividades. Informe de supervisión. | Y36: =IFERROR(IF(Q36="Probabilidad",(K36-(+K36*T36)),IF(Q36="Impacto",K36,"")),"") -> 0.48 | Z36: =IFERROR(IF(Y36="","",IF(Y36<=0.2,"Muy Baja",IF(Y36<=0.4,"Baja",IF(Y36<=0.6,"Media",IF(Y36<=0.8,"Alta","Muy Alta"))))),"") -> Media | AA36: =+Y36 -> 0.48 | AB36: =IFERROR(IF(AC36="","",IF(AC36<=0.2,"Leve",IF(AC36<=0.4,"Menor",IF(AC36<=0.6,"Moderado",IF(AC36<=0.8,"Mayor","Catastrófico"))))),"") -> Mayor | AC36: =IFERROR(IF(Q36="Impacto",(M36-(+M36*T36)),IF(Q36="Probabilidad",M36,"")),"") -> 0.8 | AD36: =IFERROR(IF(AE36=0,"",IF(AND(AE36>0,AE36<=0.2),"Muy Baja",IF(AE36<=0.4,"Baja",IF(AE36<=0.6,"Media",IF(AE36<=0.8,"Alta","Muy Alta"))))),"") -> Baja | AE36: =MIN(Y36:Y38) -> 0.288 | AF36: =IFERROR(IF(AG36=0,"",IF(AND(AG36>0,AG36<=0.2),"Leve",IF(AG36<=0.4,"Menor",IF(AG36<=0.6,"Moderado",IF(AG36<=0.8,"Mayor","Catastrófico"))))),"") -> Moderado | AG36: =MIN(AC36:AC38) -> 0.6 | AH36: =IFERROR(IF(OR(AND(AD36="Muy Baja",AF36="Leve"),AND(AD36="Muy Baja",AF36="Menor"),AND(AD36="Baja",AF36="Leve")),"Bajo",IF(OR(AND(AD36="Muy Baja",AF36="Moderado"),AND(AD36="Baja",AF36="Menor"),AND(AD36="Baja",AF36="Moderado"),AND(AD36="Media",AF36="Leve"),AND(AD36="Media",AF36="Menor"),AND(AD36="Media",AF36="Moderado"),AND(AD36="Alta",AF36="Leve"),AND(AD36="Alta",AF36="Menor")),"Moderado",IF(OR(AND(AD36="Muy Baja",AF36="Mayor"),AND(AD36="Baja",AF36="Mayor"),AND(AD36="Media",AF36="Mayor"),AND(AD36="Alta",AF36="Moderado"),AND(AD36="Alta",AF36="Mayor"),AND(AD36="Muy Alta",AF36="Leve"),AND(AD36="Muy Alta",AF36="Menor"),AND(AD36="Muy Alta",AF36="Moderado"),AND(AD36="Muy Alta",AF36="Mayor")),"Alto",IF(OR(AND(AD36="Muy Baja",AF36="Catastrófico"),AND(AD36="Baja",AF36="Catastrófico"),AND(AD36="Media",AF36="Catastrófico"),AND(AD36="Alta",AF36="Catastrófico"),AND(AD36="Muy Alta",AF36="Catastrófico")),"Extremo","")))),"") -> Moderado | AI36: Reducir (mitigar) | AK36: El riesgo y sus causas continúan vigentes de acuerdo al contexto? (Ver Columnas F y H): El riesgo y sus causas continúan siendo vigentes, ya que actualmente se cuenta con el ITM como operador, y con el equipo técnico idóneo realizando las visitas técnicas de las viviendas a arrendar para los hogares beneficiarios del SDAT. Se materializó el Riesgo? (Evento Potencial Principal. Columna F): No se ha materializado el Evento Potencial Principal, ya que no hemos tenido ninguna PQRSD cuyo asunto sea el mal estado de los inmuebles en este trimestre y se ha garantizado una vivienda digna a los hogares de arrendamiento temporal. Se materializaron las causas? (Eventos Potenciales Intermedios. Columna H): No se han materializado los Eventos Potenciales Intermedios, ya que en este periodo de tiempo, se ha garantizado una vivienda digna a los hogares de arrendamiento temporal a los hogares Los Controles están bien diseñados, se aplican conforme al diseño y son efectivos? (Ver controles en la columna P / Concluir frente a cada control) Los controles están adecuadamente diseñados y se aplican correctamente y su concreción esta descrita en los puntos anteriores. Que acciones propones o se están llevando a cabo para gestionar los riesgos y las causas que se materializaron? (Si no aplica colocar NA) N.A. Que acciones propones o se están llevando a cabo para fortalecer los controles? (Revisa también si se establecieron acciones en la columna AJ) La realización de visitas técnicas con equipo idóneo para tal efecto. | AL36: Relacion Visitas Tecnicas SDAT https://isvimedgovco.sharepoint.com/:f:/s/8Poblacional/IgBxUfoJw_OzRpv9spAmgTxBAfvJSgTFrlp_swsXZ1qffqI?e=ghZ2MW VIISTAS TECNICAS https://isvimedgovco.sharepoint.com/:f:/s/8Poblacional/IgBxUfoJw_OzRpv9spAmgTxBAfvJSgTFrlp_swsXZ1qffqI?e=ghZ2MW Convenio Operacion SDAT: https://isvimedgovco.sharepoint.com/:b:/s/8Poblacional/IQC9cTEFXpe2TZfQZQP4oXM2AdV2DfKWB60nKd9nltOjtgc?e=glo5dU | AM36: Se materializó el Riesgo? (Ver evento potencial principal en Columna F. Relacionar detalles de la materialización - que, como, cuando, donde): No se ha materializado el Riesgo, ya que no hemos tenido ninguna PQRSD cuyo asunto sea el mal estado de los inmuebles en este trimestre y se ha garantizado una vivienda digna a los hogares de arrendamiento temporal. Actualmente se cuenta con el ITM como operador, y con el equipo técnico idóneo realizando las visitas técnicas de las viviendas a arrendar para los hogares beneficiarios del SDAT. Los Controles están bien diseñados, se aplican de acuerdo al diseño y son efectivos? (Ver controles en la columna P / Concluir frente a cada control) 1. El operador de arrendamiento temporal, garantizó y verificó el cumplimiento de los perfiles contratados para el desarrollo de estas actividades. 2. Desde la supervisión del contrato para operación de arrendamiento temporal, se socializa el manual para la aplicación del SDAT y formatos asociados a las actividades de verificación técnica y jurídicas de los inmuebles y se validó el cumplimiento de las actividades de verificación técnica y jurídica de los inmuebles a través de los informes ejecución persentados por el operador. 3. Los cambios de vivienda obedecen fundamentalmente a asuntos de convivencia o cambios en la composición sociofamiliar. Qué acciones propones o se están llevando a cabo para gestionar el riesgo que se materializó? (Si no aplica colocar N/A) N/A. Qué acciones propones o se están llevando a cabo para fortalecer los controles? (En el caso de que tener Acciones de mejora / Acciones correctivas en proceso, relacionar el avance. Si tienes acciones específicas a desarrollar en la columna AJ, también relacionar el avance) Aplicación de la verificación técnica y jurídica del inmuebles de manera adecuada. | AN36: Visitas tecnicas abril https://itmeduco.sharepoint.com/sites/VINCULACIONES/Documentos%20compartidos/Forms/AllItems.aspx?e=5%3A407457f4f4b84033a58a605b727d667e&sharingv2=true&fromShare=true&at=9&CID=fa2d95a4%2D9fab%2D4ae1%2Db3ff%2Da0f0849f72c3&FolderCTID=0x0120009D106C387FCDBC4B9A9ED2AB1DD4F841&id=%2Fsites%2FVINCULACIONES%2FDocumentos%20compartidos%2FVinculaci%C3%B3n%202026%2FInformes%20De%20Gesti%C3%B3n%2FABRIL%202026%2FOBLIGACION%20C26%5FVISITAS%20TECNICAS Visitas tecnicas mayo https://itmeduco.sharepoint.com/sites/VINCULACIONES/Documentos%20compartidos/Forms/AllItems.aspx?e=5%3A5b27fa7f766e4ba5a2c3b35bba423fde&sharingv2=true&fromShare=true&at=9&CID=94d56c2d%2D08c4%2D41f8%2Da312%2D3d8b12d7b35b&FolderCTID=0x0120009D106C387FCDBC4B9A9ED2AB1DD4F841&id=%2Fsites%2FVINCULACIONES%2FDocumentos%20compartidos%2FVinculaci%C3%B3n%202026%2FInformes%20De%20Gesti%C3%B3n%2FMAYO%202026%2FOBLIGACION%20C26%5FVISITAS%20TECNICAS Visitas tecnicas junio https://itmeduco.sharepoint.com/sites/VINCULACIONES/Documentos%20compartidos/Forms/AllItems.aspx?e=5%3A3f0eb605d3c84761b4804de0ae7b77b1&sharingv2=true&fromShare=true&at=9&CID=52e41dfc%2D92ce%2D47e6%2D85d8%2D227b6d5ce015&FolderCTID=0x0120009D106C387FCDBC4B9A9ED2AB1DD4F841&id=%2Fsites%2FVINCULACIONES%2FDocumentos%20compartidos%2FVinculaci%C3%B3n%202026%2FInformes%20De%20Gesti%C3%B3n%2FJUNIO%202026%2FOBLIGACION%20C26%5FVISITAS%20TECNICAS | AO36: Se materializó el Riesgo? (Ver evento potencial principal en Columna F. Relacionar detalles de la materialización - que, como, cuando, donde): Los Controles están bien diseñados, se aplican de acuerdo al diseño y son efectivos? (Ver controles en la columna P / Concluir frente a cada control) Que acciones propones o se están llevando a cabo para gestionar el riesgo que se materializó? (Si no aplica colocar N/A) Que acciones propones o se están llevando a cabo para fortalecer los controles? (En el caso de que tener Acciones de mejora / Acciones correctivas en proceso, relacionar el avance. Si tienes acciones específicas a desarrollar en la columna AJ, también relacionar el avance) | AQ36: Se materializó el Riesgo? (Ver evento potencial principal en Columna F. Relacionar detalles de la materialización - que, como, cuando, donde): Los Controles están bien diseñados, se aplican de acuerdo al diseño y son efectivos? (Ver controles en la columna P / Concluir frente a cada control) Que acciones propones o se están llevando a cabo para gestionar el riesgo que se materializó? (Si no aplica colocar N/A) Que acciones propones o se están llevando a cabo para fortalecer los controles? (En el caso de que tener Acciones de mejora / Acciones correctivas en proceso, relacionar el avance. Si tienes acciones específicas a desarrollar en la columna AJ, también relacionar el avance)
H37: Falta de aplicación de los establecido en el manual para la aplicación del SDAT y los formatos establecidos para ello. | O37: 2 | P37: Desde la supervisión del contrato para operación de arrendamiento temporal, se socializa el manual para la aplicación del SDAT y formatos asociados a las actividades de verificación técnica y jurídicas de los inmuebles. El supervisor del contrato del operador valida el cumplimiento de las actividades de verificación técnica y jurídica de los inmuebles a través de los informes ejecución persentados por el operador. | Q37: =IF(OR(R37="Preventivo",R37="Detectivo"),"Probabilidad",IF(R37="Correctivo","Impacto","")) -> Probabilidad | R37: Preventivo | S37: Manual | T37: =IF(AND(R37="Preventivo",S37="Automático"),"50%",IF(AND(R37="Preventivo",S37="Manual"),"40%",IF(AND(R37="Detectivo",S37="Automático"),"40%",IF(AND(R37="Detectivo",S37="Manual"),"30%",IF(AND(R37="Correctivo",S37="Automático"),"35%",IF(AND(R37="Correctivo",S37="Manual"),"25%","")))))) -> 40% | U37: Documentado | V37: Aleatoria | W37: Con Registro | X37: Registros de asistencia de socialización del manual para la aplicación del SDAT. Informe de ejecución de actividades del Operador Informe de Supervisión. | Y37: =IFERROR(IF(AND(Q36="Probabilidad",Q37="Probabilidad"),(AA36-(+AA36*T37)),IF(Q37="Probabilidad",(K36-(+K36*T37)),IF(Q37="Impacto",AA36,""))),"") -> 0.288 | Z37: =IFERROR(IF(Y37="","",IF(Y37<=0.2,"Muy Baja",IF(Y37<=0.4,"Baja",IF(Y37<=0.6,"Media",IF(Y37<=0.8,"Alta","Muy Alta"))))),"") -> Baja | AA37: =+Y37 -> 0.288 | AB37: =IFERROR(IF(AC37="","",IF(AC37<=0.2,"Leve",IF(AC37<=0.4,"Menor",IF(AC37<=0.6,"Moderado",IF(AC37<=0.8,"Mayor","Catastrófico"))))),"") -> Mayor | AC37: =IFERROR(IF(AND(Q36="Impacto",Q37="Impacto"),(AC36-(+AC36*T37)),IF(Q37="Impacto",($M$15-(+$M$15*T37)),IF(Q37="Probabilidad",AC36,""))),"") -> 0.8
O38: 3 | P38: En el caso de materialización del riesgo, se gestiona la autorización de cambio de vivienda para el beneficiario del SDAT. | Q38: =IF(OR(R38="Preventivo",R38="Detectivo"),"Probabilidad",IF(R38="Correctivo","Impacto","")) -> Impacto | R38: Correctivo | S38: Manual | T38: =IF(AND(R38="Preventivo",S38="Automático"),"50%",IF(AND(R38="Preventivo",S38="Manual"),"40%",IF(AND(R38="Detectivo",S38="Automático"),"40%",IF(AND(R38="Detectivo",S38="Manual"),"30%",IF(AND(R38="Correctivo",S38="Automático"),"35%",IF(AND(R38="Correctivo",S38="Manual"),"25%","")))))) -> 25% | U38: Sin Documentar | V38: Aleatoria | W38: Con Registro | X38: Informe de Visita Técnica Notificación al hogar para el cambio de vivienda | Y38: =IFERROR(IF(AND(Q37="Probabilidad",Q38="Probabilidad"),(AA37-(+AA37*T38)),IF(AND(Q37="Impacto",Q38="Probabilidad"),(AA36-(+AA36*T38)),IF(Q38="Impacto",AA37,""))),"") -> 0.288 | Z38: =IFERROR(IF(Y38="","",IF(Y38<=0.2,"Muy Baja",IF(Y38<=0.4,"Baja",IF(Y38<=0.6,"Media",IF(Y38<=0.8,"Alta","Muy Alta"))))),"") -> Baja | AA38: =+Y38 -> 0.288 | AB38: =IFERROR(IF(AC38="","",IF(AC38<=0.2,"Leve",IF(AC38<=0.4,"Menor",IF(AC38<=0.6,"Moderado",IF(AC38<=0.8,"Mayor","Catastrófico"))))),"") -> Moderado | AC38: =IFERROR(IF(AND(Q37="Impacto",Q38="Impacto"),(AC37-(+AC37*T38)),IF(AND(Q37="Probabilidad",Q38="Impacto"),(AC36-(+AC36*T38)),IF(Q38="Probabilidad",AC37,""))),"") -> 0.6
A39: GS11 | B39: Lograr el 100% de cumplimiento en el Plan de Acción Sociambiental en Obra - PASAO de cada proyecto habitacional | C39: Acompañamiento social a vivienda nueva | D39: Afectación reputacional del Instituto | E39: Por posibles demandas por parte de la comunidad por falta de información de los proyectos a ejecutar Por quejas por parte del desarrollador por retrasos en el inicio de la obras | F39: Debido al incumplimiento del acompañamiento social en obra establecido en la Guía de Manejo Socioambiental Distrital. | G39: Posibilidad de afectación reputacional del Instituto reflejada en posibles demandas por parte de la comunidad por falta de información de los proyectos a ejecutar, así como por quejas por parte del desarrollador por retrasos en el inicio de la obras, debido al incumplimiento del acompañamiento social en obra establecido en la Guía de Manejo Socioambiental Distrital. | I39: Gestión | J39: Muy Baja | K39: =IF(J39="","",IF(J39="Muy Baja",0.2,IF(J39="Baja",0.4,IF(J39="Media",0.6,IF(J39="Alta",0.8,IF(J39="Muy Alta",1,)))))) -> 0.2 | L39: Moderado | M39: =IF(L39="","",IF(L39="Leve",0.2,IF(L39="Menor",0.4,IF(L39="Moderado",0.6,IF(L39="Mayor",0.8,IF(L39="Catastrófico",1,)))))) -> 0.6 | N39: =IF(OR(AND(J39="Muy Baja",L39="Leve"),AND(J39="Muy Baja",L39="Menor"),AND(J39="Baja",L39="Leve")),"Bajo",IF(OR(AND(J39="Muy baja",L39="Moderado"),AND(J39="Baja",L39="Menor"),AND(J39="Baja",L39="Moderado"),AND(J39="Media",L39="Leve"),AND(J39="Media",L39="Menor"),AND(J39="Media",L39="Moderado"),AND(J39="Alta",L39="Leve"),AND(J39="Alta",L39="Menor")),"Moderado",IF(OR(AND(J39="Muy Baja",L39="Mayor"),AND(J39="Baja",L39="Mayor"),AND(J39="Media",L39="Mayor"),AND(J39="Alta",L39="Moderado"),AND(J39="Alta",L39="Mayor"),AND(J39="Muy Alta",L39="Leve"),AND(J39="Muy Alta",L39="Menor"),AND(J39="Muy Alta",L39="Moderado"),AND(J39="Muy Alta",L39="Mayor")),"Alto",IF(OR(AND(J39="Muy Baja",L39="Catastrófico"),AND(J39="Baja",L39="Catastrófico"),AND(J39="Media",L39="Catastrófico"),AND(J39="Alta",L39="Catastrófico"),AND(J39="Muy Alta",L39="Catastrófico")),"Extremo","")))) -> Moderado | O39: 0 | P39: El supervisor técnico de la Subdirección de Planeación revisa las obligaciones contractuales por parte del Isvimed con el desarrollador en relación al acompañamiento social para identificar el grado de ejecución. | Q39: =IF(OR(R39="Preventivo",R39="Detectivo"),"Probabilidad",IF(R39="Correctivo","Impacto","")) -> Probabilidad | R39: Detectivo | S39: Manual | T39: =IF(AND(R39="Preventivo",S39="Automático"),"50%",IF(AND(R39="Preventivo",S39="Manual"),"40%",IF(AND(R39="Detectivo",S39="Automático"),"40%",IF(AND(R39="Detectivo",S39="Manual"),"30%",IF(AND(R39="Correctivo",S39="Automático"),"35%",IF(AND(R39="Correctivo",S39="Manual"),"25%","")))))) -> 30% | U39: Sin Documentar | V39: Aleatoria | W39: Con Registro | X39: Informe de supervisión | Y39: =IFERROR(IF(Q39="Probabilidad",(K39-(+K39*T39)),IF(Q39="Impacto",K39,"")),"") -> 0.14 | Z39: =IFERROR(IF(Y39="","",IF(Y39<=0.2,"Muy Baja",IF(Y39<=0.4,"Baja",IF(Y39<=0.6,"Media",IF(Y39<=0.8,"Alta","Muy Alta"))))),"") -> Muy Baja | AA39: =+Y39 -> 0.14 | AB39: =IFERROR(IF(AC39="","",IF(AC39<=0.2,"Leve",IF(AC39<=0.4,"Menor",IF(AC39<=0.6,"Moderado",IF(AC39<=0.8,"Mayor","Catastrófico"))))),"") -> Moderado | AC39: =IFERROR(IF(Q39="Impacto",(M39-(+M39*T39)),IF(Q39="Probabilidad",M39,"")),"") -> 0.6 | AD39: =IFERROR(IF(AE39=0,"",IF(AND(AE39>0,AE39<=0.2),"Muy Baja",IF(AE39<=0.4,"Baja",IF(AE39<=0.6,"Media",IF(AE39<=0.8,"Alta","Muy Alta"))))),"") -> Muy Baja | AE39: =MIN(Y39:Y41) -> 0.0504 | AF39: =IFERROR(IF(AG39=0,"",IF(AND(AG39>0,AG39<=0.2),"Leve",IF(AG39<=0.4,"Menor",IF(AG39<=0.6,"Moderado",IF(AG39<=0.8,"Mayor","Catastrófico"))))),"") -> Moderado | AG39: =MIN(AC39:AC41) -> 0.6 | AH39: =IFERROR(IF(OR(AND(AD39="Muy Baja",AF39="Leve"),AND(AD39="Muy Baja",AF39="Menor"),AND(AD39="Baja",AF39="Leve")),"Bajo",IF(OR(AND(AD39="Muy Baja",AF39="Moderado"),AND(AD39="Baja",AF39="Menor"),AND(AD39="Baja",AF39="Moderado"),AND(AD39="Media",AF39="Leve"),AND(AD39="Media",AF39="Menor"),AND(AD39="Media",AF39="Moderado"),AND(AD39="Alta",AF39="Leve"),AND(AD39="Alta",AF39="Menor")),"Moderado",IF(OR(AND(AD39="Muy Baja",AF39="Mayor"),AND(AD39="Baja",AF39="Mayor"),AND(AD39="Media",AF39="Mayor"),AND(AD39="Alta",AF39="Moderado"),AND(AD39="Alta",AF39="Mayor"),AND(AD39="Muy Alta",AF39="Leve"),AND(AD39="Muy Alta",AF39="Menor"),AND(AD39="Muy Alta",AF39="Moderado"),AND(AD39="Muy Alta",AF39="Mayor")),"Alto",IF(OR(AND(AD39="Muy Baja",AF39="Catastrófico"),AND(AD39="Baja",AF39="Catastrófico"),AND(AD39="Media",AF39="Catastrófico"),AND(AD39="Alta",AF39="Catastrófico"),AND(AD39="Muy Alta",AF39="Catastrófico")),"Extremo","")))),"") -> Moderado | AI39: Reducir (mitigar) | AK39: El riesgo y sus causas continúan vigentes de acuerdo al contexto? (Ver Columnas F y H): El riesgo y sus causas continúan vigentes, ya que para el período de este seguimiento, desde el Isvimed y por ende desde la línea de acompañamiento social a de vivienda nueva, se hace acompañamiento social en el marco de la guía de manejo socioambiental y del manual de acompañamiento social en obra, en los siguientes proyectos: Brezze Se materializó el Riesgo? (Evento Potencial Principal. Columna F): No se materializa el Evento Potencial Principal, ya que no se han dado demandas de la comunidad, ni quejas de los desarrolladores por el acompañamiento social realizado en obra, se lideró y/o participó en los Comités Ciudadanos de Obra -CCO- en los proyectos en ejecución, y se participó en el análisis de las condiciones fisicoespaciales y socioeconómicas de los proyectos de estudios y diseño. Se materializaron las causas? (Eventos Potenciales Intermedios. Columna H): No se materializan los Eventos Potenciales Intermedios, ya que se cuenta con dos profesionales que realizan el acompañamiento social en obra, desde las dos etapas en que se encuentra los proyectos habitacionales, en el marco del manual de acompañamiento social en obra. Los Controles están bien diseñados se aplican conforme al diseño y son efectivos? (Ver controles en la columna P / Concluir frente a cada control) Los controles están adecuadamente diseñados y se aplican correctamente y su concreción esta descrita en los puntos anteriores. Que acciones propones o se están llevando a cabo para gestionar los riesgos y las causas que se materializaron? N.A. N.A. Que acciones propones o se están llevando a cabo para fortalecer los controles? (Revisa también si se establecieron acciones en la columna AJ) Continuar con el acompañamiento integral a los hogares. | AL39: Realización Comité Ciudadano de obra proyecto Brezze 05022026 Comité de obra py Brezze.pdf 12022026 Comité de obra py Brezze.pdf 19022026 Comite de obra py Brezze.pdf ACTA DE REUNION CCO # 3_BREZZE_febrero 2026.pdf | AM39: Se materializó el Riesgo? (Ver evento potencial principal en Columna F. Relacionar detalles de la materialización - que, como, cuando, donde): No se materializa el riesgo, ya que no se han dado demandas de la comunidad, ni quejas de los desarrolladores por el acompañamiento social realizado en obra, se participó en los Comités Ciudadanos de Obra -CCO- del proyecto Brezze. Este acompañamieto se hace en el marco del marco de la guía de manejo socioambiental y del manual de acompañamiento social en obra. Los Controles están bien diseñados, se aplican de acuerdo al diseño y son efectivos? (Ver controles en la columna P / Concluir frente a cada control) 0. Este control corresponde a la subdirección de Planeación, linea Planeación Urbana. 1. El profesional líder de la línea de acompañamiento social en obra, identificó y sometió a aprobación de la Subdirección Poblacional, los recursos humanos necesarios para el acompañamiento social de acuerdo a los proyectos habitacionales a desarrollar en la vigencia y revisó que la contratación se diera en los tiempos establecidos. 2. El profesional social asignado verificó el cumplimiento de las actividades planteadas en la Guía de Manejo Socioambiental Distrital y el manual de acompañamiento social en obra. Qué acciones propones o se están llevando a cabo para gestionar el riesgo que se materializó? (Si no aplica colocar N/A) N/A. Qué acciones propones o se están llevando a cabo para fortalecer los controles? (En el caso de que tener Acciones de mejora / Acciones correctivas en proceso, relacionar el avance. Si tienes acciones específicas a desarrollar en la columna AJ, también relacionar el avance) Seguir participando en los CO y en los CCO, generando las alertas y posibles soluciones para situaciones que puedan afectar negativamente a la comunidad. | AN39: Se desarrollaron 1 Comité de Obra y un Comité Ciudadano de Obra del proyecto habitacional Brezze -Abril- Enlaces de la evidencia: https://isvimedgovco.sharepoint.com/:b:/s/8Poblacional-11.Viviendanueva/IQDW_F2AmE6nQ4xyu3fP-XqDAR9wbQuqSBXJxfLctusnL74?e=rJsIyC https://isvimedgovco.sharepoint.com/:b:/s/8Poblacional-11.Viviendanueva/IQBNCSQyT1E_Q7coxVzqYX9FASPwroD1vsgsCxqxnQ7Ok4I?e=5NE7wG Enlaces de la evidencia de los Comités de Obra realizado evidencia: mayo https://isvimedgovco.sharepoint.com/:b:/s/8Poblacional-11.Viviendanueva/IQCUizkP_FjmR4pTeg0LQgxLARXnrsKqddIWtBW3SgbKkuM?e=gwvyaW https://isvimedgovco.sharepoint.com/:b:/s/8Poblacional-11.Viviendanueva/IQAAn3pSieEpQLipLTRpnVvRAdiIs5BDrs4f8xCDCG5Tq0s?e=ZETLk4 https://isvimedgovco.sharepoint.com/:b:/s/8Poblacional-11.Viviendanueva/IQCmd1RHumfeT7F916M9TzhNAZ29zWsNzmshqbSyWwSr8LI?e=sRRLqf https://isvimedgovco.sharepoint.com/:b:/s/8Poblacional-11.Viviendanueva/IQB3jY3ID5OuQYQUATXFAqFrASsjf0FZPf3rV_zGjQus_S8?e=q19aUn Junio https://isvimedgovco.sharepoint.com/:b:/s/8Poblacional-11.Viviendanueva/IQARZscIbFV3QLGUTgHYyCQfAYcWsuCms9FUVTTbAPNRRTY?e=lXBxoh https://isvimedgovco.sharepoint.com/:b:/s/8Poblacional-11.Viviendanueva/IQAIc2rsMjI3Rry5Eg1DXW_2AZ2rMzYXyH7UIKdxqlmYiUg?e=qfujcO https://isvimedgovco.sharepoint.com/:b:/s/8Poblacional-11.Viviendanueva/IQDhHUsMVpIVQrbnnP0_QVieAZpaD7P0YMr3RjHQBid-FrQ?e=G7IUI2 https://isvimedgovco.sharepoint.com/:b:/s/8Poblacional-11.Viviendanueva/IQB_vT8CWLf8SpwOZvEw2yEuAcXG6IBGuu1m6Rz1zlfi0YQ?e=SbXaar | AO39: Se materializó el Riesgo? (Ver evento potencial principal en Columna F. Relacionar detalles de la materialización - que, como, cuando, donde): Los Controles están bien diseñados, se aplican de acuerdo al diseño y son efectivos? (Ver controles en la columna P / Concluir frente a cada control) Que acciones propones o se están llevando a cabo para gestionar el riesgo que se materializó? (Si no aplica colocar N/A) Que acciones propones o se están llevando a cabo para fortalecer los controles? (En el caso de que tener Acciones de mejora / Acciones correctivas en proceso, relacionar el avance. Si tienes acciones específicas a desarrollar en la columna AJ, también relacionar el avance) | AQ39: Se materializó el Riesgo? (Ver evento potencial principal en Columna F. Relacionar detalles de la materialización - que, como, cuando, donde): Los Controles están bien diseñados, se aplican de acuerdo al diseño y son efectivos? (Ver controles en la columna P / Concluir frente a cada control) Que acciones propones o se están llevando a cabo para gestionar el riesgo que se materializó? (Si no aplica colocar N/A) Que acciones propones o se están llevando a cabo para fortalecer los controles? (En el caso de que tener Acciones de mejora / Acciones correctivas en proceso, relacionar el avance. Si tienes acciones específicas a desarrollar en la columna AJ, también relacionar el avance)
H40: 1. Falta de contratación de personal (No hay personal en la línea de acompañamiento social en obra). | O40: 1 | P40: El profesional líder de la línea de acompañamiento social en obra, en los términos establecidos para consolidar el Plan Anual de Adquisiciones, identifica y somete a aprobación de la Subdirección Poblacional, los recursos humanos necesarios para el acompañamiento social de acuerdo a los proyectos habitacionales a desarrollar en la vigencia. Este profesional revisa que la contratación se realice en los tiempos establecidos | Q40: =IF(OR(R40="Preventivo",R40="Detectivo"),"Probabilidad",IF(R40="Correctivo","Impacto","")) -> Probabilidad | R40: Preventivo | S40: Manual | T40: =IF(AND(R40="Preventivo",S40="Automático"),"50%",IF(AND(R40="Preventivo",S40="Manual"),"40%",IF(AND(R40="Detectivo",S40="Automático"),"40%",IF(AND(R40="Detectivo",S40="Manual"),"30%",IF(AND(R40="Correctivo",S40="Automático"),"35%",IF(AND(R40="Correctivo",S40="Manual"),"25%","")))))) -> 40% | U40: Sin Documentar | V40: Aleatoria | W40: Con Registro | X40: Plan Anual de Adquisiciones Actas de equipo primario | Y40: =IFERROR(IF(AND(Q39="Probabilidad",Q40="Probabilidad"),(AA39-(+AA39*T40)),IF(Q40="Probabilidad",(K39-(+K39*T40)),IF(Q40="Impacto",AA39,""))),"") -> 0.084 | Z40: =IFERROR(IF(Y40="","",IF(Y40<=0.2,"Muy Baja",IF(Y40<=0.4,"Baja",IF(Y40<=0.6,"Media",IF(Y40<=0.8,"Alta","Muy Alta"))))),"") -> Muy Baja | AA40: =+Y40 -> 0.084 | AB40: =IFERROR(IF(AC40="","",IF(AC40<=0.2,"Leve",IF(AC40<=0.4,"Menor",IF(AC40<=0.6,"Moderado",IF(AC40<=0.8,"Mayor","Catastrófico"))))),"") -> Moderado | AC40: =IFERROR(IF(AND(Q39="Impacto",Q40="Impacto"),(AC39-(+AC39*T40)),IF(Q40="Impacto",($M$15-(+$M$15*T40)),IF(Q40="Probabilidad",AC39,""))),"") -> 0.6
H41: 2. Falta de lineamientos internos para el cumplimiento de la Guía de Manejo Socioambiental Distrital. | O41: 2 | P41: El profesional social asignado verifica el cumplimiento de las actividades planteadas en la Guía de Manejo Socioambiental Distrital y el manual de acompañamiento social en obra. Documentado en: M-GS-02_MANUAL_DE_ACOMPANAMIENTO_SOCIAL_EN_OBRA. | Q41: =IF(OR(R41="Preventivo",R41="Detectivo"),"Probabilidad",IF(R41="Correctivo","Impacto","")) -> Probabilidad | R41: Preventivo | S41: Manual | T41: =IF(AND(R41="Preventivo",S41="Automático"),"50%",IF(AND(R41="Preventivo",S41="Manual"),"40%",IF(AND(R41="Detectivo",S41="Automático"),"40%",IF(AND(R41="Detectivo",S41="Manual"),"30%",IF(AND(R41="Correctivo",S41="Automático"),"35%",IF(AND(R41="Correctivo",S41="Manual"),"25%","")))))) -> 40% | U41: Documentado | V41: Aleatoria | W41: Con Registro | X41: Correo electrónico de aprobación o rechazo de los requisitos de acompañamiento social en obra. | Y41: =IFERROR(IF(AND(Q40="Probabilidad",Q41="Probabilidad"),(AA40-(+AA40*T41)),IF(AND(Q40="Impacto",Q41="Probabilidad"),(AA39-(+AA39*T41)),IF(Q41="Impacto",AA40,""))),"") -> 0.0504 | Z41: =IFERROR(IF(Y41="","",IF(Y41<=0.2,"Muy Baja",IF(Y41<=0.4,"Baja",IF(Y41<=0.6,"Media",IF(Y41<=0.8,"Alta","Muy Alta"))))),"") -> Muy Baja | AA41: =+Y41 -> 0.0504 | AB41: =IFERROR(IF(AC41="","",IF(AC41<=0.2,"Leve",IF(AC41<=0.4,"Menor",IF(AC41<=0.6,"Moderado",IF(AC41<=0.8,"Mayor","Catastrófico"))))),"") -> Moderado | AC41: =IFERROR(IF(AND(Q40="Impacto",Q41="Impacto"),(AC40-(+AC40*T41)),IF(AND(Q40="Probabilidad",Q41="Impacto"),(AC39-(+AC39*T41)),IF(Q41="Probabilidad",AC40,""))),"") -> 0.6
A42: GS16 | B42: Lograr un 50% de inscripciones viables al SDV en la modalidad de demanda libre y demanda organizada con relación al total de hogares inscritos en cada semestre. | C42: Acompañamiento social a vivienda nueva | D42: Posiblidad de afectación reputacional del Instituto | E42: Reflejada en: * PQRSD por parte de la comunidad * incumplimiento de los indicadores de asignación del SDV. | F42: Debido a que menos del 50% de los hogares que se inscriben al SDV en la modalidad de demanda libre y demanda organizada cumplen con los requisitos para la asignación del mismo. | G42: Posiblidad de afectación reputacional del Instituto reflelada en PQRSD por parte de la comunidad, así como por incumplimiento de los indicadores de asignación del SDV, debido a que menos del 50% de los hogares que se inscriben al SDV en la modalidad de demanda libre y demanda organizada cumplen con los requisitos para la asignación del mismo. | H42: No existe oferta inmobiliaria. | I42: Gestión | J42: Media | K42: =IF(J42="","",IF(J42="Muy Baja",0.2,IF(J42="Baja",0.4,IF(J42="Media",0.6,IF(J42="Alta",0.8,IF(J42="Muy Alta",1,)))))) -> 0.6 | L42: Moderado | M42: =IF(L42="","",IF(L42="Leve",0.2,IF(L42="Menor",0.4,IF(L42="Moderado",0.6,IF(L42="Mayor",0.8,IF(L42="Catastrófico",1,)))))) -> 0.6 | N42: =IF(OR(AND(J42="Muy Baja",L42="Leve"),AND(J42="Muy Baja",L42="Menor"),AND(J42="Baja",L42="Leve")),"Bajo",IF(OR(AND(J42="Muy baja",L42="Moderado"),AND(J42="Baja",L42="Menor"),AND(J42="Baja",L42="Moderado"),AND(J42="Media",L42="Leve"),AND(J42="Media",L42="Menor"),AND(J42="Media",L42="Moderado"),AND(J42="Alta",L42="Leve"),AND(J42="Alta",L42="Menor")),"Moderado",IF(OR(AND(J42="Muy Baja",L42="Mayor"),AND(J42="Baja",L42="Mayor"),AND(J42="Media",L42="Mayor"),AND(J42="Alta",L42="Moderado"),AND(J42="Alta",L42="Mayor"),AND(J42="Muy Alta",L42="Leve"),AND(J42="Muy Alta",L42="Menor"),AND(J42="Muy Alta",L42="Moderado"),AND(J42="Muy Alta",L42="Mayor")),"Alto",IF(OR(AND(J42="Muy Baja",L42="Catastrófico"),AND(J42="Baja",L42="Catastrófico"),AND(J42="Media",L42="Catastrófico"),AND(J42="Alta",L42="Catastrófico"),AND(J42="Muy Alta",L42="Catastrófico")),"Extremo","")))) -> Moderado | O42: 1 | P42: La profesional encargada de la linea de acompañamiento social a vivienda nueva, promueve con las constructoras y desarrolladores la oferta institucional del SDV para que haga parte del cierre financiero de los hogares. La profesional encargada de la linea de acompañamiento social a vivienda nueva valida que la constructura envíe la documentación para dar viabilidad técnica al proyecto. | Q42: =IF(OR(R42="Preventivo",R42="Detectivo"),"Probabilidad",IF(R42="Correctivo","Impacto","")) -> Probabilidad | R42: Preventivo | S42: Manual | T42: =IF(AND(R42="Preventivo",S42="Automático"),"50%",IF(AND(R42="Preventivo",S42="Manual"),"40%",IF(AND(R42="Detectivo",S42="Automático"),"40%",IF(AND(R42="Detectivo",S42="Manual"),"30%",IF(AND(R42="Correctivo",S42="Automático"),"35%",IF(AND(R42="Correctivo",S42="Manual"),"25%","")))))) -> 40% | U42: Sin Documentar | V42: Aleatoria | W42: Con Registro | X42: Acta de reunión y registro de asistencia con Constructoras Correos electrónicos con la documntación para dar viabilidad técnica al proyecto. | Y42: =IFERROR(IF(Q42="Probabilidad",(K42-(+K42*T42)),IF(Q42="Impacto",K42,"")),"") -> 0.36 | Z42: =IFERROR(IF(Y42="","",IF(Y42<=0.2,"Muy Baja",IF(Y42<=0.4,"Baja",IF(Y42<=0.6,"Media",IF(Y42<=0.8,"Alta","Muy Alta"))))),"") -> Baja | AA42: =+Y42 -> 0.36 | AB42: =IFERROR(IF(AC42="","",IF(AC42<=0.2,"Leve",IF(AC42<=0.4,"Menor",IF(AC42<=0.6,"Moderado",IF(AC42<=0.8,"Mayor","Catastrófico"))))),"") -> Moderado | AC42: =IFERROR(IF(Q42="Impacto",(M42-(+M42*T42)),IF(Q42="Probabilidad",M42,"")),"") -> 0.6 | AD42: =IFERROR(IF(AE42=0,"",IF(AND(AE42>0,AE42<=0.2),"Muy Baja",IF(AE42<=0.4,"Baja",IF(AE42<=0.6,"Media",IF(AE42<=0.8,"Alta","Muy Alta"))))),"") -> Baja | AE42: =MIN(Y42:Y43) -> 0.216 | AF42: =IFERROR(IF(AG42=0,"",IF(AND(AG42>0,AG42<=0.2),"Leve",IF(AG42<=0.4,"Menor",IF(AG42<=0.6,"Moderado",IF(AG42<=0.8,"Mayor","Catastrófico"))))),"") -> Moderado | AG42: =MIN(AC42:AC43) -> 0.6 | AH42: =IFERROR(IF(OR(AND(AD42="Muy Baja",AF42="Leve"),AND(AD42="Muy Baja",AF42="Menor"),AND(AD42="Baja",AF42="Leve")),"Bajo",IF(OR(AND(AD42="Muy Baja",AF42="Moderado"),AND(AD42="Baja",AF42="Menor"),AND(AD42="Baja",AF42="Moderado"),AND(AD42="Media",AF42="Leve"),AND(AD42="Media",AF42="Menor"),AND(AD42="Media",AF42="Moderado"),AND(AD42="Alta",AF42="Leve"),AND(AD42="Alta",AF42="Menor")),"Moderado",IF(OR(AND(AD42="Muy Baja",AF42="Mayor"),AND(AD42="Baja",AF42="Mayor"),AND(AD42="Media",AF42="Mayor"),AND(AD42="Alta",AF42="Moderado"),AND(AD42="Alta",AF42="Mayor"),AND(AD42="Muy Alta",AF42="Leve"),AND(AD42="Muy Alta",AF42="Menor"),AND(AD42="Muy Alta",AF42="Moderado"),AND(AD42="Muy Alta",AF42="Mayor")),"Alto",IF(OR(AND(AD42="Muy Baja",AF42="Catastrófico"),AND(AD42="Baja",AF42="Catastrófico"),AND(AD42="Media",AF42="Catastrófico"),AND(AD42="Alta",AF42="Catastrófico"),AND(AD42="Muy Alta",AF42="Catastrófico")),"Extremo","")))),"") -> Moderado | AK42: El riesgo y sus causas continúan vigentes de acuerdo al contexto? (Ver Columnas F y H): El riesgo y sus causas siguen vigentes, ya que se da inicio al ciclo ocho de formación del Semillero Vivienda un Proyecto Familiar con dos espacios, uno presencial y otro virtual del momento cero. Se materializó el Riesgo? (Evento Potencial Principal. Columna F): Para este periodo no se ha materializado el Evento Potencial Principal, porque el parámetro de medición es semestral, además se da inicio al ciclo ocho de formación del Semillero Vivienda un Proyecto Familiar con dos espacios, uno presencial y otro virtual del momento cero en el mes de febrero y para el mes de marzo se realizaron siete talleres más para un total del trimestre de nueve talleres. Se materializaron las causas? (Eventos Potenciales Intermedios. Columna H): No se han materializado los Eventos Potenciales Intermedios dado que en el primer mes se asignaron los subsidios de los hogares que se encontraban inscritos bajo la estrategia compra tu casa y actualmente ya se cuenta con el ajuste en el recurso para retomar esta estrategia, las mismo los hogares que han incumplido los requisitos no han sido asignados con el SDV. Los Controles están bien diseñados, se aplican conforme al diseño y son efectivos? (Ver controles en la columna P / Concluir frente a cada control) Los controles están adecuadamente diseñados y se aplican correctamente y su concreción esta descrita en los puntos anteriores. Que acciones propones o se están llevando a cabo para gestionar los riesgos y las causas que se materializaron? (Si no aplica colocar NA) N.A. Que acciones propones o se están llevando a cabo para fortalecer los controles? (Revisa también si se establecieron acciones en la columna AJ) Se ha realizado acompañamiento a las familias, socialización a la ciudadanía, de la oferta habitacional y se inició con los talleres del semillero Vivienda un Proyecto Familiar. | AL42: Actividades Externas Enero https://isvimedgovco.sharepoint.com/:x:/s/8Poblacional/IQAv-t7kxF64TbTAykUEYDv5ASD_8yC6zgHhZ3GhEYFnHQg?e=gqJxWt Actividades Externas Febrero https://isvimedgovco.sharepoint.com/:x:/s/8Poblacional/IQDrjuQXWo49S7KrXYSKtVjsAeuQ5Qpmjq88jfI97KqudeQ?e=QhHVLK Actividades Externas Marzo https://isvimedgovco.sharepoint.com/:x:/s/8Poblacional/IQAlKYdALz_OTqPEqeG57anmAVqC6QAthsSPQU3SDYdiVJ0?e=S3pylA | AM42: Se materializó el Riesgo? (Ver evento potencial principal en Columna F. Relacionar detalles de la materialización - que, como, cuando, donde): Para este período se ha materializado parcialmente el riesgo, porque, si bien no se han recibido PQRSD, se ha superado el 50% de hogares de demanda libre que no han cumplido los requisitos, para continuar en el proceso, esto se dio en el proyecto habitacional Verde Agua de 257 inscritos, continuaron 126, los demás fueron anulados por incumplimiento. Los Controles están bien diseñados, se aplican de acuerdo al diseño y son efectivos? (Ver controles en la columna P / Concluir frente a cada control) 1. La profesional encargada de la línea de acompañamiento social a vivienda nueva, promovió con las constructoras y desarrolladores la oferta institucional del SDV para que haga parte del cierre financiero de los hogares, y validó con las constructuras la documentación para la vinculación de las familias al proyecto Verde Agua con soportes del cierre financiero. 2. La profesional encargada de la linea de acompañamiento social a vivienda nueva desarrollo con diferentes grupos el semillero de "Vivienda un proyecto familiar". La profesional encargada de la línea de acompañamiento social a vivienda nueva verificó la efectividad del Semillero"Vivienda un Proyecto Familiar", y se vinculará a las familias que no han participado del mismo. Qué acciones propones o se están llevando a cabo para gestionar el riesgo que se materializó? (Si no aplica colocar N/A) Verifiacion del estado de la familia para el cierre financiero con los enlaces de las diferetnes entidades financieras para la consecucion del crédito hipotecario con el monto que se necesita. Ofrecimiento del Semillero Vivienda un Proyecto Familiar. Qué acciones propones o se están llevando a cabo para fortalecer los controles? (En el caso de que tener Acciones de mejora / Acciones correctivas en proceso, relacionar el avance. Si tienes acciones específicas a desarrollar en la columna AJ, también relacionar el avance) Continuar con la implementación y cualificación de las estrategias actuales. Relacionamiento con el sector financiero. Implementación del Semillero de Vivienda un Proyecto Familiar. | AN42: Acompanamiento social vivienda nueva abril https://isvimedgovco.sharepoint.com/:x:/s/8Poblacional/IQAfwGhkWuqKQJkAdrrqrtxhAUmYB2Cu_QJVMcPmTWNImJc?e=ScTTxM Acompa;amiento social vivienda nueva mayo https://isvimedgovco.sharepoint.com/:x:/s/8Poblacional/IQC_wrXIU_SmS7WFKQ3openTAZQtQwsZURsMYwZXuW3jskU?e=6pz0Zq Acompanamiento social vivienda nueva junio https://isvimedgovco.sharepoint.com/:x:/s/8Poblacional/IQBXvZ9Z4EswSoefJcDtNpKBAcEeuy0QaCKKNrl8bEyAMnI?e=0ANg8J | AO42: Se materializó el Riesgo? (Ver evento potencial principal en Columna F. Relacionar detalles de la materialización - que, como, cuando, donde): Los Controles están bien diseñados, se aplican de acuerdo al diseño y son efectivos? (Ver controles en la columna P / Concluir frente a cada control) Que acciones propones o se están llevando a cabo para gestionar el riesgo que se materializó? (Si no aplica colocar N/A) Que acciones propones o se están llevando a cabo para fortalecer los controles? (En el caso de que tener Acciones de mejora / Acciones correctivas en proceso, relacionar el avance. Si tienes acciones específicas a desarrollar en la columna AJ, también relacionar el avance) | AQ42: Se materializó el Riesgo? (Ver evento potencial principal en Columna F. Relacionar detalles de la materialización - que, como, cuando, donde): Los Controles están bien diseñados, se aplican de acuerdo al diseño y son efectivos? (Ver controles en la columna P / Concluir frente a cada control) Que acciones propones o se están llevando a cabo para gestionar el riesgo que se materializó? (Si no aplica colocar N/A) Que acciones propones o se están llevando a cabo para fortalecer los controles? (En el caso de que tener Acciones de mejora / Acciones correctivas en proceso, relacionar el avance. Si tienes acciones específicas a desarrollar en la columna AJ, también relacionar el avance)
H43: Falta de capacidad de los hogares para cubrir la cuota inicial. Los hogares no tienen capacidad de endeudamiento. | O43: 2 | P43: La profesional encargada de la linea de acompañamiento social a vivienda nueva remite los hogares a la estrategia "Vivienda un proyecto familiar" la cual consiste en asesorar a los hogares para que aumenten su capacidad de ahorro y puedan cubrir la cuota inicial. La profesional encargada de la linea de acompañamiento social a vivienda nueva verifica la efectividad de la estrategia "Vivienda un proyecto familiar", a través de aquellos hogares que se incriben en la estrategia "Compra tu casa". Documentado en: GU-GS-07 - GUÍA PARA EL DESARROLLO DE LA ESTRATEGIA “VIVIENDA, UN PROYECTO FAMILIAR” y resolución estrategia "Compra tu casa" | Q43: =IF(OR(R43="Preventivo",R43="Detectivo"),"Probabilidad",IF(R43="Correctivo","Impacto","")) -> Probabilidad | R43: Preventivo | S43: Manual | T43: =IF(AND(R43="Preventivo",S43="Automático"),"50%",IF(AND(R43="Preventivo",S43="Manual"),"40%",IF(AND(R43="Detectivo",S43="Automático"),"40%",IF(AND(R43="Detectivo",S43="Manual"),"30%",IF(AND(R43="Correctivo",S43="Automático"),"35%",IF(AND(R43="Correctivo",S43="Manual"),"25%","")))))) -> 40% | U43: Documentado | V43: Aleatoria | W43: Con Registro | X43: Formularios de inscripción a las estraegias por parte de los hogares | Y43: =IFERROR(IF(AND(Q42="Probabilidad",Q43="Probabilidad"),(AA42-(+AA42*T43)),IF(Q43="Probabilidad",(K42-(+K42*T43)),IF(Q43="Impacto",AA42,""))),"") -> 0.216 | Z43: =IFERROR(IF(Y43="","",IF(Y43<=0.2,"Muy Baja",IF(Y43<=0.4,"Baja",IF(Y43<=0.6,"Media",IF(Y43<=0.8,"Alta","Muy Alta"))))),"") -> Baja | AA43: =+Y43 -> 0.216 | AB43: =IFERROR(IF(AC43="","",IF(AC43<=0.2,"Leve",IF(AC43<=0.4,"Menor",IF(AC43<=0.6,"Moderado",IF(AC43<=0.8,"Mayor","Catastrófico"))))),"") -> Moderado | AC43: =IFERROR(IF(AND(Q42="Impacto",Q43="Impacto"),(AC42-(+AC42*T43)),IF(Q43="Impacto",(#REF!-(+#REF!*T43)),IF(Q43="Probabilidad",AC42,""))),"") -> 0.6
A44: GS17 | B44: Lograr la postulación al SDV en la modalidad de vivienda nueva y usada para el 90% de los hogares remitidos por cada linea de acción, en cada vigencia. | C44: Postulaciones y Entregas | D44: Posibilidad de afectación reputacional y económica del Instituto | E44: reflejada en - PQRSD por parte de los hogares postulados. - Requermientos por parte de líderes comunales, el distrito de Medellín o el Concejo. - Hallazgos de entes de control. - Traslados de rubros, ajustes en el presupuesto. * incumplimiento de los indicadores de asignación del SDV. | F44: debido a que Menos del 90% de los hogares remitidos por cada linea de acción, logran la postulación al SDV en la modalidad e vivienda nueva y usada. | G44: Posibilidad de afectación reputacional y económica del Instituto, reflejada en PQRSD por parte de los hogares postulados, requermientos por parte de líderes comunales, el distrito de Medellín o el Concejo, hallazgos de entes de control y traslados de rubros, ajustes en el presupuesto, así como por incumplimiento de los indicadores de asignación del SDV. Lo anterior, debido a que Menos del 90% de los hogares remitidos por cada linea de acción, logran la postulación al SDV en la modalidad e vivienda nueva y usada. | H44: 1. Cambios no planificados relacionados con la disponiblidad de recursos para la aignación del SDV. | I44: Gestión | J44: Media | K44: =IF(J44="","",IF(J44="Muy Baja",0.2,IF(J44="Baja",0.4,IF(J44="Media",0.6,IF(J44="Alta",0.8,IF(J44="Muy Alta",1,)))))) -> 0.6 | L44: Moderado | M44: =IF(L44="","",IF(L44="Leve",0.2,IF(L44="Menor",0.4,IF(L44="Moderado",0.6,IF(L44="Mayor",0.8,IF(L44="Catastrófico",1,)))))) -> 0.6 | N44: =IF(OR(AND(J44="Muy Baja",L44="Leve"),AND(J44="Muy Baja",L44="Menor"),AND(J44="Baja",L44="Leve")),"Bajo",IF(OR(AND(J44="Muy baja",L44="Moderado"),AND(J44="Baja",L44="Menor"),AND(J44="Baja",L44="Moderado"),AND(J44="Media",L44="Leve"),AND(J44="Media",L44="Menor"),AND(J44="Media",L44="Moderado"),AND(J44="Alta",L44="Leve"),AND(J44="Alta",L44="Menor")),"Moderado",IF(OR(AND(J44="Muy Baja",L44="Mayor"),AND(J44="Baja",L44="Mayor"),AND(J44="Media",L44="Mayor"),AND(J44="Alta",L44="Moderado"),AND(J44="Alta",L44="Mayor"),AND(J44="Muy Alta",L44="Leve"),AND(J44="Muy Alta",L44="Menor"),AND(J44="Muy Alta",L44="Moderado"),AND(J44="Muy Alta",L44="Mayor")),"Alto",IF(OR(AND(J44="Muy Baja",L44="Catastrófico"),AND(J44="Baja",L44="Catastrófico"),AND(J44="Media",L44="Catastrófico"),AND(J44="Alta",L44="Catastrófico"),AND(J44="Muy Alta",L44="Catastrófico")),"Extremo","")))) -> Moderado | O44: 1 | P44: El profesional lider de la linea de Postulaciones y Entregas reduce y ajusta la meta relacionada con las postulaciones al SDV. En el caso de convocatoria pública para postulación de demanda libre y/o organizada se deben ajustar los actos administrativos que hayan lugar de acuerdo a la nueva estrategia de convocatoria. Documentado en: Decreto vigente de asignación del SDV | Q44: =IF(OR(R44="Preventivo",R44="Detectivo"),"Probabilidad",IF(R44="Correctivo","Impacto","")) -> Impacto | R44: Correctivo | S44: Manual | T44: =IF(AND(R44="Preventivo",S44="Automático"),"50%",IF(AND(R44="Preventivo",S44="Manual"),"40%",IF(AND(R44="Detectivo",S44="Automático"),"40%",IF(AND(R44="Detectivo",S44="Manual"),"30%",IF(AND(R44="Correctivo",S44="Automático"),"35%",IF(AND(R44="Correctivo",S44="Manual"),"25%","")))))) -> 25% | U44: Documentado | V44: Aleatoria | W44: Con Registro | X44: Correos electrónicos con instrucciones de ajuste a metas de postulaciones. Resolución de apertura y postulación. Formularios de postulación de estrategias de demanda libre / organizada. Resoluciones de asignación y notificación de SDV Expediente del hogar benficiado con el SDV | Y44: =IFERROR(IF(Q44="Probabilidad",(K44-(+K44*T44)),IF(Q44="Impacto",K44,"")),"") -> 0.6 | Z44: =IFERROR(IF(Y44="","",IF(Y44<=0.2,"Muy Baja",IF(Y44<=0.4,"Baja",IF(Y44<=0.6,"Media",IF(Y44<=0.8,"Alta","Muy Alta"))))),"") -> Media | AA44: =+Y44 -> 0.6 | AB44: =IFERROR(IF(AC44="","",IF(AC44<=0.2,"Leve",IF(AC44<=0.4,"Menor",IF(AC44<=0.6,"Moderado",IF(AC44<=0.8,"Mayor","Catastrófico"))))),"") -> Moderado | AC44: =IFERROR(IF(Q44="Impacto",(M44-(+M44*T44)),IF(Q44="Probabilidad",M44,"")),"") -> 0.45 | AD44: =IFERROR(IF(AE44=0,"",IF(AND(AE44>0,AE44<=0.2),"Muy Baja",IF(AE44<=0.4,"Baja",IF(AE44<=0.6,"Media",IF(AE44<=0.8,"Alta","Muy Alta"))))),"") -> Media | AE44: =MIN(Y44:Y46) -> 0.42 | AF44: =IFERROR(IF(AG44=0,"",IF(AND(AG44>0,AG44<=0.2),"Leve",IF(AG44<=0.4,"Menor",IF(AG44<=0.6,"Moderado",IF(AG44<=0.8,"Mayor","Catastrófico"))))),"") -> Menor | AG44: =MIN(AC44:AC46) -> 0.3375 | AH44: =IFERROR(IF(OR(AND(AD44="Muy Baja",AF44="Leve"),AND(AD44="Muy Baja",AF44="Menor"),AND(AD44="Baja",AF44="Leve")),"Bajo",IF(OR(AND(AD44="Muy Baja",AF44="Moderado"),AND(AD44="Baja",AF44="Menor"),AND(AD44="Baja",AF44="Moderado"),AND(AD44="Media",AF44="Leve"),AND(AD44="Media",AF44="Menor"),AND(AD44="Media",AF44="Moderado"),AND(AD44="Alta",AF44="Leve"),AND(AD44="Alta",AF44="Menor")),"Moderado",IF(OR(AND(AD44="Muy Baja",AF44="Mayor"),AND(AD44="Baja",AF44="Mayor"),AND(AD44="Media",AF44="Mayor"),AND(AD44="Alta",AF44="Moderado"),AND(AD44="Alta",AF44="Mayor"),AND(AD44="Muy Alta",AF44="Leve"),AND(AD44="Muy Alta",AF44="Menor"),AND(AD44="Muy Alta",AF44="Moderado"),AND(AD44="Muy Alta",AF44="Mayor")),"Alto",IF(OR(AND(AD44="Muy Baja",AF44="Catastrófico"),AND(AD44="Baja",AF44="Catastrófico"),AND(AD44="Media",AF44="Catastrófico"),AND(AD44="Alta",AF44="Catastrófico"),AND(AD44="Muy Alta",AF44="Catastrófico")),"Extremo","")))),"") -> Moderado | AI44: Reducir (mitigar) | AK44: El riesgo y sus causas continúan vigentes de acuerdo al contexto? (Ver Columnas F y H): Sigue vigente el riesgo y sus causas, ya que desde esta línea se sigue haciendo la postulación y entrega de población de demanda libre, reasentado por riesgo y por obra pública a vivienda nueva y usada. Para este periodo se entregaron 66 viviendas nuevas a población de riesgo (2), demanda libre (64) y (2) viviendas usadas para población de obra pública. Se materializó el Riesgo? (Evento Potencial Principal. Columna F): No se materializa el Evento Potencial Principal y sus Causas ya que no se han recibido PQRS, ni hallazgos por entes de control ni requerimientos del Concejo de Medellin en este caso. Se materializaron las causas? (Eventos Potenciales Intermedios. Columna H): No se materializan los Eventos Potenciales Intermedios, ya que las postulaciones y entregas se han realizado en el marco de lo definido legalmente, y los cierres financieros se han realizado con la sumatoria de varios subsidios de vivienda de diferentes entidades. Los Controles están bien diseñados, se aplican conforme al diseño y son efectivos? (Ver controles en la columna P / Concluir frente a cada control) Los controles están adecuadamente diseñados y se aplican correctamente y su concreción esta descrita en los puntos anteriores. Que acciones propones o se están llevando a cabo para gestionar los riesgos y las causas que se materializaron? (Si no aplica colocar NA) N.A. Que acciones propones o se están llevando a cabo para fortalecer los controles? (Revisa también si se establecieron acciones en la columna AJ) | AL44: REPORTE VIVIENDAS ENTREGADAS ENERO https://isvimedgovco.sharepoint.com/:x:/s/8Poblacional/IQAqc-_pMbiaQaLyzuKbuXVhAZxJNvZ0mUfy1QXIUEh8GZo?e=Cqh7K5 REPORTE VIVIENDAS ENTREGADAS FEBRERO https://isvimedgovco.sharepoint.com/:x:/s/8Poblacional/IQD-DuDdd3DeTK2bgvoQKxQLAYvXDt07xt2j3kBbwE1HnKI?e=c6CcRx REPORTE VIVIENDAS ENTREGADAS MARZO https://isvimedgovco.sharepoint.com/:x:/s/8Poblacional/IQABXfQit15HSZJLBfJs9Vm7ATx0UNir40TdaeddCri4qyE?e=RYbQYh | AM44: Se materializó el Riesgo? (Ver evento potencial principal en Columna F. Relacionar detalles de la materialización - que, como, cuando, donde): No se materializa el riesgo ya que no se han recibido PQRS, ni hemos tenido hallazgos por entes de control, ni requerimientos del Concejo de Medellín en este caso. Los expedientes remitidos por las líneas han sido revisados y posteriormente remitidos a la Subdirección Jurídica para la asignacion del SDV. Para este periodo se remitieron 50 expedientes a la subdirección jurídica para la asignación del SDV vivienda nueva y usada. Los Controles están bien diseñados, se aplican de acuerdo al diseño y son efectivos? (Ver controles en la columna P / Concluir frente a cada control) 1. La profesional líder de la línea de Postulaciones y Entregas revisó el acto adminsitrativo de la feria de Vivienda con el FNA. 2. La profesional lider de la línea de Postulaciones y Entregas, cuando ha sido necesario, devuelve el expediente del hogar al lider de la línea de acción que lo remitió, con las observaciones que se deben subsanar. 3. La profesional lider de la línea de Postulaciones y Entregas analizó cada postulación y verifico los cierres financieros. Qué acciones propones o se están llevando a cabo para gestionar el riesgo que se materializó? (Si no aplica colocar N/A) N/A. Qué acciones propones o se están llevando a cabo para fortalecer los controles? (En el caso de que tener Acciones de mejora / Acciones correctivas en proceso, relacionar el avance. Si tienes acciones específicas a desarrollar en la columna AJ, también relacionar el avance) Se continuará con la revisión de los expedientes y si es el caso la devolución de los mismos. | AN44: Memorandos de remisiones a la Subdirección Juridica de expedientes dpara la asignación del SDV: N° 141, 148, 149, 152, 158, 172, 180, 181, 190, 213 y 214 de 2026 . | AO44: Se materializó el Riesgo? (Ver evento potencial principal en Columna F. Relacionar detalles de la materialización - que, como, cuando, donde): Los Controles están bien diseñados, se aplican de acuerdo al diseño y son efectivos? (Ver controles en la columna P / Concluir frente a cada control) Que acciones propones o se están llevando a cabo para gestionar el riesgo que se materializó? (Si no aplica colocar N/A) Que acciones propones o se están llevando a cabo para fortalecer los controles? (En el caso de que tener Acciones de mejora / Acciones correctivas en proceso, relacionar el avance. Si tienes acciones específicas a desarrollar en la columna AJ, también relacionar el avance) | AQ44: Se materializó el Riesgo? (Ver evento potencial principal en Columna F. Relacionar detalles de la materialización - que, como, cuando, donde): Los Controles están bien diseñados, se aplican de acuerdo al diseño y son efectivos? (Ver controles en la columna P / Concluir frente a cada control) Que acciones propones o se están llevando a cabo para gestionar el riesgo que se materializó? (Si no aplica colocar N/A) Que acciones propones o se están llevando a cabo para fortalecer los controles? (En el caso de que tener Acciones de mejora / Acciones correctivas en proceso, relacionar el avance. Si tienes acciones específicas a desarrollar en la columna AJ, también relacionar el avance)
H45: 2. Errores en la revisión técnica y jurídica por parte de la líneas de acción que remiten los hogares para la postulación al SDV | O45: 2 | P45: El profesional lider de la linea de Postulaciones y Entregas devuelve el expediente del hogar l lider de la línea de acción que lo remitió, con las observaciones que se deben subsanar. | Q45: =IF(OR(R45="Preventivo",R45="Detectivo"),"Probabilidad",IF(R45="Correctivo","Impacto","")) -> Probabilidad | R45: Detectivo | S45: Manual | T45: =IF(AND(R45="Preventivo",S45="Automático"),"50%",IF(AND(R45="Preventivo",S45="Manual"),"40%",IF(AND(R45="Detectivo",S45="Automático"),"40%",IF(AND(R45="Detectivo",S45="Manual"),"30%",IF(AND(R45="Correctivo",S45="Automático"),"35%",IF(AND(R45="Correctivo",S45="Manual"),"25%","")))))) -> 30% | U45: Documentado | V45: Aleatoria | W45: Con Registro | X45: Correo electrónico o memorando de devolución del expediente. | Y45: =IFERROR(IF(AND(Q44="Probabilidad",Q45="Probabilidad"),(AA44-(+AA44*T45)),IF(Q45="Probabilidad",(K44-(+K44*T45)),IF(Q45="Impacto",AA44,""))),"") -> 0.42 | Z45: =IFERROR(IF(Y45="","",IF(Y45<=0.2,"Muy Baja",IF(Y45<=0.4,"Baja",IF(Y45<=0.6,"Media",IF(Y45<=0.8,"Alta","Muy Alta"))))),"") -> Media | AA45: =+Y45 -> 0.42 | AB45: =IFERROR(IF(AC45="","",IF(AC45<=0.2,"Leve",IF(AC45<=0.4,"Menor",IF(AC45<=0.6,"Moderado",IF(AC45<=0.8,"Mayor","Catastrófico"))))),"") -> Moderado | AC45: =IFERROR(IF(AND(Q44="Impacto",Q45="Impacto"),(AC44-(+AC44*T45)),IF(Q45="Impacto",(#REF!-(+#REF!*T45)),IF(Q45="Probabilidad",AC44,""))),"") -> 0.45
H46: 3. Cambios surgidos con posterioridad a la remisión para la postulación, relacionados con la normatividad vigente para la concurrencia de subsidios con otras entidades. | O46: 3 | P46: El profesional lider de la linea de Postulaciones y Entregas analiza cada postulación para calcular los ajustes económicos relacionados con el cierre financiero. En el caso de que el hogar no logre el cierre financiero se debe anular la postulación y notiifcar al hogar postulante. | Q46: =IF(OR(R46="Preventivo",R46="Detectivo"),"Probabilidad",IF(R46="Correctivo","Impacto","")) -> Impacto | R46: Correctivo | S46: Manual | T46: =IF(AND(R46="Preventivo",S46="Automático"),"50%",IF(AND(R46="Preventivo",S46="Manual"),"40%",IF(AND(R46="Detectivo",S46="Automático"),"40%",IF(AND(R46="Detectivo",S46="Manual"),"30%",IF(AND(R46="Correctivo",S46="Automático"),"35%",IF(AND(R46="Correctivo",S46="Manual"),"25%","")))))) -> 25% | U46: Documentado | V46: Aleatoria | W46: Con Registro | X46: Correo electrónico de notificación sobre la no continuidad en el proceso de postulación | Y46: =IFERROR(IF(AND(Q45="Probabilidad",Q46="Probabilidad"),(AA45-(+AA45*T46)),IF(AND(Q45="Impacto",Q46="Probabilidad"),(AA44-(+AA44*T46)),IF(Q46="Impacto",AA45,""))),"") -> 0.42 | Z46: =IFERROR(IF(Y46="","",IF(Y46<=0.2,"Muy Baja",IF(Y46<=0.4,"Baja",IF(Y46<=0.6,"Media",IF(Y46<=0.8,"Alta","Muy Alta"))))),"") -> Media | AA46: =+Y46 -> 0.42 | AB46: =IFERROR(IF(AC46="","",IF(AC46<=0.2,"Leve",IF(AC46<=0.4,"Menor",IF(AC46<=0.6,"Moderado",IF(AC46<=0.8,"Mayor","Catastrófico"))))),"") -> Menor | AC46: =IFERROR(IF(AND(Q45="Impacto",Q46="Impacto"),(AC45-(+AC45*T46)),IF(AND(Q45="Probabilidad",Q46="Impacto"),(AC44-(+AC44*T46)),IF(Q46="Probabilidad",AC45,""))),"") -> 0.3375
A47: GS19 | B47: Lograr en cada vigencia, que el 100% de las viviendas remitidas por la Subdirección de Dotación de Vivienda y Habitat sean entregadas en las fechas programadas y en cumplimiento de los requisitos técnicos y jurídicos establecidos en la normatividad vigente y los procedimientos internos del Instituto. | C47: Postulaciones y Entregas | D47: Posiblidad de afectación reputacional y económica del Instituto | E47: reflejada en - PQRSD por parte de los hogares beneficiarios del SDV. - Requerimientos por parte del distrito de Medellín o el Concejo. - Hallazgos de entes de control. - Un mayor tiempo de desembolso de recursos para el pago del arrendamiento temporal (población sujeto de reasentamiento por riesgo, desastre y/o calamidad). - Un mayor valor del SDV que debe ser entregado a los hogares beneficiarios. | F47: Debido a que no se cumple con la entrega de la totalidad de las viviendas remitidas por la Subdirección de Dotación de Vivienda y Habitat de manera oportuna y en cumplimiento de los requisitos establecidos. | G47: Posiblidad de afectación reputacional y económica del Instituto, reflejada en PQRSD por parte de los hogares beneficiarios del SDV, requerimientos por parte del distrito de Medellín o el Concejo, hallazgos de entes de control, un mayor tiempo de desembolso de recursos para el pago del arrendamiento temporal (población sujeto de reasentamiento por riesgo, desastre y/o calamidad), asi como un mayor valor del SDV que debe ser entregado a los hogares beneficiarios. Lo anterior, debido a que no se cumple con la entrega de la totalidad de las viviendas remitidas por la Subdirección de Dotación de Vivienda y Habitat de manera oportuna y en cumplimiento de los requisitos establecidos | H47: Demoras en los trámites de escrituración de la viviendas a entregar | I47: Gestión | J47: Alta | K47: =IF(J47="","",IF(J47="Muy Baja",0.2,IF(J47="Baja",0.4,IF(J47="Media",0.6,IF(J47="Alta",0.8,IF(J47="Muy Alta",1,)))))) -> 0.8 | L47: Mayor | M47: =IF(L47="","",IF(L47="Leve",0.2,IF(L47="Menor",0.4,IF(L47="Moderado",0.6,IF(L47="Mayor",0.8,IF(L47="Catastrófico",1,)))))) -> 0.8 | N47: =IF(OR(AND(J47="Muy Baja",L47="Leve"),AND(J47="Muy Baja",L47="Menor"),AND(J47="Baja",L47="Leve")),"Bajo",IF(OR(AND(J47="Muy baja",L47="Moderado"),AND(J47="Baja",L47="Menor"),AND(J47="Baja",L47="Moderado"),AND(J47="Media",L47="Leve"),AND(J47="Media",L47="Menor"),AND(J47="Media",L47="Moderado"),AND(J47="Alta",L47="Leve"),AND(J47="Alta",L47="Menor")),"Moderado",IF(OR(AND(J47="Muy Baja",L47="Mayor"),AND(J47="Baja",L47="Mayor"),AND(J47="Media",L47="Mayor"),AND(J47="Alta",L47="Moderado"),AND(J47="Alta",L47="Mayor"),AND(J47="Muy Alta",L47="Leve"),AND(J47="Muy Alta",L47="Menor"),AND(J47="Muy Alta",L47="Moderado"),AND(J47="Muy Alta",L47="Mayor")),"Alto",IF(OR(AND(J47="Muy Baja",L47="Catastrófico"),AND(J47="Baja",L47="Catastrófico"),AND(J47="Media",L47="Catastrófico"),AND(J47="Alta",L47="Catastrófico"),AND(J47="Muy Alta",L47="Catastrófico")),"Extremo","")))) -> Alto | O47: 1 | P47: La mesa de seguimiento de escrituración verifica el estado de cada trámite con el propósito de realizar las entregas en los tiempos programados. En el caso de inconvenientes se establecen estrategias con notarias y la oficina de registros públicas para dar celeridad a los procesos. | Q47: =IF(OR(R47="Preventivo",R47="Detectivo"),"Probabilidad",IF(R47="Correctivo","Impacto","")) -> Probabilidad | R47: Preventivo | S47: Manual | T47: =IF(AND(R47="Preventivo",S47="Automático"),"50%",IF(AND(R47="Preventivo",S47="Manual"),"40%",IF(AND(R47="Detectivo",S47="Automático"),"40%",IF(AND(R47="Detectivo",S47="Manual"),"30%",IF(AND(R47="Correctivo",S47="Automático"),"35%",IF(AND(R47="Correctivo",S47="Manual"),"25%","")))))) -> 40% | U47: Sin Documentar | V47: Aleatoria | W47: Con Registro | X47: Acta de reunión mesa de seguimiento escrituración | Y47: =IFERROR(IF(Q47="Probabilidad",(K47-(+K47*T47)),IF(Q47="Impacto",K47,"")),"") -> 0.48 | Z47: =IFERROR(IF(Y47="","",IF(Y47<=0.2,"Muy Baja",IF(Y47<=0.4,"Baja",IF(Y47<=0.6,"Media",IF(Y47<=0.8,"Alta","Muy Alta"))))),"") -> Media | AA47: =+Y47 -> 0.48 | AB47: =IFERROR(IF(AC47="","",IF(AC47<=0.2,"Leve",IF(AC47<=0.4,"Menor",IF(AC47<=0.6,"Moderado",IF(AC47<=0.8,"Mayor","Catastrófico"))))),"") -> Mayor | AC47: =IFERROR(IF(Q47="Impacto",(M47-(+M47*T47)),IF(Q47="Probabilidad",M47,"")),"") -> 0.8 | AD47: =IFERROR(IF(AE47=0,"",IF(AND(AE47>0,AE47<=0.2),"Muy Baja",IF(AE47<=0.4,"Baja",IF(AE47<=0.6,"Media",IF(AE47<=0.8,"Alta","Muy Alta"))))),"") -> Baja | AE47: =MIN(Y47:Y51) -> 0.288 | AF47: =IFERROR(IF(AG47=0,"",IF(AND(AG47>0,AG47<=0.2),"Leve",IF(AG47<=0.4,"Menor",IF(AG47<=0.6,"Moderado",IF(AG47<=0.8,"Mayor","Catastrófico"))))),"") -> Moderado | AG47: =MIN(AC47:AC51) -> 0.45 | AH47: =IFERROR(IF(OR(AND(AD47="Muy Baja",AF47="Leve"),AND(AD47="Muy Baja",AF47="Menor"),AND(AD47="Baja",AF47="Leve")),"Bajo",IF(OR(AND(AD47="Muy Baja",AF47="Moderado"),AND(AD47="Baja",AF47="Menor"),AND(AD47="Baja",AF47="Moderado"),AND(AD47="Media",AF47="Leve"),AND(AD47="Media",AF47="Menor"),AND(AD47="Media",AF47="Moderado"),AND(AD47="Alta",AF47="Leve"),AND(AD47="Alta",AF47="Menor")),"Moderado",IF(OR(AND(AD47="Muy Baja",AF47="Mayor"),AND(AD47="Baja",AF47="Mayor"),AND(AD47="Media",AF47="Mayor"),AND(AD47="Alta",AF47="Moderado"),AND(AD47="Alta",AF47="Mayor"),AND(AD47="Muy Alta",AF47="Leve"),AND(AD47="Muy Alta",AF47="Menor"),AND(AD47="Muy Alta",AF47="Moderado"),AND(AD47="Muy Alta",AF47="Mayor")),"Alto",IF(OR(AND(AD47="Muy Baja",AF47="Catastrófico"),AND(AD47="Baja",AF47="Catastrófico"),AND(AD47="Media",AF47="Catastrófico"),AND(AD47="Alta",AF47="Catastrófico"),AND(AD47="Muy Alta",AF47="Catastrófico")),"Extremo","")))),"") -> Moderado | AK47: El riesgo y sus causas continúan vigentes de acuerdo al contexto? (Ver Columnas F y H): Sigue vigente el riesgo y sus causas, ya que desde esta línea sigue haciendo la postulación y entrega de población de demanda libre, reasentado por riesgo y por obra pública a vivienda nueva y usada. Se materializó el Riesgo? (Evento Potencial Principal. Columna F): No se materializa el Evento Potencial Principal y sus Causas ya que no se han recibido PQRS, ni hallazgos por entes de control ni requerimientos del Concejo de Medellin en este caso. Se materializaron las causas? (Eventos Potenciales Intermedios. Columna H): No se materializan los Eventos Potenciales Intermedios, ya que las postulaciones y entregas se han realizado en el marco de lo definido legalmente, y los cierres financieros se han realizado con la sumatoria de varios subsidios de vivienda de diferentes entidades. Ya que técnicamente se cumplió con el proceso. Los Controles están bien diseñados, se aplican conforme al diseño y son efectivos? (Ver controles en la columna P / Concluir frente a cada control) Los controles están adecuadamente diseñados y se aplican correctamente y su concreción esta descrita en los puntos anteriores. Que acciones propones o se están llevando a cabo para gestionar los riesgos y las causas que se materializaron? (Si no aplica colocar NA) N.A. Que acciones propones o se están llevando a cabo para fortalecer los controles? (Revisa también si se establecieron acciones en la columna AJ) | AL47: REPORTE VIVIENDAS ENTREGADAS ENERO https://isvimedgovco.sharepoint.com/:x:/s/8Poblacional/IQAqc-_pMbiaQaLyzuKbuXVhAZxJNvZ0mUfy1QXIUEh8GZo?e=Cqh7K5 REPORTE VIVIENDAS ENTREGADAS FEBRERO https://isvimedgovco.sharepoint.com/:x:/s/8Poblacional/IQD-DuDdd3DeTK2bgvoQKxQLAYvXDt07xt2j3kBbwE1HnKI?e=c6CcRx REPORTE VIVIENDAS ENTREGADAS MARZO https://isvimedgovco.sharepoint.com/:x:/s/8Poblacional/IQABXfQit15HSZJLBfJs9Vm7ATx0UNir40TdaeddCri4qyE?e=RYbQYh | AM47: Se materializó el Riesgo? (Ver evento potencial principal en Columna F. Relacionar detalles de la materialización - que, como, cuando, donde): No se materializa el Evento Potencial Principal y sus Causas ya que no se han recibido PQRS, ni hallazgos por entes de control ni requerimientos del Concejo de Medellin en este caso. En este trimestre se entregaron 31 viviendas nuevas en los proyectos habitacionales La Colinita y La Playita para población de demanda libre, 3 de viviendas nuevas en el proyecto habitacional Ventto población de arrendamiento temporal, una vivienda usada población reasentada por obra pública. Los Controles están bien diseñados, se aplican de acuerdo al diseño y son efectivos? (Ver controles en la columna P / Concluir frente a cada control) 1. La mesa de seguimiento de escrituración, o mesa de seguimiento a apartamentos vacios, no ha sido activada en este periodo tiene por la Subdirección Financiera. 2. Las entregas se han realizado con la vialibilidad juridica emitida por la Subdirección Jurídica quien verifica el estado de cada trámite con el propósito de realizar las entregas en los tiempos programados. 3. Los hogares con novedades de cambio de estado civil, fallecimiento, incumplimiento del cierre financiero o renuncia del Jefe de hogar se remiten a la Subdirección Jurídica, para el tramité correspondiente. 4. Dado que la población de demanda libre aporta recursos para completar el valor de la vivienda, se respeta el derecho a la elección del bloque y apartamento que se realiza directamente con el desarrollador una vez se vincula a la Fiducia. Además, para la entrega de apartamentos pendientes en los proyectos habitacionales ya escriturados, los hogares ya participaron de un sorteo en otro momento. Por lo anterior, la profesional lider de la línea de Postulaciones y Entregas no realizó sorteo para ninguna de las viviendas entregas en este período. Qué acciones propones o se están llevando a cabo para gestionar el riesgo que se materializó? (Si no aplica colocar N/A) N/A. Qué acciones propones o se están llevando a cabo para fortalecer los controles? (En el caso de que tener Acciones de mejora / Acciones correctivas en proceso, relacionar el avance. Si tienes acciones específicas a desarrollar en la columna AJ, también relacionar el avance) Continuar con el proceso de entrega de los inmuebes cumpliendo con las acciones definidas para tal efecto. | AN47: VIVIENDAS ENTREGAS EN ABRIL https://isvimedgovco.sharepoint.com/:x:/s/8Poblacional/IQAyeUAgeL4rQYftYnWWoSoZAaejqAxePsiABsHW6DSNDNM?e=bt5bkh VIVIENDAS ENTREGADAS EN MAYO https://isvimedgovco.sharepoint.com/:x:/s/8Poblacional/IQDt1fVXbj-aTbhKzJHn2VBJATck1SBYb2Z1k-dmdeBr8hE?e=jbfFjT VIVENDAS ENTREGAS EN JUNIO https://isvimedgovco.sharepoint.com/:x:/s/8Poblacional/IQDx63Pyf_RBRrygIWlfzdqjAcAtJCBrETAQS2adj6ZC6jk?e=cYI8HA | AO47: Se materializó el Riesgo? (Ver evento potencial principal en Columna F. Relacionar detalles de la materialización - que, como, cuando, donde): Los Controles están bien diseñados, se aplican de acuerdo al diseño y son efectivos? (Ver controles en la columna P / Concluir frente a cada control) Que acciones propones o se están llevando a cabo para gestionar el riesgo que se materializó? (Si no aplica colocar N/A) Que acciones propones o se están llevando a cabo para fortalecer los controles? (En el caso de que tener Acciones de mejora / Acciones correctivas en proceso, relacionar el avance. Si tienes acciones específicas a desarrollar en la columna AJ, también relacionar el avance) | AQ47: Se materializó el Riesgo? (Ver evento potencial principal en Columna F. Relacionar detalles de la materialización - que, como, cuando, donde): Los Controles están bien diseñados, se aplican de acuerdo al diseño y son efectivos? (Ver controles en la columna P / Concluir frente a cada control) Que acciones propones o se están llevando a cabo para gestionar el riesgo que se materializó? (Si no aplica colocar N/A) Que acciones propones o se están llevando a cabo para fortalecer los controles? (En el caso de que tener Acciones de mejora / Acciones correctivas en proceso, relacionar el avance. Si tienes acciones específicas a desarrollar en la columna AJ, también relacionar el avance)
H48: Cambios en la situación jurídica de los hogares que imposibilitan escriturar y entregar el inmueble | O48: 2 | P48: En el caso de cambio de estado civil del Jefe de hogar se remité el caso a la Subdirección Jurídica para el análisis de la situación con miras a definir como ajustar el proceso de escrituración y entrega. En el caso de fallecimiento del Jefe de Hogar se remité el caso a la Subdirección Jurídica para que se realice el acto administrativo correspondiente para el cambio de Jefe de Hogar . En el caso de incumplimiento del cierre financiero del jefe de hogar o renuncia al SDV, el caso se remite a la Subdirección Jurídica para gestionar el acto administrativo que corresponda. | Q48: =IF(OR(R48="Preventivo",R48="Detectivo"),"Probabilidad",IF(R48="Correctivo","Impacto","")) -> Impacto | R48: Correctivo | S48: Manual | T48: =IF(AND(R48="Preventivo",S48="Automático"),"50%",IF(AND(R48="Preventivo",S48="Manual"),"40%",IF(AND(R48="Detectivo",S48="Automático"),"40%",IF(AND(R48="Detectivo",S48="Manual"),"30%",IF(AND(R48="Correctivo",S48="Automático"),"35%",IF(AND(R48="Correctivo",S48="Manual"),"25%","")))))) -> 25% | U48: Documentado | V48: Aleatoria | W48: Con Registro | X48: Correos Electrónicos de consulta a la Subdirección Dirección. Actos administrativos para cambio de Jefe de Hogar, renuncia al SDV, revocatoria al SDV | Y48: =IFERROR(IF(AND(Q47="Probabilidad",Q48="Probabilidad"),(AA47-(+AA47*T48)),IF(Q48="Probabilidad",(K47-(+K47*T48)),IF(Q48="Impacto",AA47,""))),"") -> 0.48 | Z48: =IFERROR(IF(Y48="","",IF(Y48<=0.2,"Muy Baja",IF(Y48<=0.4,"Baja",IF(Y48<=0.6,"Media",IF(Y48<=0.8,"Alta","Muy Alta"))))),"") -> Media | AA48: =+Y48 -> 0.48 | AB48: =IFERROR(IF(AC48="","",IF(AC48<=0.2,"Leve",IF(AC48<=0.4,"Menor",IF(AC48<=0.6,"Moderado",IF(AC48<=0.8,"Mayor","Catastrófico"))))),"") -> Moderado | AC48: =IFERROR(IF(AND(Q47="Impacto",Q48="Impacto"),(AC47-(+AC47*T48)),IF(Q48="Impacto",($M$15-(+$M$15*T48)),IF(Q48="Probabilidad",AC47,""))),"") -> 0.45
H49: Fallas en la logística para la entrega de los inmuebles (evento, firmas de documentos para la entrega, impresión de documentos, convocatoria hogares, entre otros) | O49: 3 | P49: El profesional lider de la linea de Postulaciones y Entregas valida la logística necesaria de acuerdo a lo establecido en el procedimiento para entrega de vivienda nueva, P-GS-03. Asi mismo realiza capacitación al equipo que apoya la entrega de vivienda en cuanto al orden del día, los documentos a entregar al hogar con sus respectivas firmas, cronograma del evento, roles, protocolos, entre otros. | Q49: =IF(OR(R49="Preventivo",R49="Detectivo"),"Probabilidad",IF(R49="Correctivo","Impacto","")) -> Probabilidad | R49: Preventivo | S49: Manual | T49: =IF(AND(R49="Preventivo",S49="Automático"),"50%",IF(AND(R49="Preventivo",S49="Manual"),"40%",IF(AND(R49="Detectivo",S49="Automático"),"40%",IF(AND(R49="Detectivo",S49="Manual"),"30%",IF(AND(R49="Correctivo",S49="Automático"),"35%",IF(AND(R49="Correctivo",S49="Manual"),"25%","")))))) -> 40% | U49: Documentado | V49: Aleatoria | W49: Con Registro | X49: Registros que se relacionan en el procedimiento para entrega de vivienda nueva, P-GS-03. Listado de asistencia de capacitación para la entrega de vivienda. | Y49: =IFERROR(IF(AND(Q48="Probabilidad",Q49="Probabilidad"),(AA48-(+AA48*T49)),IF(AND(Q48="Impacto",Q49="Probabilidad"),(AC47-(+AC47*T49)),IF(Q49="Impacto",AA48,""))),"") -> 0.48 | Z49: =IFERROR(IF(Y49="","",IF(Y49<=0.2,"Muy Baja",IF(Y49<=0.4,"Baja",IF(Y49<=0.6,"Media",IF(Y49<=0.8,"Alta","Muy Alta"))))),"") -> Media | AA49: =+Y49 -> 0.48 | AB49: =IFERROR(IF(AC49="","",IF(AC49<=0.2,"Leve",IF(AC49<=0.4,"Menor",IF(AC49<=0.6,"Moderado",IF(AC49<=0.8,"Mayor","Catastrófico"))))),"") -> Moderado | AC49: =IFERROR(IF(AND(Q48="Impacto",Q49="Impacto"),(AC48-(+AC48*T49)),IF(AND(Q48="Probabilidad",Q49="Impacto"),(AC47-(+AC47*T49)),IF(Q49="Probabilidad",AC48,""))),"") -> 0.45
H50: No realizar el sorteo de nomenclatura de acuerdo a lo establecido en el instructivo institucional | O50: 4 | P50: El profesional lider de la linea de Postulaciones y Entregas valida que el sorteo se realice de acuerdo a lo establecido en el INSTRUCTIVO PARA SORTEO DE NOMENCLATURA PROYECTOS INSTITUCIONALES, para lo cual elabora la ficha metodológica del mismo. | Q50: =IF(OR(R50="Preventivo",R50="Detectivo"),"Probabilidad",IF(R50="Correctivo","Impacto","")) -> Probabilidad | R50: Preventivo | S50: Manual | T50: =IF(AND(R50="Preventivo",S50="Automático"),"50%",IF(AND(R50="Preventivo",S50="Manual"),"40%",IF(AND(R50="Detectivo",S50="Automático"),"40%",IF(AND(R50="Detectivo",S50="Manual"),"30%",IF(AND(R50="Correctivo",S50="Automático"),"35%",IF(AND(R50="Correctivo",S50="Manual"),"25%","")))))) -> 40% | U50: Documentado | V50: Aleatoria | W50: Con Registro | X50: Ficha metodológica del sorteo de nomenclatura Registros relacionados en el INSTRUCTIVO PARA SORTEO DE NOMENCLATURA PROYECTOS INSTITUCIONALES | Y50: =IFERROR(IF(AND(Q49="Probabilidad",Q50="Probabilidad"),(AA49-(+AA49*T50)),IF(AND(Q49="Impacto",Q50="Probabilidad"),(#REF!-(+#REF!*T50)),IF(Q50="Impacto",AA49,""))),"") -> 0.288 | Z50: =IFERROR(IF(Y50="","",IF(Y50<=0.2,"Muy Baja",IF(Y50<=0.4,"Baja",IF(Y50<=0.6,"Media",IF(Y50<=0.8,"Alta","Muy Alta"))))),"") -> Baja | AA50: =+Y50 -> 0.288 | AB50: =IFERROR(IF(AC50="","",IF(AC50<=0.2,"Leve",IF(AC50<=0.4,"Menor",IF(AC50<=0.6,"Moderado",IF(AC50<=0.8,"Mayor","Catastrófico"))))),"") -> Moderado | AC50: =IFERROR(IF(AND(Q49="Impacto",Q50="Impacto"),(AC49-(+AC49*T50)),IF(AND(Q49="Probabilidad",Q50="Impacto"),(#REF!-(+#REF!*T50)),IF(Q50="Probabilidad",AC49,""))),"") -> 0.45
Q51: =IF(OR(R51="Preventivo",R51="Detectivo"),"Probabilidad",IF(R51="Correctivo","Impacto","")) | T51: =IF(AND(R51="Preventivo",S51="Automático"),"50%",IF(AND(R51="Preventivo",S51="Manual"),"40%",IF(AND(R51="Detectivo",S51="Automático"),"40%",IF(AND(R51="Detectivo",S51="Manual"),"30%",IF(AND(R51="Correctivo",S51="Automático"),"35%",IF(AND(R51="Correctivo",S51="Manual"),"25%","")))))) | Y51: =IFERROR(IF(AND(Q50="Probabilidad",Q51="Probabilidad"),(AA50-(+AA50*T51)),IF(AND(Q50="Impacto",Q51="Probabilidad"),(AA49-(+AA49*T51)),IF(Q51="Impacto",AA50,""))),"") | Z51: =IFERROR(IF(Y51="","",IF(Y51<=0.2,"Muy Baja",IF(Y51<=0.4,"Baja",IF(Y51<=0.6,"Media",IF(Y51<=0.8,"Alta","Muy Alta"))))),"") | AA51: =+Y51 | AB51: =IFERROR(IF(AC51="","",IF(AC51<=0.2,"Leve",IF(AC51<=0.4,"Menor",IF(AC51<=0.6,"Moderado",IF(AC51<=0.8,"Mayor","Catastrófico"))))),"") | AC51: =IFERROR(IF(AND(Q50="Impacto",Q51="Impacto"),(AC50-(+AC50*T51)),IF(AND(Q50="Probabilidad",Q51="Impacto"),(AC49-(+AC49*T51)),IF(Q51="Probabilidad",AC50,""))),"")
A52: GS15 | B52: Lograr que el 100% de los hogares remitidos para el proceso de reasentamiento cuenten con vivenda de reposición identificada y en cumplimiento de los siguientes criterios: intereses del beneficiario, viabilidad jurídica y técnica, y que el avaluo no supere los 90 SMMLV. Lo anterior, durante la vigencia de los Convenios/Contratos Interadministrativos. | C52: Acompañamiento social a la población sujeto de reasentamiento por obra pública | D52: Posibilidad de afectación reputacional y económica del Instituto | E52: reflejada en PQRSD por parte de los beneficiarios Requerimientos por parte de la entidades contratantes por posible incumplimiento del convenio / contratos interadministrativo. Sanciones pecuniarias por incumplimiento contractuales. | F52: debido a que no se cuente con la identificación de la vivienda de reposición en cumplmiento de la normatividad aplicable para la totalidad de los hogares remitidos, durante la vigencia de los Convenios/Contratos Interadministrativos. | G52: Posibilidad de afectación reputacional y económica del Instituto reflejada en PQRSD por parte de los beneficiarios, requerimientos por parte de la entidades contratantes por posible incumplimiento de los convenios / contratos interadministrativos, asi como sanciones pecuniarias por incumplimientos contractuales. Lo anterior debido a que no se cuente con la identificación de la vivienda de reposición en cumplmiento de la normatividad aplicable para la totalidad de los hogares remitidos, durante la vigencia de los Convenios/Contratos Interadministrativos. | H52: Dificultad en la búsqueda de vivienda en territorio, para adecuarse a los topes establecidos de acuerdo con la norma vigente. | I52: Gestión | J52: Baja | K52: =IF(J52="","",IF(J52="Muy Baja",0.2,IF(J52="Baja",0.4,IF(J52="Media",0.6,IF(J52="Alta",0.8,IF(J52="Muy Alta",1,)))))) -> 0.4 | L52: Mayor | M52: =IF(L52="","",IF(L52="Leve",0.2,IF(L52="Menor",0.4,IF(L52="Moderado",0.6,IF(L52="Mayor",0.8,IF(L52="Catastrófico",1,)))))) -> 0.8 | N52: =IF(OR(AND(J52="Muy Baja",L52="Leve"),AND(J52="Muy Baja",L52="Menor"),AND(J52="Baja",L52="Leve")),"Bajo",IF(OR(AND(J52="Muy baja",L52="Moderado"),AND(J52="Baja",L52="Menor"),AND(J52="Baja",L52="Moderado"),AND(J52="Media",L52="Leve"),AND(J52="Media",L52="Menor"),AND(J52="Media",L52="Moderado"),AND(J52="Alta",L52="Leve"),AND(J52="Alta",L52="Menor")),"Moderado",IF(OR(AND(J52="Muy Baja",L52="Mayor"),AND(J52="Baja",L52="Mayor"),AND(J52="Media",L52="Mayor"),AND(J52="Alta",L52="Moderado"),AND(J52="Alta",L52="Mayor"),AND(J52="Muy Alta",L52="Leve"),AND(J52="Muy Alta",L52="Menor"),AND(J52="Muy Alta",L52="Moderado"),AND(J52="Muy Alta",L52="Mayor")),"Alto",IF(OR(AND(J52="Muy Baja",L52="Catastrófico"),AND(J52="Baja",L52="Catastrófico"),AND(J52="Media",L52="Catastrófico"),AND(J52="Alta",L52="Catastrófico"),AND(J52="Muy Alta",L52="Catastrófico")),"Extremo","")))) -> Alto | O52: 1 | P52: El profesional líder de la línea de acción de reasentamiento por Obra Pública, devuelve los expedientes a la entidad contratante cuando se den las siguientes condiciones: - Se mueste mínimo 3 y máximo 6 opciones de vivienda usada por parte del isvimed sin que el beneficierio opte por alguna de ellas dentro de los 6 meses con que se cuenta dentro del proceso de reasentamiento de acuerdo a la normatividad vigente. | Q52: =IF(OR(R52="Preventivo",R52="Detectivo"),"Probabilidad",IF(R52="Correctivo","Impacto","")) -> Impacto | R52: Correctivo | S52: Manual | T52: =IF(AND(R52="Preventivo",S52="Automático"),"50%",IF(AND(R52="Preventivo",S52="Manual"),"40%",IF(AND(R52="Detectivo",S52="Automático"),"40%",IF(AND(R52="Detectivo",S52="Manual"),"30%",IF(AND(R52="Correctivo",S52="Automático"),"35%",IF(AND(R52="Correctivo",S52="Manual"),"25%","")))))) -> 25% | U52: Documentado | V52: Aleatoria | W52: Con Registro | X52: Oficio de remisión a la entidad contratante con expediente digital a nombre del hogar correspondiente | Y52: =IFERROR(IF(Q52="Probabilidad",(K52-(+K52*T52)),IF(Q52="Impacto",K52,"")),"") -> 0.4 | Z52: =IFERROR(IF(Y52="","",IF(Y52<=0.2,"Muy Baja",IF(Y52<=0.4,"Baja",IF(Y52<=0.6,"Media",IF(Y52<=0.8,"Alta","Muy Alta"))))),"") -> Baja | AA52: =+Y52 -> 0.4 | AB52: =IFERROR(IF(AC52="","",IF(AC52<=0.2,"Leve",IF(AC52<=0.4,"Menor",IF(AC52<=0.6,"Moderado",IF(AC52<=0.8,"Mayor","Catastrófico"))))),"") -> Moderado | AC52: =IFERROR(IF(Q52="Impacto",(M52-(+M52*T52)),IF(Q52="Probabilidad",M52,"")),"") -> 0.6 | AD52: =IFERROR(IF(AE52=0,"",IF(AND(AE52>0,AE52<=0.2),"Muy Baja",IF(AE52<=0.4,"Baja",IF(AE52<=0.6,"Media",IF(AE52<=0.8,"Alta","Muy Alta"))))),"") -> Baja | AE52: =MIN(Y52:Y54) -> 0.4 | AF52: =IFERROR(IF(AG52=0,"",IF(AND(AG52>0,AG52<=0.2),"Leve",IF(AG52<=0.4,"Menor",IF(AG52<=0.6,"Moderado",IF(AG52<=0.8,"Mayor","Catastrófico"))))),"") -> Moderado | AG52: =MIN(AC52:AC54) -> 0.6 | AH52: =IFERROR(IF(OR(AND(AD52="Muy Baja",AF52="Leve"),AND(AD52="Muy Baja",AF52="Menor"),AND(AD52="Baja",AF52="Leve")),"Bajo",IF(OR(AND(AD52="Muy Baja",AF52="Moderado"),AND(AD52="Baja",AF52="Menor"),AND(AD52="Baja",AF52="Moderado"),AND(AD52="Media",AF52="Leve"),AND(AD52="Media",AF52="Menor"),AND(AD52="Media",AF52="Moderado"),AND(AD52="Alta",AF52="Leve"),AND(AD52="Alta",AF52="Menor")),"Moderado",IF(OR(AND(AD52="Muy Baja",AF52="Mayor"),AND(AD52="Baja",AF52="Mayor"),AND(AD52="Media",AF52="Mayor"),AND(AD52="Alta",AF52="Moderado"),AND(AD52="Alta",AF52="Mayor"),AND(AD52="Muy Alta",AF52="Leve"),AND(AD52="Muy Alta",AF52="Menor"),AND(AD52="Muy Alta",AF52="Moderado"),AND(AD52="Muy Alta",AF52="Mayor")),"Alto",IF(OR(AND(AD52="Muy Baja",AF52="Catastrófico"),AND(AD52="Baja",AF52="Catastrófico"),AND(AD52="Media",AF52="Catastrófico"),AND(AD52="Alta",AF52="Catastrófico"),AND(AD52="Muy Alta",AF52="Catastrófico")),"Extremo","")))),"") -> Moderado | AI52: Reducir (mitigar) | AK52: El riesgo y sus causas continúan vigentes de acuerdo al contexto? (Ver Columnas F y H): Sigue vigente el riesgo y sus causas, ya que desde la línea de acompañamiento social en obra pública, en el periodo del seguimiento se realizaron (49) recorridos de búsqueda de vivienda; y (93) acompañamientos sociales en cuanto al estado y avance del proceso de reasentamiento de cada uno de los hogares. Se materializó el Riesgo? (Evento Potencial Principal. Columna F): No materializo el Evento Potencial Principal teniendo en cuenta que se identificaron las viviendas de varias familias, con el acompañamiento realizado en el marco de lo definido en la normatividad. Se materializaron las causas? (Eventos Potenciales Intermedios. Columna H): No se materializan los eventos porque se da cumplimento a nivel técnico y de los costos de las viviendas identificadas para esas familias. Los Controles están bien diseñados, se aplican conforme al diseño y son efectivos? (Ver controles en la columna P / Concluir frente a cada control) Los controles están adecuadamente diseñados y se aplican correctamente y su concreción esta descrita en los puntos anteriores. Que acciones propones o se están llevando a cabo para gestionar los riesgos y las causas que se materializaron? (Si no aplica colocar NA) N.A. Que acciones propones o se están llevando a cabo para fortalecer los controles? (Revisa también si se establecieron acciones en la columna AJ) Recorridos de búsqueda de vivienda, acompañamiento social, jurídico y técnico. | AL52: RECORRIDOS DE VIVIENDA OBRA PUBLICA 06022026_recorrido búsqueda vivienda.pdf 16.02.2026 Recorrido búsqueda de vivienda.pdf 18022026_recorrido búsqueda de vivienda .pdf Actividades Externas Enero https://isvimedgovco.sharepoint.com/:x:/s/8Poblacional/IQAv-t7kxF64TbTAykUEYDv5ASD_8yC6zgHhZ3GhEYFnHQg?e=gqJxWt Actividades Externas Febrero https://isvimedgovco.sharepoint.com/:x:/s/8Poblacional/IQDrjuQXWo49S7KrXYSKtVjsAeuQ5Qpmjq88jfI97KqudeQ?e=QhHVLK Actividades Externas Marzo https://isvimedgovco.sharepoint.com/:x:/s/8Poblacional/IQAlKYdALz_OTqPEqeG57anmAVqC6QAthsSPQU3SDYdiVJ0?e=S3pylA | AM52: Se materializó el Riesgo? (Ver evento potencial principal en Columna F. Relacionar detalles de la materialización - que, como, cuando, donde): No se materializó el riesgo teniendo en cuenta que se identificaron las viviendas de varias familias, con el acompañamiento realizado en el marco de lo definido en la normatividad. Para este periodo se realizaron 11 recorridos de identificacion de viviendas, y se recibieron un total de 22 expedientes, correspondientes al Proyecto Metro de la 80 y los demás de Villa de los González. Los Controles están bien diseñados, se aplican de acuerdo al diseño y son efectivos? (Ver controles en la columna P / Concluir frente a cada control) El profesional líder de la línea de acción de reasentamiento por Obra Pública, devuelve los expedientes a la entidad contratante cuando se den las siguientes condiciones: - Se muestre mínimo 3 y máximo 6 opciones de vivienda usada por parte del Isvimed, sin que el beneficierio opte por alguna de ellas dentro de los 6 meses con que se cuenta dentro del proceso de reasentamiento de acuerdo a la normatividad vigente. Qué acciones propones o se están llevando a cabo para gestionar el riesgo que se materializó? (Si no aplica colocar N/A) N/A. Qué acciones propones o se están llevando a cabo para fortalecer los controles? (En el caso de que tener Acciones de mejora / Acciones correctivas en proceso, relacionar el avance. Si tienes acciones específicas a desarrollar en la columna AJ, también relacionar el avance) Se continuaran con los recorridos de identificación y en el proceso de revisión de los expedientes remitidos en el marco de los convenios. | AN52: Abril https://isvimedgovco.sharepoint.com/:x:/s/8Poblacional/IQD1Xl8dRNeuQojvcrGi7O5eAXLiMAQ8nMaAYPoWH_ddFU4?e=PEqGEJ Mayo https://isvimedgovco.sharepoint.com/:x:/s/8Poblacional/IQAkSSLOhV-FTZF-y5HBwVG5AbWsJmW57w8HnpvCiPP7Jkg?e=oEInnD Junio https://isvimedgovco.sharepoint.com/:x:/s/8Poblacional/IQAkSSLOhV-FTZF-y5HBwVG5AbWsJmW57w8HnpvCiPP7Jkg?e=oEInnD | AO52: Se materializó el Riesgo? (Ver evento potencial principal en Columna F. Relacionar detalles de la materialización - que, como, cuando, donde): Los Controles están bien diseñados, se aplican de acuerdo al diseño y son efectivos? (Ver controles en la columna P / Concluir frente a cada control) Que acciones propones o se están llevando a cabo para gestionar el riesgo que se materializó? (Si no aplica colocar N/A) Que acciones propones o se están llevando a cabo para fortalecer los controles? (En el caso de que tener Acciones de mejora / Acciones correctivas en proceso, relacionar el avance. Si tienes acciones específicas a desarrollar en la columna AJ, también relacionar el avance) | AQ52: Se materializó el Riesgo? (Ver evento potencial principal en Columna F. Relacionar detalles de la materialización - que, como, cuando, donde): Los Controles están bien diseñados, se aplican de acuerdo al diseño y son efectivos? (Ver controles en la columna P / Concluir frente a cada control) Que acciones propones o se están llevando a cabo para gestionar el riesgo que se materializó? (Si no aplica colocar N/A) Que acciones propones o se están llevando a cabo para fortalecer los controles? (En el caso de que tener Acciones de mejora / Acciones correctivas en proceso, relacionar el avance. Si tienes acciones específicas a desarrollar en la columna AJ, también relacionar el avance)
H53: La vivienda indentificada para reposición no cumple con la viabilidad técnica y jurídica. | Q53: =IF(OR(R53="Preventivo",R53="Detectivo"),"Probabilidad",IF(R53="Correctivo","Impacto","")) | T53: =IF(AND(R53="Preventivo",S53="Automático"),"50%",IF(AND(R53="Preventivo",S53="Manual"),"40%",IF(AND(R53="Detectivo",S53="Automático"),"40%",IF(AND(R53="Detectivo",S53="Manual"),"30%",IF(AND(R53="Correctivo",S53="Automático"),"35%",IF(AND(R53="Correctivo",S53="Manual"),"25%",""))))))
H54: La vivienda no cumple con las expectativas de los beneficiarios. | Q54: =IF(OR(R54="Preventivo",R54="Detectivo"),"Probabilidad",IF(R54="Correctivo","Impacto","")) | T54: =IF(AND(R54="Preventivo",S54="Automático"),"50%",IF(AND(R54="Preventivo",S54="Manual"),"40%",IF(AND(R54="Detectivo",S54="Automático"),"40%",IF(AND(R54="Detectivo",S54="Manual"),"30%",IF(AND(R54="Correctivo",S54="Automático"),"35%",IF(AND(R54="Correctivo",S54="Manual"),"25%",""))))))
A55: GS18 | B55: Lograr que el 100% de los hogares con vivienda de reposición identificada cuenten con acompañamiento social en las siguientes etapas: asignación del Subsidio Distrital de Vivienda, escrituración, registro, pago del SDV y entrega de la vivienda. Lo anterior, durante la vigencia de los Convenios/Contratos Interadministrativos. | C55: Acompañamiento social a la población sujeto de reasentamiento por obra pública | D55: Posibilidad de afectación económica y reputacional del Instituto | E55: reflejada en: - Sanciones pecuniarias por el incumplimiento del Convenio / Contrato Interadministrativo - PQRSD por parte de los benficiarios del SDV. - Requerimientos por parte de la entidad contratante | F55: debido al incumplimiento de las actividades de acompañamiento social para la totalidad de los hogares con vivienda de reposición identificada durante la vigencia de los contratos interadministrativos. | G55: Posibilidad de afectación económica y reputacional del Instituto reflejada en sanciones pecuniarias por el incumplimiento del Convenio / Contrato Interadministrativo, PQRSD por parte de los benficiarios del SDV asi como requerimientos por parte de la entidad contratante. Lo anterior, debido al incumplimiento de las actividades de acompañamiento social para la totalidad de los hogares con vivienda de reposición identificada durante la vigencia de los contratos interadministrativos. | H55: Demoras en la contratación del personal requerido, consecuencia del trámite de devolución de los recursos del balance por concepto de convenios, por el cambio de cada vigencia. | I55: Gestión | J55: Media | K55: =IF(J55="","",IF(J55="Muy Baja",0.2,IF(J55="Baja",0.4,IF(J55="Media",0.6,IF(J55="Alta",0.8,IF(J55="Muy Alta",1,)))))) -> 0.6 | L55: Mayor | M55: =IF(L55="","",IF(L55="Leve",0.2,IF(L55="Menor",0.4,IF(L55="Moderado",0.6,IF(L55="Mayor",0.8,IF(L55="Catastrófico",1,)))))) -> 0.8 | N55: =IF(OR(AND(J55="Muy Baja",L55="Leve"),AND(J55="Muy Baja",L55="Menor"),AND(J55="Baja",L55="Leve")),"Bajo",IF(OR(AND(J55="Muy baja",L55="Moderado"),AND(J55="Baja",L55="Menor"),AND(J55="Baja",L55="Moderado"),AND(J55="Media",L55="Leve"),AND(J55="Media",L55="Menor"),AND(J55="Media",L55="Moderado"),AND(J55="Alta",L55="Leve"),AND(J55="Alta",L55="Menor")),"Moderado",IF(OR(AND(J55="Muy Baja",L55="Mayor"),AND(J55="Baja",L55="Mayor"),AND(J55="Media",L55="Mayor"),AND(J55="Alta",L55="Moderado"),AND(J55="Alta",L55="Mayor"),AND(J55="Muy Alta",L55="Leve"),AND(J55="Muy Alta",L55="Menor"),AND(J55="Muy Alta",L55="Moderado"),AND(J55="Muy Alta",L55="Mayor")),"Alto",IF(OR(AND(J55="Muy Baja",L55="Catastrófico"),AND(J55="Baja",L55="Catastrófico"),AND(J55="Media",L55="Catastrófico"),AND(J55="Alta",L55="Catastrófico"),AND(J55="Muy Alta",L55="Catastrófico")),"Extremo","")))) -> Alto | O55: 1 | P55: La Subdirección Administrativa y Financiera establece los lineamientos con el fin de que la entidad cumpla oportunamente con el cierre financiero y de esta manera realizar la rápida gestión y devolución de los recursos del balance al Distrito para que este a su vez transfiera los recursos del contrato / convenio interadministrativo para la contratación oportuna del personal requerido. | Q55: =IF(OR(R55="Preventivo",R55="Detectivo"),"Probabilidad",IF(R55="Correctivo","Impacto","")) -> Probabilidad | R55: Preventivo | S55: Manual | T55: =IF(AND(R55="Preventivo",S55="Automático"),"50%",IF(AND(R55="Preventivo",S55="Manual"),"40%",IF(AND(R55="Detectivo",S55="Automático"),"40%",IF(AND(R55="Detectivo",S55="Manual"),"30%",IF(AND(R55="Correctivo",S55="Automático"),"35%",IF(AND(R55="Correctivo",S55="Manual"),"25%","")))))) -> 40% | U55: Sin Documentar | V55: Aleatoria | W55: Con Registro | X55: Decreto de asignación de recursos del balance con los rubros correspondiente a afectar Contratos de prestación de servicios suscritos | Y55: =IFERROR(IF(Q55="Probabilidad",(K55-(+K55*T55)),IF(Q55="Impacto",K55,"")),"") -> 0.36 | Z55: =IFERROR(IF(Y55="","",IF(Y55<=0.2,"Muy Baja",IF(Y55<=0.4,"Baja",IF(Y55<=0.6,"Media",IF(Y55<=0.8,"Alta","Muy Alta"))))),"") -> Baja | AA55: =+Y55 -> 0.36 | AB55: =IFERROR(IF(AC55="","",IF(AC55<=0.2,"Leve",IF(AC55<=0.4,"Menor",IF(AC55<=0.6,"Moderado",IF(AC55<=0.8,"Mayor","Catastrófico"))))),"") -> Mayor | AC55: =IFERROR(IF(Q55="Impacto",(M55-(+M55*T55)),IF(Q55="Probabilidad",M55,"")),"") -> 0.8 | AD55: =IFERROR(IF(AE55=0,"",IF(AND(AE55>0,AE55<=0.2),"Muy Baja",IF(AE55<=0.4,"Baja",IF(AE55<=0.6,"Media",IF(AE55<=0.8,"Alta","Muy Alta"))))),"") -> Muy Baja | AE55: =MIN(Y55:Y59) -> 0.1296 | AF55: =IFERROR(IF(AG55=0,"",IF(AND(AG55>0,AG55<=0.2),"Leve",IF(AG55<=0.4,"Menor",IF(AG55<=0.6,"Moderado",IF(AG55<=0.8,"Mayor","Catastrófico"))))),"") -> Moderado | AG55: =MIN(AC55:AC59) -> 0.6 | AH55: =IFERROR(IF(OR(AND(AD55="Muy Baja",AF55="Leve"),AND(AD55="Muy Baja",AF55="Menor"),AND(AD55="Baja",AF55="Leve")),"Bajo",IF(OR(AND(AD55="Muy Baja",AF55="Moderado"),AND(AD55="Baja",AF55="Menor"),AND(AD55="Baja",AF55="Moderado"),AND(AD55="Media",AF55="Leve"),AND(AD55="Media",AF55="Menor"),AND(AD55="Media",AF55="Moderado"),AND(AD55="Alta",AF55="Leve"),AND(AD55="Alta",AF55="Menor")),"Moderado",IF(OR(AND(AD55="Muy Baja",AF55="Mayor"),AND(AD55="Baja",AF55="Mayor"),AND(AD55="Media",AF55="Mayor"),AND(AD55="Alta",AF55="Moderado"),AND(AD55="Alta",AF55="Mayor"),AND(AD55="Muy Alta",AF55="Leve"),AND(AD55="Muy Alta",AF55="Menor"),AND(AD55="Muy Alta",AF55="Moderado"),AND(AD55="Muy Alta",AF55="Mayor")),"Alto",IF(OR(AND(AD55="Muy Baja",AF55="Catastrófico"),AND(AD55="Baja",AF55="Catastrófico"),AND(AD55="Media",AF55="Catastrófico"),AND(AD55="Alta",AF55="Catastrófico"),AND(AD55="Muy Alta",AF55="Catastrófico")),"Extremo","")))),"") -> Moderado | AJ55: Evaluar la posibilidad de constituir vigencias futuras o reservas presupuestales para garantizar que los contratos interadministrativos de obra pública cuenten con recurso durante los primeros meses del año, toda vez que por su naturaleza estos requieren ejecutarse en más de una vigencia fiscal. Junio de 2025. | AK55: El riesgo y sus causas continúan vigentes de acuerdo al contexto? (Ver Columnas F y H): Sigue vigente el riesgo y sus causas, ya que se cuenta con un equipo de profesionales sociales, jurídico, financiero y técnico para el desarrollo del trabajo, y se tiene tres convenios vigentes con el Distrito de Medellin y el Metro, y tres convenios en proceso de liquidación con la EDU, durante el trimestre se trabajó en los informes de ejecución y de supervisión mensuales correspondientes al Convenio METRO No. 121 (METRO DE LA 80), y los Contratos No.4600082068 (PROYECTOS DEL NORTE) y No. 4600072984 (CONEXIÓN VIAL NORTE). Se materializó el Riesgo? (Evento Potencial Principal. Columna F): No se materializó, ya que se realizó el acompañamiento social en el marco de lo definido en cada convenio o contrato interadministrativo, no se tuvo requerimientos de dichas entidades, ni de los beneficiarios. Se materializaron las causas? (Eventos Potenciales Intermedios. Columna H): No se materializan los eventos potenciales intermedios ya que ya que se cuenta con un equipo idóneo de profesionales sociales, jurídico, financiero y técnico para el desarrollo del acompañamiento social a los hogares sujetos de reasentamiento o en proceso, No hubo suspensiones de ningún contrato. Se actuó en el marco del manual de contratación de la entidad, y se garantizó desde los estudios previos y verificación de idoneidad y experiencia la competencia de los profesionales contratados. Los Controles están bien diseñados, se aplican conforme al diseño y son efectivos? (Ver controles en la columna P / Concluir frente a cada control): si los controles están bien definidos. Que acciones propones o se están llevando a cabo para gestionar los riesgos y las causas que se materializaron? (Si no aplica colocar NA) N.A. Que acciones propones o se están llevando a cabo para fortalecer los controles? (Revisa también si se establecieron acciones en la columna AJ) Acompañamiento social y desarrollar correctamente la contratación contando con el personal idóneo a tiempo. | AL55: "Link de acompañamiento a población de obra publica. https://isvimedgovco.sharepoint.com/:f:/s/8Poblacional/EowdgWJBD09JqnLlXMYysZUBpWJ-Z1af3ef1TWEwFnnWmQ?e=1qGZif Actividades Externas Enero https://isvimedgovco.sharepoint.com/:x:/s/8Poblacional/IQAv-t7kxF64TbTAykUEYDv5ASD_8yC6zgHhZ3GhEYFnHQg?e=gqJxWt Actividades Externas Febrero https://isvimedgovco.sharepoint.com/:x:/s/8Poblacional/IQDrjuQXWo49S7KrXYSKtVjsAeuQ5Qpmjq88jfI97KqudeQ?e=QhHVLK Actividades Externas Marzo https://isvimedgovco.sharepoint.com/:x:/s/8Poblacional/IQAlKYdALz_OTqPEqeG57anmAVqC6QAthsSPQU3SDYdiVJ0?e=S3pylA | AM55: Se materializó el Riesgo? (Ver evento potencial principal en Columna F. Relacionar detalles de la materialización - que, como, cuando, donde): No se materializó, ya que se realizó el acompañamiento social en el marco de lo definido en cada convenio o contrato interadministrativo, no se tuvo requerimientos de dichas entidades, ni de los beneficiarios. Los Controles están bien diseñados, se aplican de acuerdo al diseño y son efectivos? (Ver controles en la columna P / Concluir frente a cada control) La profesional que lidera la linea de acompa;amiento social en obra publica, Que acciones propones o se están llevando a cabo para gestionar el riesgo que se materializó? (Si no aplica colocar N/A) N/A. Que acciones propones o se están llevando a cabo para fortalecer los controles? (En el caso de que tener Acciones de mejora / Acciones correctivas en proceso, relacionar el avance. Si tienes acciones específicas a desarrollar en la columna AJ, también relacionar el avance) Continuar con la ejecucón de las acciones y actividades de los convenios vigentes. | AN55: Plan Tactico https://isvimedgovco.sharepoint.com/:x:/s/8Poblacional/IQCMBfB2KkX7S6crQLgmrrEZAX-Z1ZmEoAT0wmHtPuEK-aE?e=DMEplg Actividades de acompa;amiento Abril https://isvimedgovco.sharepoint.com/:x:/s/8Poblacional/IQD1Xl8dRNeuQojvcrGi7O5eAXLiMAQ8nMaAYPoWH_ddFU4?e=PEqGEJ Mayo https://isvimedgovco.sharepoint.com/:x:/s/8Poblacional/IQAkSSLOhV-FTZF-y5HBwVG5AbWsJmW57w8HnpvCiPP7Jkg?e=oEInnD Junio https://isvimedgovco.sharepoint.com/:x:/s/8Poblacional/IQAkSSLOhV-FTZF-y5HBwVG5AbWsJmW57w8HnpvCiPP7Jkg?e=oEInnD | AO55: Se materializó el Riesgo? (Ver evento potencial principal en Columna F. Relacionar detalles de la materialización - que, como, cuando, donde): Los Controles están bien diseñados, se aplican de acuerdo al diseño y son efectivos? (Ver controles en la columna P / Concluir frente a cada control) Que acciones propones o se están llevando a cabo para gestionar el riesgo que se materializó? (Si no aplica colocar N/A) Que acciones propones o se están llevando a cabo para fortalecer los controles? (En el caso de que tener Acciones de mejora / Acciones correctivas en proceso, relacionar el avance. Si tienes acciones específicas a desarrollar en la columna AJ, también relacionar el avance) | AQ55: Se materializó el Riesgo? (Ver evento potencial principal en Columna F. Relacionar detalles de la materialización - que, como, cuando, donde): Los Controles están bien diseñados, se aplican de acuerdo al diseño y son efectivos? (Ver controles en la columna P / Concluir frente a cada control) Que acciones propones o se están llevando a cabo para gestionar el riesgo que se materializó? (Si no aplica colocar N/A) Que acciones propones o se están llevando a cabo para fortalecer los controles? (En el caso de que tener Acciones de mejora / Acciones correctivas en proceso, relacionar el avance. Si tienes acciones específicas a desarrollar en la columna AJ, también relacionar el avance)
H56: Falta de competencia del personal contratado. | O56: 2 | P56: El profesional lider de la línea de reasentamiento por obra pública define los requerimientos de idoneidad y experiencia en el estudio previo correspondiente a cada contratación y los valida generando el certificado de idoneidad y experiencia. Asi mismo de manera semestral evalua el desempeño de los contratistas para lo cual diligencia el formato correspondiente. Documentado en: M-GJ-01_MANUAL_DE_CONTRATACION | Q56: =IF(OR(R56="Preventivo",R56="Detectivo"),"Probabilidad",IF(R56="Correctivo","Impacto","")) -> Probabilidad | R56: Preventivo | S56: Manual | T56: =IF(AND(R56="Preventivo",S56="Automático"),"50%",IF(AND(R56="Preventivo",S56="Manual"),"40%",IF(AND(R56="Detectivo",S56="Automático"),"40%",IF(AND(R56="Detectivo",S56="Manual"),"30%",IF(AND(R56="Correctivo",S56="Automático"),"35%",IF(AND(R56="Correctivo",S56="Manual"),"25%","")))))) -> 40% | U56: Documentado | V56: Aleatoria | W56: Con Registro | X56: Estudio previos de cada contratación Certificado de Idoneidad y experiencia, F-GJ-94 Evaluación de proveedores | Y56: =IFERROR(IF(AND(Q55="Probabilidad",Q56="Probabilidad"),(AA55-(+AA55*T56)),IF(Q56="Probabilidad",(K55-(+K55*T56)),IF(Q56="Impacto",AA55,""))),"") -> 0.216 | Z56: =IFERROR(IF(Y56="","",IF(Y56<=0.2,"Muy Baja",IF(Y56<=0.4,"Baja",IF(Y56<=0.6,"Media",IF(Y56<=0.8,"Alta","Muy Alta"))))),"") -> Baja | AA56: =+Y56 -> 0.216 | AB56: =IFERROR(IF(AC56="","",IF(AC56<=0.2,"Leve",IF(AC56<=0.4,"Menor",IF(AC56<=0.6,"Moderado",IF(AC56<=0.8,"Mayor","Catastrófico"))))),"") -> Mayor | AC56: =IFERROR(IF(AND(Q55="Impacto",Q56="Impacto"),(AC55-(+AC55*T56)),IF(Q56="Impacto",(#REF!-(+#REF!*T56)),IF(Q56="Probabilidad",AC55,""))),"") -> 0.8
